Workbook

Sheet Supplier Instructions
B2: Supplier Instructions
B5: Tab Descriptions
B6: Total Estimated Charges
B7: This form specifies the Charges to VITA, and the estimated consumption, for the Resource Units
B9: Charges by Cost Type
B10: The Supplier should use this tab to provide the cost break-down of the Charges, by expense type (e.g. Labor, Hardware, Software, etc.). These amounts are for informational purposes only and will help the Commonwealth understand the Supplier solution.
B12: Monthly Unit Rates
B13: Supplier must specify the Monthly Unit Rates for the Resource Units proposed by Supplier.
B15: Estimated Volumes
B16: Supplier input is required for the RU structure of this RFP, therefore, no Estimated Volumes by RU will be provided initially by VITA. Supplier should refer to Exhibit 4.1.1 (Current Consumption) for the current volumes consumed by VITA and use such volumes to populate the Estimated Volumes for its proposed RU Structure. No organic growth, or reduction should be assumed.
B18: HSC
B19: This form should be populated according to the proposed Server refresh schedule and is meant to provide visibility into the Hardware Charges for Server & Storage non-infrastructure equipment.
... B40: Supplier should use this form to provide a list of available Resource Types for FTE Services and the applicable hourly rates, inclusive of travel. These Resource Types will be available for Solution Services (projects) in accordance with Section 4 of Exhibit 4.0 (Pricing and Financial Provisions).

Sheet Title Page
C4: VA-180815-UC | N4: Exhibit 4.1: Pricing and Volumes Matrix
C14: Exhibit 4.1 (Pricing and Volumes Matrix) - FC20241025 VA-180815-UC
C25: COMMONWEALTH OF VIRGINIA VIRGINIA IT AGENCY (VITA) SUPPLIER STRATEGY AND PERFORMANCE DIVISION 7325 BEAUFONT SPRINGS DRIVE RICHMOND, VIRGINIA 23225

Sheet 1- Total Estimated Charges
B1: VA-180815-UC - FC20241025
A2: Total Estimated Charges (Annual Amounts in $)
B4: Resource Description | F4: Contract Year 1 | G4: Contract Year 2 | H4: Contract Year 3 | I4: Contract Year 4 | J4: Contract Year 5 | K4: Contract Year 6 | L4: 6 Year Total | N4: Contract Year 7 | O4: Contract Year 8 | P4: 8 Year Total | R4: Contract Year 9 | S4: Contract Year 10 | T4: 10 Year Total
B5: CROSS FUNCTIONAL
C6: Cross Functional Services
D7: Account Management | F7: ='2 - Monthly Unit Rates'!F7*'3 - Estimated Volumes'!F8*12 -> 3655886 | G7: ='2 - Monthly Unit Rates'!G7*'3 - Estimated Volumes'!G8*12 -> 3359799.1 | H7: ='2 - Monthly Unit Rates'!H7*'3 - Estimated Volumes'!H8*12 -> 3397181.2 | I7: ='2 - Monthly Unit Rates'!I7*'3 - Estimated Volumes'!I8*12 -> 3488905.1 | J7: ='2 - Monthly Unit Rates'!J7*'3 - Estimated Volumes'!J8*12 -> 3583105.5 | K7: ='2 - Monthly Unit Rates'!K7*'3 - Estimated Volumes'!K8*12 -> 3679847.2 | L7: =SUM(F7:K7) -> 21164724 | N7: 3939696 | O7: 3939696 | P7: =SUM(L7:O7) -> 29044116 | R7: 3939696 | S7: 3939696 | T7: =SUM(P7:S7) -> 36923508
D8: Subtotal | F8: =SUBTOTAL(9,F7:F7) -> 3655886 | G8: =SUBTOTAL(9,G7:G7) -> 3359799.1 | H8: =SUBTOTAL(9,H7:H7) -> 3397181.2 | I8: =SUBTOTAL(9,I7:I7) -> 3488905.1 | J8: =SUBTOTAL(9,J7:J7) -> 3583105.5 | K8: =SUBTOTAL(9,K7:K7) -> 3679847.2 | L8: =SUBTOTAL(9,L7:L7) -> 21164724 | N8: =SUBTOTAL(9,N7:N7) -> 3939696 | O8: =SUBTOTAL(9,O7:O7) -> 3939696 | P8: =SUBTOTAL(9,P7:P7) -> 29044116 | R8: =SUBTOTAL(9,R7:R7) -> 3939696 | S8: =SUBTOTAL(9,S7:S7) -> 3939696 | T8: =SUBTOTAL(9,T7:T7) -> 36923508
B10: SERVER & STORAGE
C11: Hardware Charge
C12: Hardware Services Charge
D13: Hardware Service Charge (HSC) - Host of Remote VM (Linux or Windows) | F13: 20187.156 | G13: 40374.311 | H13: 55055.879 | I13: 69737.446 | J13: 84419.014 | K13: 78913.426 | L13: =SUM(F13:K13) -> 348687.23 | N13: 0 | O13: 0 | P13: =SUM(L13:O13) -> 348687.23 | R13: 0 | S13: 0 | T13: =SUM(P13:S13) -> 348687.23
D14: Hardware Service Charge (HSC) - Host of Unix VM | F14: 0 | G14: 636036.52 | H14: 636036.52 | I14: 636036.52 | J14: 636036.52 | K14: 636036.52 | L14: =SUM(F14:K14) -> 3180182.6 | P14: =SUM(L14:O14) -> 3180182.6 | R14: 0 | S14: 0 | T14: =SUM(P14:S14) -> 3180182.6
D15: Hardware Service Charge (HSC) - Physical x86 | F15: 628148.48 | G15: 1205999 | H15: 1554673.3 | I15: 1872078.8 | J15: 2181681.1 | K15: 1830385.9 | L15: =SUM(F15:K15) -> 9272966.5 | N15: 0 | O15: 0 | P15: =SUM(L15:O15) -> 9272966.5 | R15: 0 | S15: 0 | T15: =SUM(P15:S15) -> 9272966.5
D16: Hardware Service Charge (HSC) - Physical Unix Servers | F16: 0 | G16: 407160.48 | H16: 407160.48 | I16: 407160.48 | J16: 407160.48 | K16: 407160.48 | L16: =SUM(F16:K16) -> 2035802.4 | P16: =SUM(L16:O16) -> 2035802.4 | R16: 0 | S16: 0 | T16: =SUM(P16:S16) -> 2035802.4
D17: Hardware Service Charge (HSC) - Remote NAS & SAN | F17: 38053.473 | G17: 289099.81 | H17: 348264.5 | I17: 386317.97 | J17: 386317.97 | K17: 348264.5 | L17: =SUM(F17:K17) -> 1796318.2 | N17: 0 | O17: 0 | P17: =SUM(L17:O17) -> 1796318.2 | R17: 0 | S17: 0 | T17: =SUM(P17:S17) -> 1796318.2
D18: Hardware Service Charge (HSC) - Existing Hardware Asset Maintenance | F18: 913043.48 | G18: 365217.39 | H18: 91304.348 | L18: =SUM(F18:K18) -> 1369565.2 | P18: =SUM(L18:O18) -> 1369565.2 | R18: 0 | S18: 0 | T18: =SUM(P18:S18) -> 1369565.2
L19: 0 | P19: =SUM(L19:O19) -> 0 | R19: 0 | S19: 0 | T19: =SUM(P19:S19) -> 0
D20: Subtotal | F20: =SUBTOTAL(9,F13:F18) -> 1599432.6 | G20: =SUBTOTAL(9,G13:G18) -> 2943887.5 | H20: =SUBTOTAL(9,H13:H18) -> 3092495 | I20: =SUBTOTAL(9,I13:I18) -> 3371331.2 | J20: =SUBTOTAL(9,J13:J18) -> 3695615.1 | K20: =SUBTOTAL(9,K13:K18) -> 3300760.8 | L20: =SUBTOTAL(9,L13:L18) -> 18003522 | N20: =SUBTOTAL(9,N13:N18) -> 0 | O20: =SUBTOTAL(9,O13:O18) -> 0 | P20: =SUBTOTAL(9,P13:P18) -> 18003522 | R20: =SUBTOTAL(9,R13:R18) -> 0 | S20: =SUBTOTAL(9,S13:S18) -> 0 | T20: =SUBTOTAL(9,T13:T18) -> 18003522
C22: Private Cloud Hardware Allocation (Central DC)
D23: Virtual Cores | F23: ='2 - Monthly Unit Rates'!F23*'3 - Estimated Volumes'!F24*12 -> 108799.2 | G23: ='2 - Monthly Unit Rates'!G23*'3 - Estimated Volumes'!G24*12 -> 118867.2 | H23: ='2 - Monthly Unit Rates'!H23*'3 - Estimated Volumes'!H24*12 -> 125369.83 | I23: ='2 - Monthly Unit Rates'!I23*'3 - Estimated Volumes'!I24*12 -> 130694.57 | J23: ='2 - Monthly Unit Rates'!J23*'3 - Estimated Volumes'!J24*12 -> 134988.63 | K23: ='2 - Monthly Unit Rates'!K23*'3 - Estimated Volumes'!K24*12 -> 141205.78 | L23: =SUM(F23:K23) -> 759925.22 | N23: 141205.78 | O23: 141205.78 | P23: =SUM(L23:O23) -> 1042336.8 | R23: 141205.78 | S23: 141205.78 | T23: =SUM(P23:S23) -> 1324748.3
D24: Virtual Memory | F24: ='2 - Monthly Unit Rates'!F24*'3 - Estimated Volumes'!F25*12 -> 257954.4 | G24: ='2 - Monthly Unit Rates'!G24*'3 - Estimated Volumes'!G25*12 -> 275674.08 | H24: ='2 - Monthly Unit Rates'!H24*'3 - Estimated Volumes'!H25*12 -> 285789.36 | I24: ='2 - Monthly Unit Rates'!I24*'3 - Estimated Volumes'!I25*12 -> 293858.13 | J24: ='2 - Monthly Unit Rates'!J24*'3 - Estimated Volumes'!J25*12 -> 300138.96 | K24: ='2 - Monthly Unit Rates'!K24*'3 - Estimated Volumes'!K25*12 -> 311081.14 | L24: =SUM(F24:K24) -> 1724496.1 | N24: 311081.14 | O24: 311081.14 | P24: =SUM(L24:O24) -> 2346658.4 | R24: 311081.14 | S24: 311081.14 | T24: =SUM(P24:S24) -> 2968820.6
D25: Subtotal | F25: =SUBTOTAL(9,F23:F24) -> 366753.6 | G25: =SUBTOTAL(9,G23:G24) -> 394541.28 | H25: =SUBTOTAL(9,H23:H24) -> 411159.19 | I25: =SUBTOTAL(9,I23:I24) -> 424552.71 | J25: =SUBTOTAL(9,J23:J24) -> 435127.59 | K25: =SUBTOTAL(9,K23:K24) -> 452286.92 | L25: =SUBTOTAL(9,L23:L24) -> 2484421.3 | N25: =SUBTOTAL(9,N23:N24) -> 452286.92 | O25: =SUBTOTAL(9,O23:O24) -> 452286.92 | P25: =SUBTOTAL(9,P23:P24) -> 3388995.1 | R25: =SUBTOTAL(9,R23:R24) -> 452286.92 | S25: =SUBTOTAL(9,S23:S24) -> 452286.92 | T25: =SUBTOTAL(9,T23:T24) -> 4293569
C27: Software Charges
C28: Software Services Charge
D29: Linux | F29: 766920 | G29: 766920 | H29: 766920 | I29: ='2 - Monthly Unit Rates'!I29*'3 - Estimated Volumes'!I30*12 -> 766920 | J29: ='2 - Monthly Unit Rates'!J29*'3 - Estimated Volumes'!J30*12 -> 766920 | K29: ='2 - Monthly Unit Rates'!K29*'3 - Estimated Volumes'!K30*12 -> 766920 | L29: =SUM(F29:K29) -> 4601520 | N29: 766920 | O29: 766920 | P29: =SUM(L29:O29) -> 6135360 | R29: 766920 | S29: 766920 | T29: =SUM(P29:S29) -> 7669200
D30: Windows | F30: 0 | G30: 0 | H30: 0 | I30: ='2 - Monthly Unit Rates'!I30*'3 - Estimated Volumes'!I31*12 -> 0 | J30: ='2 - Monthly Unit Rates'!J30*'3 - Estimated Volumes'!J31*12 -> 0 | K30: ='2 - Monthly Unit Rates'!K30*'3 - Estimated Volumes'!K31*12 -> 0 | L30: =SUM(F30:K30) -> 0 | N30: 0 | O30: 0 | P30: =SUM(L30:O30) -> 0 | R30: 0 | S30: 0 | T30: =SUM(P30:S30) -> 0
D31: AIX | F31: 0 | G31: 0 | H31: 0 | I31: ='2 - Monthly Unit Rates'!I31*'3 - Estimated Volumes'!I32*12 -> 0 | J31: ='2 - Monthly Unit Rates'!J31*'3 - Estimated Volumes'!J32*12 -> 0 | K31: ='2 - Monthly Unit Rates'!K31*'3 - Estimated Volumes'!K32*12 -> 0 | L31: =SUM(F31:K31) -> 0 | N31: 0 | O31: 0 | P31: =SUM(L31:O31) -> 0 | R31: 0 | S31: 0 | T31: =SUM(P31:S31) -> 0
D32: HP-UX | F32: 34705.882 | G32: 34705.882 | H32: 34705.882 | I32: ='2 - Monthly Unit Rates'!I32*'3 - Estimated Volumes'!I33*12 -> 34705.882 | J32: ='2 - Monthly Unit Rates'!J32*'3 - Estimated Volumes'!J33*12 -> 34705.882 | K32: ='2 - Monthly Unit Rates'!K32*'3 - Estimated Volumes'!K33*12 -> 34705.882 | L32: =SUM(F32:K32) -> 208235.29 | N32: 34705.882 | O32: 34705.882 | P32: =SUM(L32:O32) -> 277647.06 | R32: 34705.882 | S32: 34705.882 | T32: =SUM(P32:S32) -> 347058.82
D33: Solaris | F33: 676588.24 | G33: 609882.35 | H33: 552705.88 | I33: ='2 - Monthly Unit Rates'!I33*'3 - Estimated Volumes'!I34*12 -> 495529.41 | J33: ='2 - Monthly Unit Rates'!J33*'3 - Estimated Volumes'!J34*12 -> 447882.35 | K33: ='2 - Monthly Unit Rates'!K33*'3 - Estimated Volumes'!K34*12 -> 400235.29 | L33: =SUM(F33:K33) -> 3182823.5 | N33: 400235.29 | O33: 400235.29 | P33: =SUM(L33:O33) -> 3983294.1 | R33: 400235.29 | S33: 400235.29 | T33: =SUM(P33:S33) -> 4783764.7
D34: Subtotal | F34: =SUBTOTAL(9,F29:F33) -> 1478214.1 | G34: =SUBTOTAL(9,G29:G33) -> 1411508.2 | H34: =SUBTOTAL(9,H29:H33) -> 1354331.8 | I34: =SUBTOTAL(9,I29:I33) -> 1297155.3 | J34: =SUBTOTAL(9,J29:J33) -> 1249508.2 | K34: =SUBTOTAL(9,K29:K33) -> 1201861.2 | L34: =SUBTOTAL(9,L29:L33) -> 7992578.8 | N34: =SUBTOTAL(9,N29:N33) -> 1201861.2 | O34: =SUBTOTAL(9,O29:O33) -> 1201861.2 | P34: =SUBTOTAL(9,P29:P33) -> 10396301 | R34: =SUBTOTAL(9,R29:R33) -> 1201861.2 | S34: =SUBTOTAL(9,S29:S33) -> 1201861.2 | T34: =SUBTOTAL(9,T29:T33) -> 12800024
C36: Server Support Charges
C37: Server Support Services - Physical (Primary DC)
D38: Windows Server – Tier 1 | F38: 0 | G38: 0 | H38: 0 | I38: ='2 - Monthly Unit Rates'!I38*'3 - Estimated Volumes'!I39*12 -> 0 | J38: ='2 - Monthly Unit Rates'!J38*'3 - Estimated Volumes'!J39*12 -> 0 | K38: ='2 - Monthly Unit Rates'!K38*'3 - Estimated Volumes'!K39*12 -> 0 | L38: =SUM(F38:K38) -> 0 | N38: 0 | O38: 0 | P38: =SUM(L38:O38) -> 0 | R38: 0 | S38: 0 | T38: =SUM(P38:S38) -> 0
D39: Windows Server – Tier 1 Cluster | F39: 0 | G39: 0 | H39: 0 | I39: ='2 - Monthly Unit Rates'!I39*'3 - Estimated Volumes'!I40*12 -> 0 | J39: ='2 - Monthly Unit Rates'!J39*'3 - Estimated Volumes'!J40*12 -> 0 | K39: ='2 - Monthly Unit Rates'!K39*'3 - Estimated Volumes'!K40*12 -> 0 | L39: =SUM(F39:K39) -> 0 | N39: 0 | O39: 0 | P39: =SUM(L39:O39) -> 0 | R39: 0 | S39: 0 | T39: =SUM(P39:S39) -> 0
D40: Windows Server – Tier 2 | F40: 0 | G40: 0 | H40: 0 | I40: ='2 - Monthly Unit Rates'!I40*'3 - Estimated Volumes'!I41*12 -> 0 | J40: ='2 - Monthly Unit Rates'!J40*'3 - Estimated Volumes'!J41*12 -> 0 | K40: ='2 - Monthly Unit Rates'!K40*'3 - Estimated Volumes'!K41*12 -> 0 | L40: =SUM(F40:K40) -> 0 | N40: 0 | O40: 0 | P40: =SUM(L40:O40) -> 0 | R40: 0 | S40: 0 | T40: =SUM(P40:S40) -> 0
D41: Windows Server – Tier 3 | F41: 1228800 | G41: 1102286.7 | H41: 982624.02 | I41: ='2 - Monthly Unit Rates'!I41*'3 - Estimated Volumes'!I42*12 -> 889317.73 | J41: ='2 - Monthly Unit Rates'!J41*'3 - Estimated Volumes'!J42*12 -> 804507.09 | K41: ='2 - Monthly Unit Rates'!K41*'3 - Estimated Volumes'!K42*12 -> 743588.85 | L41: =SUM(F41:K41) -> 5751124.4 | N41: 667546.58 | O41: 667546.58 | P41: =SUM(L41:O41) -> 7086217.6 | R41: 667546.58 | S41: 667546.58 | T41: =SUM(P41:S41) -> 8421310.7
D42: Linux Server – Tier 1 | F42: 0 | G42: 0 | H42: 0 | I42: ='2 - Monthly Unit Rates'!I42*'3 - Estimated Volumes'!I43*12 -> 0 | J42: ='2 - Monthly Unit Rates'!J42*'3 - Estimated Volumes'!J43*12 -> 0 | K42: ='2 - Monthly Unit Rates'!K42*'3 - Estimated Volumes'!K43*12 -> 0 | L42: =SUM(F42:K42) -> 0 | N42: 0 | O42: 0 | P42: =SUM(L42:O42) -> 0 | R42: 0 | S42: 0 | T42: =SUM(P42:S42) -> 0
D43: Linux Server – Tier 1 Cluster | F43: 0 | G43: 0 | H43: 0 | I43: ='2 - Monthly Unit Rates'!I43*'3 - Estimated Volumes'!I44*12 -> 0 | J43: ='2 - Monthly Unit Rates'!J43*'3 - Estimated Volumes'!J44*12 -> 0 | K43: ='2 - Monthly Unit Rates'!K43*'3 - Estimated Volumes'!K44*12 -> 0 | L43: =SUM(F43:K43) -> 0 | N43: 0 | O43: 0 | P43: =SUM(L43:O43) -> 0 | R43: 0 | S43: 0 | T43: =SUM(P43:S43) -> 0
D44: Linux Server – Tier 2 | F44: 0 | G44: 0 | H44: 0 | I44: ='2 - Monthly Unit Rates'!I44*'3 - Estimated Volumes'!I45*12 -> 0 | J44: ='2 - Monthly Unit Rates'!J44*'3 - Estimated Volumes'!J45*12 -> 0 | K44: ='2 - Monthly Unit Rates'!K44*'3 - Estimated Volumes'!K45*12 -> 0 | L44: =SUM(F44:K44) -> 0 | N44: 0 | O44: 0 | P44: =SUM(L44:O44) -> 0 | R44: 0 | S44: 0 | T44: =SUM(P44:S44) -> 0
D45: Linux Server – Tier 3 | F45: 981000 | G45: 883591.25 | H45: 791005.14 | I45: ='2 - Monthly Unit Rates'!I45*'3 - Estimated Volumes'!I46*12 -> 719041.32 | J45: ='2 - Monthly Unit Rates'!J45*'3 - Estimated Volumes'!J46*12 -> 653439.98 | K45: ='2 - Monthly Unit Rates'!K45*'3 - Estimated Volumes'!K46*12 -> 603970.79 | L45: =SUM(F45:K45) -> 4632048.5 | N45: 542197.37 | O45: 542197.37 | P45: =SUM(L45:O45) -> 5716443.2 | R45: 542197.37 | S45: 542197.37 | T45: =SUM(P45:S45) -> 6800837.9
D46: UNIX | F46: 142800 | G46: 121851.42 | H46: 105733.02 | I46: ='2 - Monthly Unit Rates'!I46*'3 - Estimated Volumes'!I47*12 -> 91251.765 | J46: ='2 - Monthly Unit Rates'!J46*'3 - Estimated Volumes'!J47*12 -> 81636.668 | K46: ='2 - Monthly Unit Rates'!K46*'3 - Estimated Volumes'!K47*12 -> 73360.56 | L46: =SUM(F46:K46) -> 616633.43 | N46: 65857.087 | O46: 65857.087 | P46: =SUM(L46:O46) -> 748347.61 | R46: 65857.087 | S46: 65857.087 | T46: =SUM(P46:S46) -> 880061.78
D47: Appliance – Tier 1 | F47: 0 | G47: 0 | H47: 0 | I47: ='2 - Monthly Unit Rates'!I47*'3 - Estimated Volumes'!I48*12 -> 0 | J47: ='2 - Monthly Unit Rates'!J47*'3 - Estimated Volumes'!J48*12 -> 0 | K47: ='2 - Monthly Unit Rates'!K47*'3 - Estimated Volumes'!K48*12 -> 0 | L47: =SUM(F47:K47) -> 0 | N47: 0 | O47: 0 | P47: =SUM(L47:O47) -> 0 | R47: 0 | S47: 0 | T47: =SUM(P47:S47) -> 0
D48: Appliance – Tier 3 | F48: 4800 | G48: 4881.868 | H48: 4936.1819 | I48: ='2 - Monthly Unit Rates'!I48*'3 - Estimated Volumes'!I49*12 -> 5069.4589 | J48: ='2 - Monthly Unit Rates'!J48*'3 - Estimated Volumes'!J49*12 -> 5206.3342 | K48: ='2 - Monthly Unit Rates'!K48*'3 - Estimated Volumes'!K49*12 -> 5347.2 | L48: =SUM(F48:K48) -> 30241.043 | N48: 4800 | O48: 4800 | P48: =SUM(L48:O48) -> 39841.043 | R48: 4800 | S48: 4800 | T48: =SUM(P48:S48) -> 49441.043
C50: Server Support Services - Virtual (Primary DC)
D51: Windows Server – Tier 1 | F51: 0 | G51: 0 | H51: 0 | I51: ='2 - Monthly Unit Rates'!I51*'3 - Estimated Volumes'!I52*12 -> 0 | J51: ='2 - Monthly Unit Rates'!J51*'3 - Estimated Volumes'!J52*12 -> 0 | K51: ='2 - Monthly Unit Rates'!K51*'3 - Estimated Volumes'!K52*12 -> 0 | L51: =SUM(F51:K51) -> 0 | N51: 0 | O51: 0 | P51: =SUM(L51:O51) -> 0 | R51: 0 | S51: 0 | T51: =SUM(P51:S51) -> 0
D52: Windows Server – Tier 2 | F52: 2177028 | G52: 2269863.6 | H52: 2337983.6 | I52: ='2 - Monthly Unit Rates'!I52*'3 - Estimated Volumes'!I53*12 -> 2432868.8 | J52: ='2 - Monthly Unit Rates'!J52*'3 - Estimated Volumes'!J53*12 -> 2519999.7 | K52: ='2 - Monthly Unit Rates'!K52*'3 - Estimated Volumes'!K53*12 -> 2654064.8 | L52: =SUM(F52:K52) -> 14391808 | N52: 2382580.3 | O52: 2382580.3 | P52: =SUM(L52:O52) -> 19156969 | R52: 2382580.3 | S52: 2382580.3 | T52: =SUM(P52:S52) -> 23922130
D53: Linux Server – Tier 1 | F53: 0 | G53: 0 | H53: 0 | I53: ='2 - Monthly Unit Rates'!I53*'3 - Estimated Volumes'!I54*12 -> 0 | J53: ='2 - Monthly Unit Rates'!J53*'3 - Estimated Volumes'!J54*12 -> 0 | K53: ='2 - Monthly Unit Rates'!K53*'3 - Estimated Volumes'!K54*12 -> 0 | L53: =SUM(F53:K53) -> 0 | N53: 0 | O53: 0 | P53: =SUM(L53:O53) -> 0 | R53: 0 | S53: 0 | T53: =SUM(P53:S53) -> 0
D54: Linux Server – Tier 2 | F54: 517104 | G54: 591806.88 | H54: 655201.52 | I54: ='2 - Monthly Unit Rates'!I54*'3 - Estimated Volumes'!I55*12 -> 722284.58 | J54: ='2 - Monthly Unit Rates'!J54*'3 - Estimated Volumes'!J55*12 -> 784341.91 | K54: ='2 - Monthly Unit Rates'!K54*'3 - Estimated Volumes'!K55*12 -> 856292.99 | L54: =SUM(F54:K54) -> 4127031.9 | N54: 768696.35 | O54: 768696.35 | P54: =SUM(L54:O54) -> 5664424.6 | R54: 768696.35 | S54: 768696.35 | T54: =SUM(P54:S54) -> 7201817.3
D55: UNIX | F55: 312000 | G55: 311219.08 | H55: 308511.37 | I55: ='2 - Monthly Unit Rates'!I55*'3 - Estimated Volumes'!I56*12 -> 0 | J55: ='2 - Monthly Unit Rates'!J55*'3 - Estimated Volumes'!J56*12 -> 0 | K55: ='2 - Monthly Unit Rates'!K55*'3 - Estimated Volumes'!K56*12 -> 0 | L55: =SUM(F55:K55) -> 931730.45 | N55: 0 | O55: 0 | P55: =SUM(L55:O55) -> 931730.45 | R55: 0 | S55: 0 | T55: =SUM(P55:S55) -> 931730.45
D56: Appliance – Tier 1 | F56: 0 | G56: 0 | H56: 0 | I56: ='2 - Monthly Unit Rates'!I56*'3 - Estimated Volumes'!I57*12 -> 0 | J56: ='2 - Monthly Unit Rates'!J56*'3 - Estimated Volumes'!J57*12 -> 0 | K56: ='2 - Monthly Unit Rates'!K56*'3 - Estimated Volumes'!K57*12 -> 0 | L56: =SUM(F56:K56) -> 0 | N56: 0 | O56: 0 | P56: =SUM(L56:O56) -> 0 | R56: 0 | S56: 0 | T56: =SUM(P56:S56) -> 0
D57: Appliance – Tier 2 | F57: 0 | G57: 0 | H57: 0 | I57: ='2 - Monthly Unit Rates'!I57*'3 - Estimated Volumes'!I58*12 -> 0 | J57: ='2 - Monthly Unit Rates'!J57*'3 - Estimated Volumes'!J58*12 -> 0 | K57: ='2 - Monthly Unit Rates'!K57*'3 - Estimated Volumes'!K58*12 -> 0 | L57: =SUM(F57:K57) -> 0 | N57: 0 | O57: 0 | P57: =SUM(L57:O57) -> 0 | R57: 0 | S57: 0 | T57: =SUM(P57:S57) -> 0
C59: Server Support Services - Physical (Agency)
D60: Windows Server – Tier 2 | F60: 0 | G60: 0 | H60: 0 | I60: ='2 - Monthly Unit Rates'!I60*'3 - Estimated Volumes'!I61*12 -> 0 | J60: ='2 - Monthly Unit Rates'!J60*'3 - Estimated Volumes'!J61*12 -> 0 | K60: ='2 - Monthly Unit Rates'!K60*'3 - Estimated Volumes'!K61*12 -> 0 | L60: =SUM(F60:K60) -> 0 | N60: 0 | O60: 0 | P60: =SUM(L60:O60) -> 0 | R60: 0 | S60: 0 | T60: =SUM(P60:S60) -> 0
D61: Windows Server – Tier 3 | F61: 828960 | G61: 827769.53 | H61: 821479.4 | I61: ='2 - Monthly Unit Rates'!I61*'3 - Estimated Volumes'!I62*12 -> 827741.24 | J61: ='2 - Monthly Unit Rates'!J61*'3 - Estimated Volumes'!J62*12 -> 833742.37 | K61: ='2 - Monthly Unit Rates'!K61*'3 - Estimated Volumes'!K62*12 -> 856240.32 | L61: =SUM(F61:K61) -> 4995932.9 | N61: 768672 | O61: 768672 | P61: =SUM(L61:O61) -> 6533276.9 | R61: 768672 | S61: 768672 | T61: =SUM(P61:S61) -> 8070620.9
D62: Linux Server – Tier 2 | F62: 0 | G62: 0 | H62: 0 | I62: ='2 - Monthly Unit Rates'!I62*'3 - Estimated Volumes'!I63*12 -> 0 | J62: ='2 - Monthly Unit Rates'!J62*'3 - Estimated Volumes'!J63*12 -> 0 | K62: ='2 - Monthly Unit Rates'!K62*'3 - Estimated Volumes'!K63*12 -> 0 | L62: =SUM(F62:K62) -> 0 | N62: 0 | O62: 0 | P62: =SUM(L62:O62) -> 0 | R62: 0 | S62: 0 | T62: =SUM(P62:S62) -> 0
D63: Linux Server – Tier 3 | F63: 66000 | G63: 65905.217 | H63: 65404.411 | I63: ='2 - Monthly Unit Rates'!I63*'3 - Estimated Volumes'!I64*12 -> 65902.965 | J63: ='2 - Monthly Unit Rates'!J63*'3 - Estimated Volumes'!J64*12 -> 66380.762 | K63: ='2 - Monthly Unit Rates'!K63*'3 - Estimated Volumes'!K64*12 -> 68172 | L63: =SUM(F63:K63) -> 397765.35 | N63: 61200 | O63: 61200 | P63: =SUM(L63:O63) -> 520165.35 | R63: 61200 | S63: 61200 | T63: =SUM(P63:S63) -> 642565.35
D64: UNIX | F64: 224400 | G64: 223345.46 | H64: 221140.95 | I64: ='2 - Monthly Unit Rates'!I64*'3 - Estimated Volumes'!I65*12 -> 223056.19 | J64: ='2 - Monthly Unit Rates'!J64*'3 - Estimated Volumes'!J65*12 -> 224393.01 | K64: ='2 - Monthly Unit Rates'!K64*'3 - Estimated Volumes'!K65*12 -> 230452.8 | L64: =SUM(F64:K64) -> 1346788.4 | N64: 206880 | O64: 206880 | P64: =SUM(L64:O64) -> 1760548.4 | R64: 206880 | S64: 206880 | T64: =SUM(P64:S64) -> 2174308.4
D65: Appliance – Tier 3 | F65: 5280 | G65: 5370.0548 | H65: 5429.8001 | I65: ='2 - Monthly Unit Rates'!I65*'3 - Estimated Volumes'!I66*12 -> 5576.4047 | J65: ='2 - Monthly Unit Rates'!J65*'3 - Estimated Volumes'!J66*12 -> 5726.9677 | K65: ='2 - Monthly Unit Rates'!K65*'3 - Estimated Volumes'!K66*12 -> 5881.92 | L65: =SUM(F65:K65) -> 33265.147 | N65: 5280 | O65: 5280 | P65: =SUM(L65:O65) -> 43825.147 | R65: 5280 | S65: 5280 | T65: =SUM(P65:S65) -> 54385.147
C67: Server Support Services - Virtual (Agency)
D68: Windows Server – Tier 2 | F68: 330120 | G68: 329343.02 | H68: 326528.44 | I68: ='2 - Monthly Unit Rates'!I68*'3 - Estimated Volumes'!I69*12 -> 273465.62 | J68: ='2 - Monthly Unit Rates'!J68*'3 - Estimated Volumes'!J69*12 -> 276749.2 | K68: ='2 - Monthly Unit Rates'!K68*'3 - Estimated Volumes'!K69*12 -> 284218.2 | L68: =SUM(F68:K68) -> 1820424.5 | N68: 304920 | O68: 304920 | P68: =SUM(L68:O68) -> 2430264.5 | R68: 304920 | S68: 304920 | T68: =SUM(P68:S68) -> 3040104.5
D69: Windows Server – Tier 3 | F69: 0 | G69: 0 | H69: 0 | I69: ='2 - Monthly Unit Rates'!I69*'3 - Estimated Volumes'!I70*12 -> 0 | J69: ='2 - Monthly Unit Rates'!J69*'3 - Estimated Volumes'!J70*12 -> 0 | K69: ='2 - Monthly Unit Rates'!K69*'3 - Estimated Volumes'!K70*12 -> 0 | L69: =SUM(F69:K69) -> 0 | N69: 0 | O69: 0 | P69: =SUM(L69:O69) -> 0 | R69: 0 | S69: 0 | T69: =SUM(P69:S69) -> 0
D70: Linux Server – Tier 2 | F70: 15444 | G70: 15487.726 | H70: 15437.909 | I70: ='2 - Monthly Unit Rates'!I70*'3 - Estimated Volumes'!I71*12 -> 18782.345 | J70: ='2 - Monthly Unit Rates'!J70*'3 - Estimated Volumes'!J71*12 -> 18898.993 | K70: ='2 - Monthly Unit Rates'!K70*'3 - Estimated Volumes'!K71*12 -> 19409.04 | L70: =SUM(F70:K70) -> 103460.01 | N70: 14580 | O70: 14580 | P70: =SUM(L70:O70) -> 132620.01 | R70: 14580 | S70: 14580 | T70: =SUM(P70:S70) -> 161780.01
D71: Linux Server – Tier 3 | F71: 0 | G71: 0 | H71: 0 | I71: ='2 - Monthly Unit Rates'!I71*'3 - Estimated Volumes'!I72*12 -> 0 | J71: ='2 - Monthly Unit Rates'!J71*'3 - Estimated Volumes'!J72*12 -> 0 | K71: ='2 - Monthly Unit Rates'!K71*'3 - Estimated Volumes'!K72*12 -> 0 | L71: =SUM(F71:K71) -> 0 | N71: 0 | O71: 0 | P71: =SUM(L71:O71) -> 0 | R71: 0 | S71: 0 | T71: =SUM(P71:S71) -> 0
D72: UNIX | F72: 0 | G72: 0 | H72: 0 | I72: ='2 - Monthly Unit Rates'!I72*'3 - Estimated Volumes'!I73*12 -> 0 | J72: ='2 - Monthly Unit Rates'!J72*'3 - Estimated Volumes'!J73*12 -> 0 | K72: ='2 - Monthly Unit Rates'!K72*'3 - Estimated Volumes'!K73*12 -> 0 | L72: =SUM(F72:K72) -> 0 | N72: 0 | O72: 0 | P72: =SUM(L72:O72) -> 0 | R72: 0 | S72: 0 | T72: =SUM(P72:S72) -> 0
D73: Appliance – Tier 2 | F73: 0 | G73: 0 | H73: 0 | I73: ='2 - Monthly Unit Rates'!I73*'3 - Estimated Volumes'!I74*12 -> 0 | J73: ='2 - Monthly Unit Rates'!J73*'3 - Estimated Volumes'!J74*12 -> 0 | K73: ='2 - Monthly Unit Rates'!K73*'3 - Estimated Volumes'!K74*12 -> 0 | L73: =SUM(F73:K73) -> 0 | N73: 0 | O73: 0 | P73: =SUM(L73:O73) -> 0 | R73: 0 | S73: 0 | T73: =SUM(P73:S73) -> 0
D74: Appliance – Tier 3 | F74: 0 | G74: 0 | H74: 0 | I74: ='2 - Monthly Unit Rates'!I74*'3 - Estimated Volumes'!I75*12 -> 0 | J74: ='2 - Monthly Unit Rates'!J74*'3 - Estimated Volumes'!J75*12 -> 0 | K74: ='2 - Monthly Unit Rates'!K74*'3 - Estimated Volumes'!K75*12 -> 0 | L74: =SUM(F74:K74) -> 0 | N74: 0 | O74: 0 | P74: =SUM(L74:O74) -> 0 | R74: 0 | S74: 0 | T74: =SUM(P74:S74) -> 0
D75: Subtotal | F75: =SUBTOTAL(9,F38:F74) -> 6833736 | G75: =SUBTOTAL(9,G38:G74) -> 6752721.8 | H75: =SUBTOTAL(9,H38:H74) -> 6641415.7 | I75: =SUBTOTAL(9,I38:I74) -> 6274358.4 | J75: =SUBTOTAL(9,J38:J74) -> 6275023 | K75: =SUBTOTAL(9,K38:K74) -> 6400999.5 | L75: =SUBTOTAL(9,L38:L74) -> 39178254 | N75: =SUBTOTAL(9,N38:N74) -> 5793209.7 | O75: =SUBTOTAL(9,O38:O74) -> 5793209.7 | P75: =SUBTOTAL(9,P38:P74) -> 50764674 | R75: =SUBTOTAL(9,R38:R74) -> 5793209.7 | S75: =SUBTOTAL(9,S38:S74) -> 5793209.7 | T75: =SUBTOTAL(9,T38:T74) -> 62351093
C77: Server Support Services (Misc)
D78: Application / Web Server - Monitoring | F78: 0 | G78: 0 | H78: 0 | I78: ='2 - Monthly Unit Rates'!I78*'3 - Estimated Volumes'!I79*12 -> 0 | J78: ='2 - Monthly Unit Rates'!J78*'3 - Estimated Volumes'!J79*12 -> 0 | K78: ='2 - Monthly Unit Rates'!K78*'3 - Estimated Volumes'!K79*12 -> 0 | L78: 0 | N78: 0 | O78: 0 | P78: =SUM(L78:O78) -> 0 | R78: 0 | S78: 0 | T78: =SUM(P78:S78) -> 0
D79: Subtotal | F79: 0 | G79: 0 | H79: 0 | I79: =SUBTOTAL(9,I78) -> 0 | J79: =SUBTOTAL(9,J78) -> 0 | K79: =SUBTOTAL(9,K78) -> 0 | L79: 0 | N79: 0 | O79: 0 | P79: 0 | R79: 0 | S79: 0 | T79: 0
C81: Virtual Application and Utility Applications
D82: EAPS Instance | F82: 273600 | G82: 278266.47 | H82: 281362.37 | I82: ='2 - Monthly Unit Rates'!I82*'3 - Estimated Volumes'!I83*12 -> 288959.15 | J82: ='2 - Monthly Unit Rates'!J82*'3 - Estimated Volumes'!J83*12 -> 296761.05 | K82: ='2 - Monthly Unit Rates'!K82*'3 - Estimated Volumes'!K83*12 -> 304773.84 | L82: =SUM(F82:K82) -> 1723722.9 | N82: 273600 | O82: 273600 | P82: =SUM(L82:O82) -> 2270922.9 | R82: 273600 | S82: 273600 | T82: =SUM(P82:S82) -> 2818122.9
D83: EAPS End-User | F83: 228960 | G83: 232865.1 | H83: 235455.88 | I83: ='2 - Monthly Unit Rates'!I83*'3 - Estimated Volumes'!I84*12 -> 241813.19 | J83: ='2 - Monthly Unit Rates'!J83*'3 - Estimated Volumes'!J84*12 -> 248342.14 | K83: ='2 - Monthly Unit Rates'!K83*'3 - Estimated Volumes'!K84*12 -> 255036 | L83: =SUM(F83:K83) -> 1442472.3 | N83: 228960 | O83: 228960 | P83: =SUM(L83:O83) -> 1900392.3 | R83: 228960 | S83: 228960 | T83: =SUM(P83:S83) -> 2358312.3
D84: Citrix License | F84: 709140 | G84: 709140 | H84: 709140 | I84: ='2 - Monthly Unit Rates'!I84*'3 - Estimated Volumes'!I85*12 -> 709140 | J84: ='2 - Monthly Unit Rates'!J84*'3 - Estimated Volumes'!J85*12 -> 709140 | K84: ='2 - Monthly Unit Rates'!K84*'3 - Estimated Volumes'!K85*12 -> 709140 | L84: =SUM(F84:K84) -> 4254840 | N84: 709140 | O84: 709140 | P84: =SUM(L84:O84) -> 5673120 | R84: 709140 | S84: 709140 | T84: =SUM(P84:S84) -> 7091400
D85: Subtotal | F85: =SUBTOTAL(9,F82:F84) -> 1211700 | G85: =SUBTOTAL(9,G82:G84) -> 1220271.6 | H85: =SUBTOTAL(9,H82:H84) -> 1225958.2 | I85: =SUBTOTAL(9,I82:I84) -> 1239912.3 | J85: =SUBTOTAL(9,J82:J84) -> 1254243.2 | K85: =SUBTOTAL(9,K82:K84) -> 1268949.8 | L85: =SUBTOTAL(9,L82:L84) -> 7421035.2 | N85: =SUBTOTAL(9,N82:N84) -> 1211700 | O85: =SUBTOTAL(9,O82:O84) -> 1211700 | P85: =SUBTOTAL(9,P82:P84) -> 9844435.2 | R85: =SUBTOTAL(9,R82:R84) -> 1211700 | S85: =SUBTOTAL(9,S82:S84) -> 1211700 | T85: =SUBTOTAL(9,T82:T84) -> 12267835
C87: Storage Services
C88: Storage Services (Central)
D89: Storage SAN - Tier 1 - Central Data Centers | F89: 3381961.7 | G89: 3558411.9 | H89: 3777387.9 | I89: ='2 - Monthly Unit Rates'!I89*'3 - Estimated Volumes'!I90*12 -> 3998814.8 | J89: ='2 - Monthly Unit Rates'!J89*'3 - Estimated Volumes'!J90*12 -> 4444882.6 | K89: ='2 - Monthly Unit Rates'!K89*'3 - Estimated Volumes'!K90*12 -> 4991632 | L89: =SUM(F89:K89) -> 24153091 | N89: 4736246.2 | O89: 4736246.2 | P89: =SUM(L89:O89) -> 33625583 | R89: 4736246.2 | S89: 4736246.2 | T89: =SUM(P89:S89) -> 43098076
D90: Storage SAN/NAS - Tier 2 - Central Data Centers | F90: 3886787.5 | G90: 4061693 | H90: 4279221.3 | I90: ='2 - Monthly Unit Rates'!I90*'3 - Estimated Volumes'!I91*12 -> 4492314.7 | J90: ='2 - Monthly Unit Rates'!J90*'3 - Estimated Volumes'!J91*12 -> 4993432.4 | K90: ='2 - Monthly Unit Rates'!K90*'3 - Estimated Volumes'!K91*12 -> 5523273.7 | L90: =SUM(F90:K90) -> 27236723 | N90: 5320753.6 | O90: 5320753.6 | P90: =SUM(L90:O90) -> 37878230 | R90: 5320753.6 | S90: 5320753.6 | T90: =SUM(P90:S90) -> 48519737
D91: Storage SAN/NAS - Tier 3 - Central Data Centers | F91: 177284.89 | G91: 186281.44 | H91: 194213.59 | I91: ='2 - Monthly Unit Rates'!I91*'3 - Estimated Volumes'!I92*12 -> 201486.24 | J91: ='2 - Monthly Unit Rates'!J91*'3 - Estimated Volumes'!J92*12 -> 223962.03 | K91: ='2 - Monthly Unit Rates'!K91*'3 - Estimated Volumes'!K92*12 -> 250675.24 | L91: =SUM(F91:K91) -> 1233903.4 | N91: 238642.83 | O91: 238642.83 | P91: =SUM(L91:O91) -> 1711189.1 | R91: 238642.83 | S91: 238642.83 | T91: =SUM(P91:S91) -> 2188474.7
D92: Backup of Local Attached Storage - Per GB Protected | F92: 1539990.7 | G92: 1440636.5 | H92: 1356020.5 | I92: ='2 - Monthly Unit Rates'!I92*'3 - Estimated Volumes'!I93*12 -> 1268758 | J92: ='2 - Monthly Unit Rates'!J92*'3 - Estimated Volumes'!J93*12 -> 1282080 | K92: ='2 - Monthly Unit Rates'!K92*'3 - Estimated Volumes'!K93*12 -> 1291605.1 | L92: =SUM(F92:K92) -> 8179090.8 | N92: 1241928 | O92: 1241928 | P92: =SUM(L92:O92) -> 10662947 | R92: 1241928 | S92: 1241928 | T92: =SUM(P92:S92) -> 13146803
D93: Storage SAN/NAS - Tier 2 - Agency Data Centers | F93: 976979.28 | G93: 1027952.1 | H93: 1091209.8 | I93: ='2 - Monthly Unit Rates'!I93*'3 - Estimated Volumes'!I94*12 -> 1155175.5 | J93: ='2 - Monthly Unit Rates'!J93*'3 - Estimated Volumes'!J94*12 -> 1284035.3 | K93: ='2 - Monthly Unit Rates'!K93*'3 - Estimated Volumes'!K94*12 -> 1436614.5 | L93: =SUM(F93:K93) -> 6971966.4 | N93: 1368204.3 | O93: 1368204.3 | P93: =SUM(L93:O93) -> 9708374.9 | R93: 1368204.3 | S93: 1368204.3 | T93: =SUM(P93:S93) -> 12444783
D94: Subtotal | F94: =SUBTOTAL(9,F89:F93) -> 9963004.1 | G94: =SUBTOTAL(9,G89:G93) -> 10274975 | H94: =SUBTOTAL(9,H89:H93) -> 10698053 | I94: =SUBTOTAL(9,I89:I93) -> 11116549 | J94: =SUBTOTAL(9,J89:J93) -> 12228392 | K94: =SUBTOTAL(9,K89:K93) -> 13493801 | L94: =SUBTOTAL(9,L89:L93) -> 67774774 | N94: =SUBTOTAL(9,N89:N93) -> 12905775 | O94: =SUBTOTAL(9,O89:O93) -> 12905775 | P94: =SUBTOTAL(9,P89:P93) -> 93586324 | R94: =SUBTOTAL(9,R89:R93) -> 12905775 | S94: =SUBTOTAL(9,S89:S93) -> 12905775 | T94: =SUBTOTAL(9,T89:T93) -> 1.1939787e+08
C96: Database Services
C97: MS SQL Database Services
D98: Monitoring | F98: 376005.3 | G98: 372673.14 | H98: 367930.46 | I98: ='2 - Monthly Unit Rates'!I98*'3 - Estimated Volumes'!I99*12 -> 367062.14 | J98: ='2 - Monthly Unit Rates'!J98*'3 - Estimated Volumes'!J99*12 -> 373669.26 | K98: ='2 - Monthly Unit Rates'!K98*'3 - Estimated Volumes'!K99*12 -> 380388.36 | L98: =SUM(F98:K98) -> 2237728.7 | N98: 353893.18 | O98: 353893.18 | P98: =SUM(L98:O98) -> 2945515 | R98: 353893.18 | S98: 353893.18 | T98: =SUM(P98:S98) -> 3653301.4
D99: Physical Administration | F99: 455761.68 | G99: 454269.04 | H99: 450131.99 | I99: ='2 - Monthly Unit Rates'!I99*'3 - Estimated Volumes'!I100*12 -> 453039.84 | J99: ='2 - Monthly Unit Rates'!J99*'3 - Estimated Volumes'!J100*12 -> 465271.92 | K99: ='2 - Monthly Unit Rates'!K99*'3 - Estimated Volumes'!K100*12 -> 477830.1 | L99: =SUM(F99:K99) -> 2756304.6 | N99: 428959.25 | O99: 428959.25 | P99: =SUM(L99:O99) -> 3614223.1 | R99: 428959.25 | S99: 428959.25 | T99: =SUM(P99:S99) -> 4472141.6
D100: EDS Service | F100: 19430.4 | G100: 19366.37 | H100: 19190.391 | I100: ='2 - Monthly Unit Rates'!I100*'3 - Estimated Volumes'!I101*12 -> 19314.36 | J100: ='2 - Monthly Unit Rates'!J100*'3 - Estimated Volumes'!J101*12 -> 19835.848 | K100: ='2 - Monthly Unit Rates'!K100*'3 - Estimated Volumes'!K101*12 -> 20371.2 | L100: =SUM(F100:K100) -> 117508.57 | N100: 18287.737 | O100: 18287.737 | P100: =SUM(L100:O100) -> 154084.04 | R100: 18287.737 | S100: 18287.737 | T100: =SUM(P100:S100) -> 190659.52
D101: Logical Administration | L101: =SUM(F101:K101) -> 0 | P101: =SUM(L101:O101) -> 0 | T101: =SUM(P101:S101) -> 0
C102: Oracle Database Services
D103: Monitoring | F103: 273862.08 | G103: 271432.72 | H103: 267980.8 | I103: ='2 - Monthly Unit Rates'!I103*'3 - Estimated Volumes'!I104*12 -> 267348.36 | J103: ='2 - Monthly Unit Rates'!J103*'3 - Estimated Volumes'!J104*12 -> 272160.63 | K103: ='2 - Monthly Unit Rates'!K103*'3 - Estimated Volumes'!K104*12 -> 277056.72 | L103: =SUM(F103:K103) -> 1629841.3 | N103: 257756.8 | O103: 257756.8 | P103: =SUM(L103:O103) -> 2145354.9 | R103: 257756.8 | S103: 257756.8 | T103: =SUM(P103:S103) -> 2660868.5
D104: Physical Administration - Single Node | F104: 325508.76 | G104: 324434.91 | H104: 321487.99 | I104: ='2 - Monthly Unit Rates'!I104*'3 - Estimated Volumes'!I105*12 -> 323564.8 | J104: ='2 - Monthly Unit Rates'!J104*'3 - Estimated Volumes'!J105*12 -> 332301.05 | K104: ='2 - Monthly Unit Rates'!K104*'3 - Estimated Volumes'!K105*12 -> 341273.16 | L104: =SUM(F104:K104) -> 1968570.7 | N104: 306366.24 | O104: 306366.24 | P104: =SUM(L104:O104) -> 2581303.2 | R104: 306366.24 | S104: 306366.24 | T104: =SUM(P104:S104) -> 3194035.6
D105: Physical Administration - Clustered | F105: 0 | G105: 0 | H105: 0 | I105: ='2 - Monthly Unit Rates'!I105*'3 - Estimated Volumes'!I106*12 -> 0 | J105: ='2 - Monthly Unit Rates'!J105*'3 - Estimated Volumes'!J106*12 -> 0 | K105: ='2 - Monthly Unit Rates'!K105*'3 - Estimated Volumes'!K106*12 -> 0 | L105: =SUM(F105:K105) -> 0 | N105: 0 | O105: 0 | P105: =SUM(L105:O105) -> 0 | R105: 0 | S105: 0 | T105: =SUM(P105:S105) -> 0
D106: EDS Service | F106: 14030.64 | G106: 13984.721 | H106: 13857.33 | I106: ='2 - Monthly Unit Rates'!I106*'3 - Estimated Volumes'!I107*12 -> 13946.848 | J106: ='2 - Monthly Unit Rates'!J106*'3 - Estimated Volumes'!J107*12 -> 14323.413 | K106: ='2 - Monthly Unit Rates'!K106*'3 - Estimated Volumes'!K107*12 -> 14710.32 | L106: =SUM(F106:K106) -> 84853.272 | N106: 13205.526 | O106: 13205.526 | P106: =SUM(L106:O106) -> 111264.32 | R106: 13205.526 | S106: 13205.526 | T106: =SUM(P106:S106) -> 137675.38
D107: Logical Administration | L107: =SUM(F107:K107) -> 0 | P107: =SUM(L107:O107) -> 0 | T107: =SUM(P107:S107) -> 0
D108: Subtotal | F108: =SUBTOTAL(9,F98:F106) -> 1464598.9 | G108: =SUBTOTAL(9,G98:G106) -> 1456160.9 | H108: =SUBTOTAL(9,H98:H106) -> 1440579 | I108: =SUBTOTAL(9,I98:I106) -> 1444276.4 | J108: =SUBTOTAL(9,J98:J106) -> 1477562.1 | K108: =SUBTOTAL(9,K98:K106) -> 1511629.9 | L108: =SUBTOTAL(9,L98:L106) -> 8794807.1 | N108: =SUBTOTAL(9,N98:N106) -> 1378468.7 | O108: =SUBTOTAL(9,O98:O106) -> 1378468.7 | P108: =SUBTOTAL(9,P98:P106) -> 11551745 | R108: =SUBTOTAL(9,R98:R106) -> 1378468.7 | S108: =SUBTOTAL(9,S98:S106) -> 1378468.7 | T108: =SUBTOTAL(9,T98:T106) -> 14308682
C110: Disaster Recovery Services
C111: Disaster Recovery Services
D112: Base Fee | F112: 253368 | G112: 257689.4 | H112: 265000.37 | I112: ='2 - Monthly Unit Rates'!I112*'3 - Estimated Volumes'!I113*12 -> 279876.76 | J112: ='2 - Monthly Unit Rates'!J112*'3 - Estimated Volumes'!J113*12 -> 287433.43 | K112: ='2 - Monthly Unit Rates'!K112*'3 - Estimated Volumes'!K113*12 -> 295194.12 | L112: =SUM(F112:K112) -> 1638562.1 | N112: 265000.37 | O112: 265000.37 | P112: =SUM(L112:O112) -> 2168562.8 | R112: 265000.37 | S112: 265000.37 | T112: =SUM(P112:S112) -> 2698563.6
D113: Tier 1 - RTO< 4 hours | F113: 0 | G113: 28009.717 | H113: 59474.822 | I113: ='2 - Monthly Unit Rates'!I113*'3 - Estimated Volumes'!I114*12 -> 96274.727 | J113: ='2 - Monthly Unit Rates'!J113*'3 - Estimated Volumes'!J114*12 -> 138632.9 | K113: ='2 - Monthly Unit Rates'!K113*'3 - Estimated Volumes'!K114*12 -> 187290.57 | L113: =SUM(F113:K113) -> 509682.74 | N113: 168134.45 | O113: 168134.45 | P113: =SUM(L113:O113) -> 845951.65 | R113: 168134.45 | S113: 168134.45 | T113: =SUM(P113:S113) -> 1182220.6
...

Sheet 2 - Monthly Unit Rates
B1: VA-180815-UC - FC20241025
A2: Monthly Unit Rates ($)
F3: 1.02 | L3: Renewal Option 1 | N3: Renewal Option 2
B4: Resource Description | E4: Metric | F4: Contract Year 1 | G4: Contract Year 2 | H4: Contract Year 3 | I4: Contract Year 4 | J4: Contract Year 5 | K4: Contract Year 6 | L4: Contract Year 7 | M4: Contract Year 8 | N4: Contract Year 9 | O4: Contract Year 10
B5: CROSS FUNCTIONAL
C6: Cross Functional Services
D7: Account Management | E7: Fixed | F7: 304657.17 | G7: 279983.26 | H7: 283098.43 | I7: 290742.09 | J7: 298592.13 | K7: 306653.93 | L7: 328308 | M7: 328308 | N7: 328308 | O7: 328308
B10: SERVER & STORAGE
C11: Hardware Charge
C12: Hardware Services Charge
D13: Hardware Service Charge (HSC) - Host of Remote VM (Linux or Windows) | E13: Dollars
D14: Hardware Service Charge (HSC) - Host of Unix VM | E14: Dollars
D15: Hardware Service Charge (HSC) - Physical x86 | E15: Dollars
D16: Hardware Service Charge (HSC) - Physical Unix Servers | E16: Dollars
D17: Hardware Service Charge (HSC) - Remote NAS & SAN | E17: Dollars
D18: Hardware Service Charge (HSC) - Existing Hardware Asset Maintenance | E18: Dollars
E19: Dollars
C22: Private Cloud Hardware Allocation (Central DC)
D23: Virtual Cores | E23: Core | F23: 2.5 | G23: 2.5 | H23: 2.45 | I23: 2.401 | J23: 2.35298 | K23: 2.35298 | L23: 2.35298 | M23: 2.35298 | N23: 2.35298 | O23: 2.35298
D24: Virtual Memory | E24: GB | F24: 1.1 | G24: 1.1 | H24: 1.078 | I24: 1.05644 | J24: 1.0353112 | K24: 1.0353112 | L24: 1.0353112 | M24: 1.0353112 | N24: 1.0353112 | O24: 1.0353112
C27: Software Charges
C28: Software Services Charge
D29: Linux - (Physical or Virtual nodes) | E29: Instance | F29: 110 | G29: 110 | H29: 110 | I29: 110 | J29: 110 | K29: 110 | L29: 110 | M29: 110 | N29: 110 | O29: 110
D30: Windows | E30: Instance | F30: 37.5 | G30: 37.5 | H30: 37.5 | I30: 37.5 | J30: 37.5 | K30: 37.5 | L30: 37.5 | M30: 37.5 | N30: 37.5 | O30: 37.5
D31: AIX | E31: Processor | F31: 103.82353 | G31: 103.82353 | H31: 103.82353 | I31: 103.82353 | J31: 103.82353 | K31: 103.82353 | L31: 103.82353 | M31: 103.82353 | N31: 103.82353 | O31: 103.82353
D32: HP-UX | E32: Processor | F32: 289.21569 | G32: 289.21569 | H32: 289.21569 | I32: 289.21569 | J32: 289.21569 | K32: 289.21569 | L32: 289.21569 | M32: 289.21569 | N32: 289.21569 | O32: 289.21569
D33: Solaris | E33: Processor | F33: 397.05882 | G33: 397.05882 | H33: 397.05882 | I33: 397.05882 | J33: 397.05882 | K33: 397.05882 | L33: 397.05882 | M33: 397.05882 | N33: 397.05882 | O33: 397.05882
C36: Server Support Charges
C37: Server Support Services - Physical (Primary DC)
D38: Windows Server – Tier 1 | E38: Server | F38: 307.5 | G38: 306.38807 | H38: 303.36951 | I38: 306.27981 | J38: 307.77028 | K38: 316.08 | L38: 283.75 | M38: 283.75 | N38: 283.75 | O38: 283.75
D39: Windows Server – Tier 1 Cluster | E39: Server | F39: 492 | G39: 490.22091 | H39: 485.39122 | I39: 490.04769 | J39: 492.43245 | K39: 505.73 | L39: 454 | M39: 454 | N39: 454 | O39: 454
D40: Windows Server – Tier 2 | E40: Server | F40: 246 | G40: 245.11045 | H40: 242.69561 | I40: 245.02384 | J40: 246.21622 | K40: 252.86 | L40: 227 | M40: 227 | N40: 227 | O40: 227
D41: Windows Server – Tier 3 | E41: Server | F41: 200 | G41: 199.34294 | H41: 197.44728 | I41: 198.5538 | J41: 199.57615 | K41: 204.96 | L41: 184 | M41: 184 | N41: 184 | O41: 184
D42: Linux Server – Tier 1 | E42: Server | F42: 370 | G42: 369.95406 | H42: 367.64272 | I42: 370.96821 | J42: 375.55405 | K42: 385.69 | L42: 346.24351 | M42: 346.24351 | N42: 346.24351 | O42: 346.24351
D43: Linux Server – Tier 1 Cluster | E43: Server | F43: 592 | G43: 591.92649 | H43: 588.22835 | I43: 593.54914 | J43: 600.88647 | K43: 617.11 | L43: 553.98961 | M43: 553.98961 | N43: 553.98961 | O43: 553.98961
D44: Linux Server – Tier 2 | E44: Server | F44: 296 | G44: 295.96325 | H44: 294.11417 | I44: 296.77457 | J44: 300.44324 | K44: 308.56 | L44: 276.9948 | M44: 276.9948 | N44: 276.9948 | O44: 276.9948
D45: Linux Server – Tier 3 | E45: Server | F45: 250 | G45: 250.19573 | H45: 248.86584 | I45: 251.36067 | J45: 253.80879 | K45: 260.66 | L45: 234 | M45: 234 | N45: 234 | O45: 234
D46: UNIX | E46: Server | F46: 425 | G46: 423.09522 | H46: 419.57546 | I46: 422.46187 | J46: 425.19098 | K46: 436.67 | L46: 392.00647 | M46: 392.00647 | N46: 392.00647 | O46: 392.00647
D47: Appliance – Tier 1 | E47: Server | F47: 75 | G47: 76.279187 | H47: 77.127843 | I47: 79.210295 | J47: 81.348972 | K47: 83.55 | L47: 75 | M47: 75 | N47: 75 | O47: 75
D48: Appliance – Tier 3 | E48: Server | F48: 50 | G48: 50.852791 | H48: 51.418562 | I48: 52.806863 | J48: 54.232648 | K48: 55.7 | L48: 50 | M48: 50 | N48: 50 | O48: 50
C50: Server Support Services - Virtual (Primary DC)
D51: Windows Server – Tier 1 | E51: Instance | F51: 195 | G51: 195.27472 | H51: 194.36216 | I51: 196.44153 | J51: 198.49149 | K51: 203.85 | L51: 183 | M51: 183 | N51: 183 | O51: 183
D52: Windows Server – Tier 2 | E52: Instance | F52: 159 | G52: 158.66071 | H52: 157.3408 | I52: 158.42059 | J52: 159.44399 | K52: 163.75 | L52: 147 | M52: 147 | N52: 147 | O52: 147
D53: Linux Server – Tier 1 | E53: Instance | F53: 238.5 | G53: 237.99106 | H53: 236.0112 | I53: 237.63088 | J53: 239.16598 | K53: 245.62 | L53: 220.5 | M53: 220.5 | N53: 220.5 | O53: 220.5
D54: Linux Server – Tier 2 | E54: Instance | F54: 189 | G54: 189.17238 | H54: 188.19194 | I54: 190.10471 | J54: 191.98358 | K54: 197.17 | L54: 177 | M54: 177 | N54: 177 | O54: 177
D55: UNIX | E55: Instance | F55: 260 | G55: 259.34924 | H55: 257.09281 | I55: 258.75363 | J55: 260.31671 | K55: 267.35 | L55: 240 | M55: 240 | N55: 240 | O55: 240
D56: Appliance – Tier 1 | E56: Instance | F56: 75 | G56: 74.753603 | H56: 74.042729 | I56: 74.457677 | J56: 74.841055 | K56: 76.86 | L56: 69 | M56: 69 | N56: 69 | O56: 69
D57: Appliance - Tier 2 | E57: Instance | F57: 50 | G57: 49.835735 | H57: 49.361819 | I57: 49.638451 | J57: 49.894036 | K57: 51.24 | L57: 46 | M57: 46 | N57: 46 | O57: 46
C59: Server Support Services - Physical (Agency)
D60: Windows Server – Tier 2 | E60: Server | F60: 270 | G60: 269.51979 | H60: 267.37652 | I60: 269.315 | J60: 271.16324 | K60: 278.48 | L60: 250 | M60: 250 | N60: 250 | O60: 250
D61: Windows Server – Tier 3 | E61: Server | F61: 220 | G61: 219.68406 | H61: 218.0147 | I61: 219.67655 | J61: 221.26921 | K61: 227.24 | L61: 204 | M61: 204 | N61: 204 | O61: 204
D62: Linux Server – Tier 2 | E62: Server | F62: 325 | G62: 325.45786 | H62: 323.93694 | I62: 327.40255 | J62: 330.81915 | K62: 339.75 | L62: 305 | M62: 305 | N62: 305 | O62: 305
D63: Linux Server – Tier 3 | E63: Server | F63: 275 | G63: 274.60507 | H63: 272.51838 | I63: 274.59569 | J63: 276.58651 | K63: 284.05 | L63: 255 | M63: 255 | N63: 255 | O63: 255
D64: UNIX | E64: Server | F64: 467.5 | G64: 465.30304 | H64: 460.71031 | I64: 464.70039 | J64: 467.48543 | K64: 480.11 | L64: 431 | M64: 431 | N64: 431 | O64: 431
D65: Appliance – Tier 3 | E65: Server | F65: 55 | G65: 55.93807 | H65: 56.560418 | I65: 58.087549 | J65: 59.655913 | K65: 61.27 | L65: 55 | M65: 55 | N65: 55 | O65: 55
C67: Server Support Services - Virtual (Agency)
D68: Windows Server – Tier 2 | E68: Instance | F68: 214.5 | G68: 215.10731 | H68: 214.4154 | I68: 217.03621 | J68: 219.64223 | K68: 225.57 | L68: 202.5 | M68: 202.5 | N68: 202.5 | O68: 202.5
D69: Windows Server – Tier 3 | E69: Instance | F69: 175 | G69: 174.9336 | H69: 173.79474 | I69: 175.31879 | J69: 176.79843 | K69: 181.57 | L69: 163 | M69: 163 | N69: 163 | O69: 163
D70: Linux Server – Tier 2 | E70: Instance | F70: 262 | G70: 261.38335 | H70: 259.14955 | I70: 260.8659 | J70: 262.48602 | K70: 269.57 | L70: 242 | M70: 242 | N70: 242 | O70: 242
D71: Linux Server – Tier 3 | E71: Instance | F71: 207 | G71: 207.47939 | H71: 206.70262 | I71: 209.11518 | J71: 211.50733 | K71: 217.22 | L71: 195 | M71: 195 | N71: 195 | O71: 195
D72: UNIX | E72: Instance | F72: 286 | G72: 285.79269 | H72: 283.83046 | I72: 286.2132 | J72: 288.51769 | K72: 296.31 | L72: 266 | M72: 266 | N72: 266 | O72: 266
D73: Appliance – Tier 2 | E73: Instance | F73: 82.5 | G73: 82.228963 | H73: 81.447002 | I73: 81.903445 | J73: 82.32516 | K73: 84.55 | L73: 75.9 | M73: 75.9 | N73: 75.9 | O73: 75.9
D74: Appliance – Tier 3 | E74: Instance | F74: 55 | G74: 54.819309 | H74: 54.298001 | I74: 54.602296 | J74: 54.88344 | K74: 56.37 | L74: 50.6 | M74: 50.6 | N74: 50.6 | O74: 50.6
C77: Server Support Services (Misc)
D78: Application / Web Server - Monitoring | E78: Instance | F78: 25.5 | G78: 25.93 | H78: 26.223467 | I78: 26.9315 | J78: 27.658651 | K78: 28.41 | L78: 25.5 | M78: 25.5 | N78: 25.5 | O78: 25.5
C81: Virtual Application and Utility Applications
D82: EAPS Instance | E82: Instance | F82: 3800 | G82: 3864.8121 | H82: 3907.8107 | I82: 4013.3216 | J82: 4121.6813 | K82: 4232.97 | L82: 3800 | M82: 3800 | N82: 3800 | O82: 3800
D83: EAPS End-User | E83: per User | F83: 36 | G83: 36.61401 | H83: 37.021365 | I83: 38.020941 | J83: 39.047507 | K83: 40.1 | L83: 36 | M83: 36 | N83: 36 | O83: 36
D84: Citrix License | E84: per User | F84: 111.5 | G84: 111.5 | H84: 111.5 | I84: 111.5 | J84: 111.5 | K84: 111.5 | L84: 111.5 | M84: 111.5 | N84: 111.5 | O84: 111.5
C87: Storage Services
C88: Storage Services (Central)
D89: Storage SAN - Tier 1 - Central Data Centers | E89: Per GB | F89: 0.4692 | G89: 0.4488 | H89: 0.43310733 | I89: 0.41681424 | J89: 0.42119079 | K89: 0.43 | L89: 0.408 | M89: 0.408 | N89: 0.408 | O89: 0.408
D90: Storage SAN/NAS - Tier 2 - Central Data Centers | E90: Per GB | F90: 0.408 | G90: 0.3876 | H90: 0.37123485 | I90: 0.35429211 | J90: 0.35801217 | K90: 0.36 | L90: 0.3468 | M90: 0.3468 | N90: 0.3468 | O90: 0.3468
D91: Storage SAN/NAS - Tier 3 - Central Data Centers | E91: Per GB | F91: 0.3417 | G91: 0.3264 | H91: 0.30936238 | I91: 0.29176997 | J91: 0.29483356 | K91: 0.3 | L91: 0.2856 | M91: 0.2856 | N91: 0.2856 | O91: 0.2856
D92: Backup of Local Attached Storage - Per GB Protected | E92: Per GB | F92: 0.31 | G92: 0.29 | H92: 0.2729668 | I92: 0.25540088 | J92: 0.25808259 | K92: 0.26 | L92: 0.25 | M92: 0.25 | N92: 0.25 | O92: 0.25
D93: Storage SAN/NAS - Tier 2 - Agency Data Centers | E93: Per GB | F93: 0.46 | G93: 0.44 | H93: 0.42461503 | I93: 0.40864142 | J93: 0.41293215 | K93: 0.42 | L93: 0.4 | M93: 0.4 | N93: 0.4 | O93: 0.4
C96: Database Services
C97: MS SQL Database Services
D98: Monitoring | E98: Per Instance | F98: 196.45 | G98: 194.70906 | H98: 192.23117 | I98: 191.7775 | J98: 195.2295 | K98: 198.74 | L98: 184.89717 | M98: 184.89717 | N98: 184.89717 | O98: 184.89717
D99: Physical Administration - Single Node | E99: Per Instance | F99: 238.12 | G99: 237.34015 | H99: 235.17868 | I99: 236.69793 | J99: 243.08878 | K99: 249.65 | L99: 224.11664 | M99: 224.11664 | N99: 224.11664 | O99: 224.11664
D100: EDS Service | E100: Per Instance | F100: 404.8 | G100: 403.46605 | H100: 399.7998 | I100: 402.38251 | J100: 413.24684 | K100: 424.4 | L100: 380.99452 | M100: 380.99452 | N100: 380.99452 | O100: 380.99452
D101: Logical Administration | E101: Hourly | F101: Rate Card | G101: Rate Card | H101: Rate Card | I101: 124.34473 | J101: 131.91515 | K101: 139.95 | L101: 131.92 | M101: 131.92 | N101: 131.92 | O101: 131.92
C102: Oracle Database Services
D103: Monitoring | E103: Per Instance | F103: 262.32 | G103: 259.99303 | H103: 256.68659 | I103: 256.08081 | J103: 260.69026 | K103: 265.38 | L103: 246.89349 | M103: 246.89349 | N103: 246.89349 | O103: 246.89349
D104: Physical Administration - Single Node | E104: Per Instance | F104: 311.79 | G104: 310.76141 | H104: 307.93869 | I104: 309.92797 | J104: 318.29603 | K104: 326.89 | L104: 293.45425 | M104: 293.45425 | N104: 293.45425 | O104: 293.45425
D105: Physical Administration - Clustered | E105: Per Instance | F105: 471.93 | G105: 470.37815 | H105: 466.1006 | I105: 469.11161 | J105: 481.77762 | K105: 494.79 | L105: 444.17674 | M105: 444.17674 | N105: 444.17674 | O105: 444.17674
D106: EDS Service | E106: Per Instance | F106: 389.74 | G106: 388.46447 | H106: 384.92583 | I106: 387.41245 | J106: 397.87259 | K106: 408.62 | L106: 366.82017 | M106: 366.82017 | N106: 366.82017 | O106: 366.82017
D107: Logical Administration | E107: Hourly | F107: Rate Card | G107: Rate Card | H107: Rate Card | I107: 124.34473 | J107: 131.91515 | K107: 139.95 | L107: 131.92 | M107: 131.92 | N107: 131.92 | O107: 131.92
C110: Disaster Recovery Services
C111: Disaster Recovery Services
D112: Base Fee | E112: Fixed | F112: 21114 | G112: 21474.117 | H112: 22083.364 | I112: 23323.064 | J112: 23952.786 | K112: 24599.51 | L112: 22083.364 | M112: 22083.364 | N112: 22083.364 | O112: 22083.364
D113: Tier 1 - RTO< 4 hours | E113: Per Instance | F113: 150 | G113: 152.55837 | H113: 154.25569 | I113: 158.42059 | J113: 162.69794 | K113: 167.09 | L113: 150 | M113: 150 | N113: 150 | O113: 150
D114: Tier 2 - RTO 4-24 hours | E114: Per Instance | F114: 100 | G114: 101.70558 | H114: 102.83712 | I114: 105.61373 | J114: 108.4653 | K114: 111.39 | L114: 100 | M114: 100 | N114: 100 | O114: 100
D115: Tier 3 - RTO 25-48 hours | E115: Per Instance | F115: 80 | G115: 81.364466 | H115: 82.269699 | I115: 84.490981 | J115: 86.772237 | K115: 89.12 | L115: 80 | M115: 80 | N115: 80 | O115: 80
D116: Tier 4 - RTO 49-72 hours | E116: Per Instance | F116: 60 | G116: 61.02335 | H116: 61.702274 | I116: 63.368236 | J116: 65.079178 | K116: 66.84 | L116: 60 | M116: 60 | N116: 60 | O116: 60
B121: DATA CENTER MANAGEMENT
C122: Supplier Data Centers
D123: Rack Unit | E123: Per Rack | F123: 1375 | G123: 1430 | H123: 1487.2 | I123: 1546.688 | J123: 1608.5555 | K123: 1672.8977 | L123: 1739.8137 | M123: 1739.8137 | N123: 1809.4062 | O123: 1809.4062
D124: Secured Cage | E124: Per Cage | F124: 2623 | G124: 2623 | H124: 2623 | I124: 2623 | J124: 2623 | K124: 2623 | L124: 2623 | M124: 2623 | N124: 2623 | O124: 2623
C125: Manassas DR Data Center
...

Sheet 3 - Estimated Volumes
B1: VA-180815-UC - FC20241025
B2: Estimated Monthly Volumes
N4: Renewal Option 1 | R4: Renewal Option 2
B5: Resource Description | E5: Metric | F5: Contract Year 1 | G5: Contract Year 2 | H5: Contract Year 3 | I5: Contract Year 4 | J5: Contract Year 5 | K5: Contract Year 6 | N5: Contract Year 7 | O5: Contract Year 8 | R5: Contract Year 9 | S5: Contract Year 10
B6: CROSS FUNCTIONAL
C7: Cross Functional Services | D7: 0 | E7: 0 | F7: 0 | G7: 0 | H7: 0 | I7: 0 | J7: 0 | K7: 0
D8: Account Management | E8: Fixed | F8: 1 | G8: =F8 -> 1 | H8: =G8 -> 1 | I8: =H8 -> 1 | J8: =I8 -> 1 | K8: =J8 -> 1 | N8: =K8 -> 1 | O8: =N8 -> 1 | R8: =O8 -> 1 | S8: =R8 -> 1
B11: SERVER & STORAGE
C12: Hardware Charge
C13: Hardware Services Charge
D14: Hardware Service Charge (HSC) - Host of Remote VM (Linux or Windows) | E14: Dollars | F14: 11 | G14: 11 | H14: 8 | I14: 8 | J14: 8 | K14: 8 | N14: =K14 -> 8 | O14: =N14 -> 8 | R14: =O14 -> 8 | S14: =R14 -> 8
D15: Hardware Service Charge (HSC) - Host of Unix VM | E15: Dollars | F15: 5 | G15: 5 | H15: 5 | I15: 0 | J15: 0 | K15: 0 | N15: =K15 -> 0 | O15: =N15 -> 0 | R15: =O15 -> 0 | S15: =R15 -> 0
D16: Hardware Service Charge (HSC) - Physical x86 | E16: Dollars | F16: 367.32 | G16: 342.048 | H16: 212.8688 | I16: 199.22192 | J16: 186.93973 | K16: 175.88576
D17: Hardware Service Charge (HSC) - Physical Unix Servers | E17: Dollars | F17: 15 | G17: 15 | H17: 5 | I17: 0 | J17: 0 | K17: 0 | N17: =K17 -> 0 | O17: =N17 -> 0 | R17: =O17 -> 0 | S17: =R17 -> 0
D18: Hardware Service Charge (HSC) - Remote NAS & SAN | E18: Dollars | F18: 1 | G18: 127 | H18: 35 | I18: 1 | N18: 126 | O18: 35
D19: Hardware Service Charge (HSC) - Existing Hardware Asset Maintenance | E19: Dollars | F19: 1 | G19: 1 | H19: 1 | I19: 1 | J19: 1 | K19: 1 | O19: =N19 -> 0 | R19: =O19 -> 0 | S19: =R19 -> 0
C23: Private Cloud Hardware Allocation (Central DC)
D24: Virtual Cores | E24: Core | F24: 3626.64 | G24: 3962.24 | H24: 4264.28 | I24: 4536.116 | J24: 4780.7684 | K24: 5000.9556 | N24: =K24 -> 5000.9556 | O24: =N24 -> 5000.9556 | R24: =O24 -> 5000.9556 | S24: =R24 -> 5000.9556
D25: Virtual Memory | E25: GB | F25: 19542 | G25: 20884.4 | H25: 22092.56 | I25: 23179.904 | J25: 24158.514 | K25: 25039.262 | N25: =K25 -> 25039.262 | O25: =N25 -> 25039.262 | R25: =O25 -> 25039.262 | S25: =R25 -> 25039.262
C28: Software Charges
C29: Software Services Charge
D30: Linux Phy | E30: Instance | F30: =F46+F55+F64+F71 -> 581 | G30: =G46+G55+G64+G71 -> 581 | H30: =H46+H55+H64+H71 -> 581 | I30: =I46+I55+I64+I71 -> 581 | J30: =J46+J55+J64+J71 -> 581 | K30: =K46+K55+K64+K71 -> 581 | N30: =N46+N55+N64+N71 -> 581 | O30: =O46+O55+O64+O71 -> 581 | R30: =R46+R55+R64+R71 -> 581 | S30: =S46+S55+S64+S71 -> 581
D31: Windows | E31: Instance | F31: 0 | G31: 0 | H31: 0 | I31: 0 | J31: 0 | K31: 0 | N31: =K31 -> 0 | O31: =N31 -> 0 | R31: =O31 -> 0 | S31: =R31 -> 0
D32: AIX | E32: Processor | G32: 0 | H32: 0 | I32: 0 | J32: 0 | K32: 0 | N32: =K32 -> 0 | O32: =N32 -> 0 | R32: =O32 -> 0 | S32: =R32 -> 0
D33: HP-UX | E33: Processor | F33: 10 | G33: 10 | H33: 10 | I33: 10 | J33: 10 | K33: 10 | N33: =K33 -> 10 | O33: =N33 -> 10 | R33: =O33 -> 10 | S33: =R33 -> 10
D34: Solaris | E34: Processor | F34: 142 | G34: 128 | H34: 116 | I34: 104 | J34: 94 | K34: 84 | N34: =K34 -> 84 | O34: =N34 -> 84 | R34: =O34 -> 84 | S34: =R34 -> 84
C37: Server Support Charges
C38: Server Support Services - Physical (Primary DC)
D39: Windows Server – Tier 1 | E39: Server | F39: 0 | G39: 0 | H39: 0 | I39: 0 | J39: 0 | K39: 0 | N39: =K39 -> 0 | O39: =N39 -> 0 | R39: =O39 -> 0 | S39: =R39 -> 0
D40: Windows Server – Tier 1 Cluster | E40: Server | F40: 0 | G40: 0 | H40: 0 | I40: 0 | J40: 0 | K40: 0 | N40: =K40 -> 0 | O40: =N40 -> 0 | R40: =O40 -> 0 | S40: =R40 -> 0
D41: Windows Server – Tier 2 | E41: Server | F41: 0 | G41: 0 | H41: 0 | I41: 0 | J41: 0 | K41: 0 | N41: =K41 -> 0 | O41: =N41 -> 0 | R41: =O41 -> 0 | S41: =R41 -> 0
D42: Windows Server – Tier 3 | E42: Server | F42: 512 | G42: 460.8 | H42: 414.72 | I42: 373.248 | J42: 335.9232 | K42: 302.33088 | N42: =K42 -> 302.33088 | O42: =N42 -> 302.33088 | R42: =O42 -> 302.33088 | S42: =R42 -> 302.33088
D43: Linux Server – Tier 1 | E43: Server | F43: 0 | G43: 0 | H43: 0 | I43: 0 | J43: 0 | K43: 0 | N43: =K43 -> 0 | O43: =N43 -> 0 | R43: =O43 -> 0 | S43: =R43 -> 0
D44: Linux Server – Tier 1 Cluster | E44: Server | F44: 0 | G44: 0 | H44: 0 | I44: 0 | J44: 0 | K44: 0 | N44: =K44 -> 0 | O44: =N44 -> 0 | R44: =O44 -> 0 | S44: =R44 -> 0
D45: Linux Server – Tier 2 | E45: Server | F45: 0 | G45: 0 | H45: 0 | I45: 0 | J45: 0 | K45: 0 | N45: =K45 -> 0 | O45: =N45 -> 0 | R45: =O45 -> 0 | S45: =R45 -> 0
D46: Linux Server – Tier 3 | E46: Server | F46: 327 | G46: 294.3 | H46: 264.87 | I46: 238.383 | J46: 214.5447 | K46: 193.09023 | N46: =K46 -> 193.09023 | O46: =N46 -> 193.09023 | R46: =O46 -> 193.09023 | S46: =R46 -> 193.09023
D47: UNIX | E47: Server | F47: 28 | G47: 24 | H47: 21 | I47: 18 | J47: 16 | K47: 14 | N47: =K47 -> 14 | O47: =N47 -> 14 | R47: =O47 -> 14 | S47: =R47 -> 14
D48: Appliance – Tier 1 | E48: Server | F48: 0 | G48: 0 | H48: 0 | I48: 0 | J48: 0 | K48: 0 | N48: =K48 -> 0 | O48: =N48 -> 0 | R48: =O48 -> 0 | S48: =R48 -> 0
D49: Appliance – Tier 3 | E49: Server | F49: 8 | G49: 8 | H49: 8 | I49: 8 | J49: 8 | K49: 8 | N49: =K49 -> 8 | O49: =N49 -> 8 | R49: =O49 -> 8 | S49: =R49 -> 8
C51: Server Support Services - Virtual (Primary DC)
D52: Windows Server – Tier 1 | E52: Instance | F52: 0 | G52: 0 | H52: 0 | I52: 0 | J52: 0 | K52: 0 | N52: =K52 -> 0 | O52: =N52 -> 0 | R52: =O52 -> 0 | S52: =R52 -> 0
D53: Windows Server – Tier 2 | E53: Instance | F53: 1141 | G53: 1192.2 | H53: 1238.28 | I53: 1279.752 | J53: 1317.0768 | K53: 1350.6691 | N53: =K53 -> 1350.6691 | O53: =N53 -> 1350.6691 | R53: =O53 -> 1350.6691 | S53: =R53 -> 1350.6691
D54: Linux Server – Tier 1 | E54: Instance | F54: 0 | G54: 0 | H54: 0 | I54: 0 | J54: 0 | K54: 0 | N54: =ROUND(K54*1.1,0) -> 0 | O54: =ROUND(N54*1.1,0) -> 0 | R54: =O54 -> 0 | S54: =R54 -> 0
D55: Linux Server – Tier 2 | E55: Instance | F55: 228 | G55: 260.7 | H55: 290.13 | I55: 316.617 | J55: 340.4553 | K55: 361.90977 | N55: =K55 -> 361.90977 | O55: =N55 -> 361.90977 | R55: =O55 -> 361.90977 | S55: =R55 -> 361.90977
D56: UNIX | E56: Instance | F56: 100 | G56: 100 | H56: 100 | I56: 0 | J56: 0 | K56: 0 | N56: =K56 -> 0 | O56: =N56 -> 0 | R56: =O56 -> 0 | S56: =R56 -> 0
D57: Appliance – Tier 1 | E57: Instance | F57: 0 | G57: 0 | H57: 0 | I57: 0 | J57: 0 | K57: 0 | N57: =K57 -> 0 | O57: =N57 -> 0 | R57: =O57 -> 0 | S57: =R57 -> 0
D58: Appliance – Tier 2 | E58: Instance | F58: 0 | G58: 0 | H58: 0 | I58: 0 | J58: 0 | K58: 0 | N58: =K58 -> 0 | O58: =N58 -> 0 | R58: =O58 -> 0 | S58: =R58 -> 0
C60: Server Support Services - Physical (Agency)
D61: Windows Server – Tier 2 | E61: Server | F61: 0 | G61: 0 | H61: 0 | I61: 0 | J61: 0 | K61: 0 | N61: =K61 -> 0 | O61: =N61 -> 0 | R61: =O61 -> 0 | S61: =R61 -> 0
D62: Windows Server – Tier 3 | E62: Server | F62: 314 | G62: 314 | H62: 314 | I62: 314 | J62: 314 | K62: 314 | N62: =K62 -> 314 | O62: =N62 -> 314 | R62: =O62 -> 314 | S62: =R62 -> 314
D63: Linux Server – Tier 2 | E63: Server | F63: 0 | G63: 0 | H63: 0 | I63: 0 | J63: 0 | K63: 0 | N63: =K63 -> 0 | O63: =N63 -> 0 | R63: =O63 -> 0 | S63: =R63 -> 0
D64: Linux Server – Tier 3 | E64: Server | F64: 20 | G64: 20 | H64: 20 | I64: 20 | J64: 20 | K64: 20 | N64: =K64 -> 20 | O64: =N64 -> 20 | R64: =O64 -> 20 | S64: =R64 -> 20
D65: UNIX | E65: Server | F65: 40 | G65: 40 | H65: 40 | I65: 40 | J65: 40 | K65: 40 | N65: =K65 -> 40 | O65: =N65 -> 40 | R65: =O65 -> 40 | S65: =R65 -> 40
D66: Appliance – Tier 3 | E66: Server | F66: 8 | G66: 8 | H66: 8 | I66: 8 | J66: 8 | K66: 8 | N66: =K66 -> 8 | O66: =N66 -> 8 | R66: =O66 -> 8 | S66: =R66 -> 8
C68: Server Support Services - Virtual (Agency)
D69: Windows Server – Tier 2 | E69: Instance | F69: 105 | G69: 105 | H69: 105 | I69: 105 | J69: 105 | K69: 105 | N69: =K69 -> 105 | O69: =N69 -> 105 | R69: =O69 -> 105 | S69: =R69 -> 105
D70: Windows Server – Tier 3 | E70: Instance | F70: 0 | G70: 0 | H70: 0 | I70: 0 | J70: 0 | K70: 0 | N70: =K70 -> 0 | O70: =N70 -> 0 | R70: =O70 -> 0 | S70: =R70 -> 0
D71: Linux Server – Tier 2 | E71: Instance | F71: 6 | G71: 6 | H71: 6 | I71: 6 | J71: 6 | K71: 6 | N71: =K71 -> 6 | O71: =N71 -> 6 | R71: =O71 -> 6 | S71: =R71 -> 6
D72: Linux Server – Tier 3 | E72: Instance | F72: 0 | G72: 0 | H72: 0 | I72: 0 | J72: 0 | K72: 0 | N72: =K72 -> 0 | O72: =N72 -> 0 | R72: =O72 -> 0 | S72: =R72 -> 0
D73: UNIX | E73: Instance | F73: 0 | G73: 0 | H73: 0 | I73: 0 | J73: 0 | K73: 0 | N73: =K73 -> 0 | O73: =N73 -> 0 | R73: =O73 -> 0 | S73: =R73 -> 0
D74: Appliance – Tier 2 | E74: Instance | F74: 0 | G74: 0 | H74: 0 | I74: 0 | J74: 0 | K74: 0 | N74: =K74 -> 0 | O74: =N74 -> 0 | R74: =O74 -> 0 | S74: =R74 -> 0
D75: Appliance – Tier 3 | E75: Instance | F75: 0 | G75: 0 | H75: 0 | I75: 0 | J75: 0 | K75: 0 | N75: =K75 -> 0 | O75: =N75 -> 0 | R75: =O75 -> 0 | S75: =R75 -> 0
C78: Server Support Services (Misc)
D79: Application / Web Server - Monitoring | E79: Instance | F79: 0 | G79: =F79 -> 0 | H79: =G79 -> 0 | I79: =H79 -> 0 | J79: =I79 -> 0 | K79: =J79 -> 0 | N79: =K79 -> 0 | O79: =N79 -> 0 | R79: =O79 -> 0 | S79: =R79 -> 0
C82: Virtual Application and Utility Applications
D83: EAPS Instance | E83: Instance | F83: 6 | G83: =F83 -> 6 | H83: =G83 -> 6 | I83: =H83 -> 6 | J83: =I83 -> 6 | K83: =J83 -> 6 | N83: =K83 -> 6 | O83: =N83 -> 6 | R83: =O83 -> 6 | S83: =R83 -> 6
D84: EAPS End-User | E84: per User | F84: 530 | G84: =F84 -> 530 | H84: =G84 -> 530 | I84: =H84 -> 530 | J84: =I84 -> 530 | K84: =J84 -> 530 | N84: =K84 -> 530 | O84: =N84 -> 530 | R84: =O84 -> 530 | S84: =R84 -> 530
D85: Citrix License | E85: per User | F85: 530 | G85: =F85 -> 530 | H85: =G85 -> 530 | I85: =H85 -> 530 | J85: =I85 -> 530 | K85: =J85 -> 530 | N85: =K85 -> 530 | O85: =N85 -> 530 | R85: =O85 -> 530 | S85: =R85 -> 530
C88: Storage Services
C89: Storage Services (Central)
D90: Storage SAN - Tier 1 - Central Data Centers | E90: Per GB | F90: 600661 | G90: 660727.1 | H90: 726799.81 | I90: 799479.79 | J90: 879427.77 | K90: 967370.55 | N90: =K90 -> 967370.55 | O90: =N90 -> 967370.55 | R90: =O90 -> 967370.55 | S90: =R90 -> 967370.55
D91: Storage SAN - Tier 2 - Central Data Centers | E91: Per GB | F91: 793870 | G91: 873257 | H91: 960582.7 | I91: 1056641 | J91: 1162305.1 | K91: 1278535.6 | N91: =K91 -> 1278535.6 | O91: =N91 -> 1278535.6 | R91: =O91 -> 1278535.6 | S91: =R91 -> 1278535.6
D92: Storage SAN - Tier 3 - Central Data Centers | E92: Per GB | F92: 43236 | G92: 47559.6 | H92: 52315.56 | I92: 57547.116 | J92: 63301.828 | K92: 69632.01 | N92: =K92 -> 69632.01 | O92: =N92 -> 69632.01 | R92: =O92 -> 69632.01 | S92: =R92 -> 69632.01
D93: Backup of Local Attached Storage - Per GB Protected | E93: Per GB | F93: 413976 | G93: 413976 | H93: 413976 | I93: 413976 | J93: 413976 | K93: 413976 | N93: =K93 -> 413976 | O93: =N93 -> 413976 | R93: =O93 -> 413976 | S93: =R93 -> 413976
D94: Storage SAN/NAS - Tier 2 - Agency Data Centers | E94: Per GB | F94: 176989 | G94: 194687.9 | H94: 214156.69 | I94: 235572.36 | J94: 259129.59 | K94: 285042.55 | N94: =K94 -> 285042.55 | O94: =N94 -> 285042.55 | R94: =O94 -> 285042.55 | S94: =R94 -> 285042.55
C97: Database Services
C98: MS SQL Database Services
D99: Monitoring | E99: Per Instance | F99: =319/2 -> 159.5 | G99: =F99 -> 159.5 | H99: =G99 -> 159.5 | I99: =H99 -> 159.5 | J99: =I99 -> 159.5 | K99: =J99 -> 159.5 | N99: =K99 -> 159.5 | O99: =N99 -> 159.5 | R99: =O99 -> 159.5 | S99: =R99 -> 159.5
D100: Physical Administration - Single Node | E100: Per Instance | F100: =319/2 -> 159.5 | G100: =F100 -> 159.5 | H100: =G100 -> 159.5 | I100: =H100 -> 159.5 | J100: =I100 -> 159.5 | K100: =J100 -> 159.5 | N100: =K100 -> 159.5 | O100: =N100 -> 159.5 | R100: =O100 -> 159.5 | S100: =R100 -> 159.5
D101: EDS Service | E101: Per Instance | F101: 4 | G101: =F101 -> 4 | H101: =G101 -> 4 | I101: =H101 -> 4 | J101: =I101 -> 4 | K101: =J101 -> 4 | N101: =K101 -> 4 | O101: =N101 -> 4 | R101: =O101 -> 4 | S101: =R101 -> 4
D102: Logical Administration | E102: Hourly | F102: 0 | G102: =F102 -> 0 | H102: =G102 -> 0 | I102: =H102 -> 0 | J102: =I102 -> 0 | K102: =J102 -> 0 | N102: =K102 -> 0 | O102: =N102 -> 0 | R102: =O102 -> 0 | S102: =R102 -> 0
C103: Oracle Database Services
D104: Monitoring | E104: Per Instance | F104: =174/2 -> 87 | G104: =F104 -> 87 | H104: =G104 -> 87 | I104: =H104 -> 87 | J104: =I104 -> 87 | K104: =J104 -> 87 | N104: =K104 -> 87 | O104: =N104 -> 87 | R104: =O104 -> 87 | S104: =R104 -> 87
D105: Physical Administration - Single Node | E105: Per Instance | F105: =174/2 -> 87 | G105: =F105 -> 87 | H105: =G105 -> 87 | I105: =H105 -> 87 | J105: =I105 -> 87 | K105: =J105 -> 87 | N105: =K105 -> 87 | O105: =N105 -> 87 | R105: =O105 -> 87 | S105: =R105 -> 87
D106: Physical Administration - Clustered | E106: Per Instance | F106: 0 | G106: =F106 -> 0 | H106: =G106 -> 0 | I106: =H106 -> 0 | J106: =I106 -> 0 | K106: =J106 -> 0 | N106: =K106 -> 0 | O106: =N106 -> 0 | R106: =O106 -> 0 | S106: =R106 -> 0
D107: EDS Service | E107: Per Instance | F107: 3 | G107: =F107 -> 3 | H107: =G107 -> 3 | I107: =H107 -> 3 | J107: =I107 -> 3 | K107: =J107 -> 3 | N107: =K107 -> 3 | O107: =N107 -> 3 | R107: =O107 -> 3 | S107: =R107 -> 3
D108: Logical Administration | E108: Hourly | F108: 0 | G108: =F108 -> 0 | H108: =G108 -> 0 | I108: =H108 -> 0 | J108: =I108 -> 0 | K108: =J108 -> 0 | N108: =K108 -> 0 | O108: =N108 -> 0 | R108: =O108 -> 0 | S108: =R108 -> 0
C111: Disaster Recovery Services
C112: Disaster Recovery Services
D113: Base Fee | E113: Fixed | F113: 1 | G113: 1 | H113: 1 | I113: 1 | J113: 1 | K113: 1 | N113: =K113 -> 1 | O113: =N113 -> 1 | R113: =O113 -> 1 | S113: =R113 -> 1
D114: Tier 1 - RTO< 4 hours | E114: Per Instance | F114: 0 | G114: 15.3 | H114: 32.13 | I114: 50.643 | J114: 71.0073 | K114: 93.40803 | N114: =K114 -> 93.40803 | O114: =N114 -> 93.40803 | R114: =O114 -> 93.40803 | S114: =R114 -> 93.40803
D115: Tier 2 - RTO 4-24 hours | E115: Per Instance | F115: 153 | G115: 168.3 | H115: 185.13 | I115: 203.643 | J115: 224.0073 | K115: 246.40803 | N115: =K115 -> 246.40803 | O115: =N115 -> 246.40803 | R115: =O115 -> 246.40803 | S115: =R115 -> 246.40803
D116: Tier 3 - RTO 25-48 hours | E116: Per Instance | F116: 17 | G116: 18.7 | H116: 20.57 | I116: 22.627 | J116: 24.8897 | K116: 27.37867 | N116: =K116 -> 27.37867 | O116: =N116 -> 27.37867 | R116: =O116 -> 27.37867 | S116: =R116 -> 27.37867
D117: Tier 4 - RTO 49-72 hours | E117: Per Instance | F117: 60 | G117: 66 | H117: 72.6 | I117: 79.86 | J117: 87.846 | K117: 96.6306 | N117: =K117 -> 96.6306 | O117: =N117 -> 96.6306 | R117: =O117 -> 96.6306 | S117: =R117 -> 96.6306
B122: DATA CENTER MANAGEMENT
C123: Supplier Data Centers
D124: Rack Unit | E124: Per Rack | F124: 0 | G124: 20 | H124: 35 | I124: 57 | J124: 75 | K124: 75 | N124: =K124 -> 75 | O124: =N124 -> 75 | R124: =O124 -> 75 | S124: =R124 -> 75
D125: Secured Cage | E125: Per Cage | G125: 1 | H125: 1 | I125: 3 | J125: 3 | K125: 3 | N125: =K125 -> 3 | O125: =N125 -> 3 | R125: =O125 -> 3 | S125: =R125 -> 3
C126: Manassas Secondary Data Center | D126: 0 | E126: 0 | F126: 0 | G126: 0 | H126: 0 | I126: 0 | J126: 0
D127: Allocated Power | E127: Per KW | F127: 433 | G127: 433 | H127: 433 | I127: 699 | J127: 0 | K127: 0 | N127: =K127 -> 0 | O127: =N127 -> 0 | R127: =O127 -> 0 | S127: =R127 -> 0
...

Sheet Summary Pricing
B1: VA-180815-UC - FC20241025
B2: Summary of Charges ($)
L5: Option Year
B6: Charge Description | E6: Year 1 * | F6: Year 2 | G6: Year 3 | H6: Year 4 | I6: Year 5 | J6: Year 6 | K6: 6 Year Total | L6: Year 7 | M6: Year 8 | N6: Year 9 | O6: Year 10 | P6: 10 Years Total
B7: Server Services
D9: Base Charges | E9: ='1- Total Estimated Charges'!F198 -> 33528123 | F9: ='1- Total Estimated Charges'!G198 -> 35532668 | G9: ='1- Total Estimated Charges'!H198 -> 36519340 | H9: ='1- Total Estimated Charges'!I198 -> 39283113 | I9: ='1- Total Estimated Charges'!J198 -> 37988926 | J9: ='1- Total Estimated Charges'!K198 -> 39411162 | K9: ='1- Total Estimated Charges'!L198 -> 2.2226333e+08 | L9: 34470227 | M9: 34470227 | N9: 34539769 | O9: 34539769 | P9: =SUM(K9:O9) -> 3.6028332e+08
D11: Pass-Through Expenses | E11: 4426867.9 | F11: 4426867.9 | G11: 4176121.7 | H11: 3988062 | I11: 275400 | J11: 275400 | K11: 17568720 | L11: 275400 | M11: 275400 | N11: 275400 | O11: 275400 | P11: =SUM(K11:O11) -> 18670320
D13: Transition Charges (*) | E13: 7998000 | F13: 0 | G13: 0 | H13: 0 | I13: 0 | J13: 0 | K13: 7998000 | L13: 0 | M13: 0 | N13: 0 | O13: 0 | P13: =SUM(K13:O13) -> 7998000
B15: TOTAL SERVER SERVICES | E15: =SUM(E9:E13) -> 45952991 | F15: =SUM(F9:F13) -> 39959536 | G15: =SUM(G9:G13) -> 40695462 | H15: =SUM(H9:H13) -> 43271175 | I15: =SUM(I9:I13) -> 38264326 | J15: =SUM(J9:J13) -> 39686562 | K15: =SUM(E15:J15) -> 2.4783005e+08 | L15: 34745627 | M15: 34745627 | N15: 34815169 | O15: 34815169 | P15: =SUM(K15:O15) -> 3.8695164e+08
B18: (*) Shows Y-1 / Y1 combined
E21: Y0 | F21: Y1 | G21: Y2 | H21: Y3 | I21: Y4 | J21: Y5 | K21: Y6 | L21: Total
D22: Transition | E22: 7500000 | F22: 498000 | G22: 0 | H22: 0 | I22: 0 | J22: 0 | K22: 0 | L22: 7998000
D23: Passthrough | F23: 4426867.9 | G23: 4426867.9 | H23: 4176121.7 | I23: 3988062 | J23: 275400 | K23: 275400 | L23: 17568720
D24: Base | F24: 33528123 | G24: 35532668 | H24: 36519340 | I24: 38148530 | J24: 36319378 | K24: 37067883 | L24: 2.1711592e+08
E26: 7500000 | F26: 38452991 | G26: 39959536 | H26: 40695462 | I26: 42136591 | J26: 36594778 | K26: 37343283 | L26: 2.4268264e+08

Sheet 4 - HSC
C1: VA-180815-UC - FC20241025
B2: Hardware Service Charge Estimate ($)
B3: Note 1: HSC dollars listed here are not in addition to HSC dollars listed in the Total Estimated Charges tab and should be included in the Total Estimate Charges.
C5: 1.02 | D5: CY1Q1 | E5: CY1Q2 | F5: CY1Q3 | G5: CY1Q4 | H5: Contract Year 1 Total | I5: CY2Q1 | J5: CY2Q2 | K5: CY2Q3 | L5: CY2Q4 | M5: Contract Year 2 Total | N5: Contract Year 3 | O5: Contract Year 4 | P5: Contract Year 5 | Q5: Contract Year 6 | R5: 6 Year Total | S5: Contract Year 7 | T5: Contract Year 8 | U5: 8 Year Total | V5: Contract Year 9 | W5: Contract Year 10 | X5: 10 Year Total
C8: HSC - Totals
C9: Number of servers | D9: =D22+D35+D48+D61+D74+D87 -> 378.32 | E9: =E22+E35+E48+E61+E74+E87 -> 0 | F9: =F22+F35+F48+F61+F74+F87 -> 0 | G9: =G22+G35+G48+G61+G74+G87 -> 1 | I9: =I22+I35+I48+I61+I74+I87 -> 400.048 | J9: =J22+J35+J48+J61+J74+J87 -> 91 | K9: =K22+K35+K48+K61+K74+K87 -> 6 | L9: =L22+L35+L48+L61+L74+L87 -> 42 | N9: =N22+N35+N48+N61+N74+N87 -> 255.8688 | O9: =O22+O35+O48+O61+O74+O87 -> 208.22192 | P9: =P22+P35+P48+P61+P74+P87 -> 194.93973 | Q9: =Q22+Q35+Q48+Q61+Q74+Q87 -> 183.88576 | S9: =S22+S35+S48+S61+S74+S87 -> 126 | T9: =T22+T35+T48+T61+T74+T87 -> 35 | V9: =V22+V35+V48+V61+V74+V87 -> 0 | W9: =W22+W35+W48+W61+W74+W87 -> 0
C10: Average cost per server
C11: Server hardware | D11: =D24+D37+D50+D63+D76+D89 -> 2427616.8 | E11: =E24+E37+E50+E63+E76+E89 -> 0 | F11: =F24+F37+F50+F63+F76+F89 -> 0 | G11: =G24+G37+G50+G63+G76+G89 -> 144552 | H11: =SUM(D11:G11) -> 2572168.8 | I11: =I24+I37+I50+I63+I76+I89 -> 4613306.2 | J11: =J24+J37+J50+J63+J76+J89 -> 1456166.9 | K11: =K24+K37+K50+K63+K76+K89 -> 219573.88 | L11: =L24+L37+L50+L63+L76+L89 -> 262691.2 | M11: =SUM(I11:L11) -> 6551738.2 | N11: =N24+N37+N50+N63+N76+N89 -> 1607480.1 | O11: =O24+O37+O50+O63+O76+O89 -> 1424063.2 | P11: =P24+P37+P50+P63+P76+P89 -> 1235521.7 | Q11: =Q24+Q37+Q50+Q63+Q76+Q89 -> 1118988.9 | R11: =SUM(H11+M11+N11+O11+P11+Q11) -> 14509961 | S11: =S24+S37+S50+S63+S76+S89 -> 814637.88 | T11: =T24+T37+T50+T63+T76+T89 -> 226288.3 | U11: =R11+S11+T11 -> 15550887 | V11: =V24+V37+V50+V63+V76+V89 -> 0 | W11: =W24+W37+W50+W63+W76+W89 -> 0 | X11: =U11+V11+W11 -> 15550887
C12: Server hardware maintenance | D12: =D25+D38+D51+D64+D77+D90 -> 1727104.8 | E12: =E25+E38+E51+E64+E77+E90 -> 0 | F12: =F25+F38+F51+F64+F77+F90 -> 0 | G12: =G25+G38+G51+G64+G77+G90 -> 45715.369 | H12: =SUM(D12:G12) -> 1772820.2 | I12: =I25+I38+I51+I64+I77+I90 -> 2277270.1 | J12: =J25+J38+J51+J64+J77+J90 -> 820353.93 | K12: =K25+K38+K51+K64+K77+K90 -> 84963.195 | L12: =L25+L38+L51+L64+L77+L90 -> 92296.908 | M12: =SUM(I12:L12) -> 3274884.2 | N12: =N25+N38+N51+N64+N77+N90 -> 596427.26 | O12: =O25+O38+O51+O64+O77+O90 -> 426639.43 | P12: =P25+P38+P51+P64+P77+P90 -> 385897.67 | Q12: =Q25+Q38+Q51+Q64+Q77+Q90 -> 338684.98 | R12: =SUM(H12+M12+N12+O12+P12+Q12) -> 6795353.7 | S12: =S25+S38+S51+S64+S77+S90 -> 286224.12 | T12: =T25+T38+T51+T64+T77+T90 -> 79506.7 | U12: =R12+S12+T12 -> 7161084.5 | V12: =V25+V38+V51+V64+V77+V90 -> 0 | W12: =W25+W38+W51+W64+W77+W90 -> 0 | X12: =U12+V12+W12 -> 7161084.5
C13: Other | H13: =SUM(D13:G13) -> 0 | M13: =SUM(I13:L13) -> 0 | R13: =SUM(D13:Q13) -> 0 | U13: =R13+S13+T13 -> 0 | X13: =U13+V13+W13 -> 0
C14: Total | D14: =SUM(D11:D13) -> 4154721.6 | E14: =SUM(E11:E13) -> 0 | F14: =SUM(F11:F13) -> 0 | G14: =SUM(G11:G13) -> 190267.37 | H14: =SUM(H11:H13) -> 4344989 | I14: =SUM(I11:I13) -> 6890576.3 | J14: =SUM(J11:J13) -> 2276520.8 | K14: =SUM(K11:K13) -> 304537.08 | ... Q14: =SUM(Q11:Q13) -> 1457673.9 | R14: =SUM(H14+M14+N14+O14+P14+Q14) -> 21305315 | S14: =SUM(S11:S13) -> 1100862 | T14: =SUM(T11:T13) -> 305795 | U14: =R14+S14+T14 -> 22711972 | V14: =SUM(V11:V13) -> 0 | W14: =SUM(W11:W13) -> 0 | X14: =U14+V14+W14 -> 22711972
S17: Renewal Option 1 | V17: Reneal Option 2
C18: 1.02 | D18: CY1Q1 | E18: CY1Q2 | F18: CY1Q3 | G18: CY1Q4 | H18: Contract Year 1 Total | I18: CY2Q1 | J18: CY2Q2 | K18: CY2Q3 | L18: CY2Q4 | M18: Contract Year 2 Total | N18: Contract Year 3 | O18: Contract Year 4 | P18: Contract Year 5 | Q18: Contract Year 6 | R18: 6 Year Total | S18: Contract Year 7 | T18: Contract Year 8 | U18: 8 Year Total | V18: Contract Year 9 | W18: Contract Year 10 | X18: 10 Year Total
C21: Hardware Service Charge (HSC) - Host of Remote VM (Linux or Windows)
C22: Number of servers | D22: 11 | E22: 0 | F22: 0 | G22: 0 | I22: 11 | J22: 0 | K22: 0 | L22: 0 | N22: 8 | O22: 8 | P22: 8 | Q22: 8 | R22: =SUM(D22:Q22) -> 54
C23: Average cost per server | D23: =D27/D22 -> 9175.9798 | I23: =I27/I22 -> 9175.9798 | N23: =N27/N22 -> 9175.9798 | O23: =O27/O22 -> 9175.9798 | P23: =P27/P22 -> 9175.9798 | Q23: =Q27/Q22 -> 9175.9798
C24: Server hardware | D24: 81569.742 | H24: =SUM(D24:G24) -> 81569.742 | I24: 81569.742 | M24: =SUM(I24:L24) -> 81569.742 | N24: 59323.449 | O24: 59323.449 | P24: 59323.449 | Q24: 59323.449 | R24: =SUM(H24+M24+N24+O24+P24+Q24) -> 400433.28 | U24: =R24+S24+T24 -> 400433.28 | X24: =U24+V24+W24 -> 400433.28
C25: Server hardware maintenance | D25: 19366.036 | H25: =SUM(D25:G25) -> 19366.036 | I25: 19366.036 | M25: =SUM(I25:L25) -> 19366.036 | N25: 14084.39 | O25: 14084.39 | P25: 14084.39 | Q25: 14084.39 | R25: =SUM(H25+M25+N25+O25+P25+Q25) -> 95069.63 | U25: =R25+S25+T25 -> 95069.63 | X25: =U25+V25+W25 -> 95069.63
C26: Other | H26: =SUM(D26:G26) -> 0 | M26: =SUM(I26:L26) -> 0 | R26: =SUM(D26:Q26) -> 0 | S26: 0 | T26: 0 | U26: =R26+S26+T26 -> 0 | V26: 0 | W26: 0 | X26: =U26+V26+W26 -> 0
C27: Total | D27: =SUM(D24:D26) -> 100935.78 | H27: =SUM(H24:H26) -> 100935.78 | I27: =SUM(I24:I26) -> 100935.78 | M27: =SUM(M24:M26) -> 100935.78 | N27: =SUM(N24:N26) -> 73407.838 | O27: =SUM(O24:O26) -> 73407.838 | P27: =SUM(P24:P26) -> 73407.838 | Q27: =SUM(Q24:Q26) -> 73407.838 | R27: =SUM(H27+M27+N27+O27+P27+Q27) -> 495502.91 | S27: =SUM(S24:S26) -> 0 | T27: =SUM(T24:T26) -> 0 | U27: =R27+S27+T27 -> 495502.91 | V27: =SUM(V24:V26) -> 0 | W27: =SUM(W24:W26) -> 0 | X27: =U27+V27+W27 -> 495502.91
S30: Renewal Option 1 | V30: Reneal Option 2
C31: 1.02 | D31: CY1Q1 | E31: CY1Q2 | F31: CY1Q3 | G31: CY1Q4 | H31: Contract Year 1 Total | I31: CY2Q1 | J31: CY2Q2 | K31: CY2Q3 | L31: CY2Q4 | M31: Contract Year 2 Total | N31: Contract Year 3 | O31: Contract Year 4 | P31: Contract Year 5 | Q31: Contract Year 6 | R31: 6 Year Total | S31: Contract Year 7 | T31: Contract Year 8 | U31: 8 Year Total | V31: Contract Year 9 | W31: Contract Year 10 | X31: 10 Year Total
C34: Hardware Service Charge (HSC) - Host of Unix VM
C35: Number of servers | I35: 5 | R35: =SUM(D35:Q35) -> 5 | S35: 0 | T35: 0 | V35: 0 | W35: 0
C36: Average cost per server | I36: =I40/I35 -> 636036.52 | S36: 0 | T36: 0 | V36: 0 | W36: 0
C37: Server hardware | H37: =SUM(D37:G37) -> 0 | I37: 2101421.7 | M37: =SUM(I37:L37) -> 2101421.7 | R37: =SUM(H37+M37+N37+O37+P37+Q37) -> 2101421.7 | S37: 0 | T37: 0 | U37: =R37+S37+T37 -> 2101421.7 | V37: 0 | W37: 0 | X37: =U37+V37+W37 -> 2101421.7
C38: Server hardware maintenance | H38: =SUM(D38:G38) -> 0 | I38: 1078760.9 | M38: =SUM(I38:L38) -> 1078760.9 | R38: =SUM(H38+M38+N38+O38+P38+Q38) -> 1078760.9 | S38: 0 | T38: 0 | U38: =R38+S38+T38 -> 1078760.9 | V38: 0 | W38: 0 | X38: =U38+V38+W38 -> 1078760.9
C39: Other | H39: =SUM(D39:G39) -> 0 | M39: =SUM(I39:L39) -> 0 | R39: =SUM(D39:Q39) -> 0 | S39: 0 | T39: 0 | U39: =R39+S39+T39 -> 0 | V39: 0 | W39: 0 | X39: =U39+V39+W39 -> 0
C40: Total | D40: =SUM(D37:D39) -> 0 | E40: =SUM(E37:E39) -> 0 | F40: =SUM(F37:F39) -> 0 | G40: =SUM(G37:G39) -> 0 | H40: =SUM(H37:H39) -> 0 | I40: =SUM(I37:I39) -> 3180182.6 | J40: =SUM(J37:J39) -> 0 | K40: =SUM(K37:K39) -> 0 | ... Q40: =SUM(Q37:Q39) -> 0 | R40: =SUM(H40+M40+N40+O40+P40+Q40) -> 3180182.6 | S40: 0 | T40: 0 | U40: =R40+S40+T40 -> 3180182.6 | V40: 0 | W40: 0 | X40: =U40+V40+W40 -> 3180182.6
S43: Renewal Option 1 | V43: Reneal Option 2
C44: 1.02 | D44: CY1Q1 | E44: CY1Q2 | F44: CY1Q3 | G44: CY1Q4 | H44: Contract Year 1 Total | I44: CY2Q1 | J44: CY2Q2 | K44: CY2Q3 | L44: CY2Q4 | M44: Contract Year 2 Total | N44: Contract Year 3 | O44: Contract Year 4 | P44: Contract Year 5 | Q44: Contract Year 6 | R44: 6 Year Total | S44: Contract Year 7 | T44: Contract Year 8 | U44: 8 Year Total | V44: Contract Year 9 | W44: Contract Year 10 | X44: 10 Year Total
C47: Hardware Service Charge (HSC) - Physical x86
C48: Number of servers | D48: 367.32 | I48: 342.048 | N48: 212.8688 | O48: 199.22192 | P48: 186.93973 | Q48: 175.88576 | R48: =SUM(D48:Q48) -> 1484.2842 | S48: 0 | T48: 0 | V48: 0 | W48: 0
C49: Average cost per server | D49: =D53/D48 -> 8550.4257 | I49: =I53/I48 -> 8446.9211 | N49: =N53/N48 -> 8189.8886 | O49: =O53/O48 -> 7966.1286 | P49: =P53/P48 -> 8280.8057 | Q49: =Q53/Q48 -> 7870.2567 | S49: 0 | T49: 0 | V49: 0 | W49: 0
C50: Server hardware | D50: 2346047.1 | H50: =SUM(D50:G50) -> 2346047.1 | I50: 2167623.5 | M50: =SUM(I50:L50) -> 2167623.5 | N50: 1329247.3 | O50: 1220187.8 | P50: 1176198.3 | Q50: 1059665.5 | R50: =SUM(D50:Q50) -> 13812640 | S50: 0 | T50: 0 | U50: =R50 -> 13812640 | V50: 0 | W50: 0 | X50: =U50 -> 13812640
C51: Server hardware maintenance | D51: 794695.3 | H51: =SUM(D51:G51) -> 794695.3 | I51: 721628.93 | M51: =SUM(I51:L51) -> 721628.93 | N51: 414124.43 | O51: 366839.67 | P51: 371813.28 | Q51: 324600.59 | R51: =SUM(D51:Q51) -> 4510026.5 | S51: 0 | T51: 0 | U51: =R51 -> 4510026.5 | V51: 0 | W51: 0 | X51: =U51 -> 4510026.5
C52: Other | H52: =SUM(D52:G52) -> 0 | M52: 0 | R52: =SUM(D52:Q52) -> 0 | S52: 0 | T52: 0 | U52: 0 | V52: 0 | W52: 0 | X52: 0
C53: Total | D53: =SUM(D50:D52) -> 3140742.4 | E53: =SUM(E50:E52) -> 0 | F53: =SUM(F50:F52) -> 0 | G53: =SUM(G50:G52) -> 0 | H53: =SUM(H50:H52) -> 3140742.4 | I53: =SUM(I50:I52) -> 2889252.5 | J53: =SUM(J50:J52) -> 0 | K53: =SUM(K50:K52) -> 0 | ... Q53: =SUM(Q50:Q52) -> 1384266 | R53: =SUM(H53+M53+N53+O53+P53+Q53) -> 12292672 | S53: 0 | T53: 0 | U53: =R53 -> 12292672 | V53: 0 | W53: 0 | X53: =U53 -> 12292672
C54: * Unix boxes will be handle on the case by case basis
S56: Renewal Option 1 | V56: Reneal Option 2
C57: 1.02 | D57: CY1Q1 | E57: CY1Q2 | F57: CY1Q3 | G57: CY1Q4 | H57: Contract Year 1 Total | I57: CY2Q1 | J57: CY2Q2 | K57: CY2Q3 | L57: CY2Q4 | M57: Contract Year 2 Total | N57: Contract Year 3 | O57: Contract Year 4 | P57: Contract Year 5 | Q57: Contract Year 6 | R57: 6 Year Total | S57: Contract Year 7 | T57: Contract Year 8 | U57: 8 Year Total | V57: Contract Year 9 | W57: Contract Year 10 | X57: 10 Year Total
C60: Hardware Service Charge (HSC) - Physical Unix Servers
C61: Number of servers | J61: 49 | K61: 5 | R61: =SUM(D61:Q61) -> 54 | S61: 0 | T61: 0 | V61: 0 | W61: 0
C62: Average cost per server | J62: =J66/J61 -> 39214.953 | K62: =K66/K61 -> 22853.943 | S62: 0 | T62: 0 | V62: 0 | W62: 0
C63: Server hardware | H63: =SUM(D63:G63) -> 0 | J63: 1193475.7 | K63: 75021.887 | M63: =SUM(I63:L63) -> 1268497.5 | R63: =SUM(N63:Q63)+M63+H63 -> 1268497.5 | S63: 0 | T63: 0 | U63: =R63 -> 1268497.5 | V63: 0 | W63: 0 | X63: =U63 -> 1268497.5
C64: Server hardware maintenance | H64: =SUM(D64:G64) -> 0 | J64: 728057.02 | K64: 39247.826 | M64: =SUM(I64:L64) -> 767304.85 | R64: =SUM(N64:Q64)+M64+H64 -> 767304.85 | S64: 0 | T64: 0 | U64: =R64 -> 767304.85 | V64: 0 | W64: 0 | X64: =U64 -> 767304.85
C65: Other | H65: =SUM(D65:G65) -> 0 | M65: 0 | R65: 0 | S65: 0 | T65: 0 | U65: 0 | V65: 0 | W65: 0 | X65: 0
C66: Total | H66: =SUM(H63:H65) -> 0 | I66: =SUM(I63:I65) -> 0 | J66: =SUM(J63:J65) -> 1921532.7 | K66: =SUM(K63:K65) -> 114269.71 | L66: =SUM(L63:L65) -> 0 | M66: =SUM(M63:M65) -> 2035802.4 | N66: =SUM(N63:N65) -> 0 | O66: =SUM(O63:O65) -> 0 | ... Q66: =SUM(Q63:Q65) -> 0 | R66: =SUM(H66+M66+N66+O66+P66+Q66) -> 2035802.4 | S66: 0 | T66: 0 | U66: =R66 -> 2035802.4 | V66: 0 | W66: 0 | X66: =U66 -> 2035802.4
C67: * Unix boxes will be handle on the case by case basis
S69: Renewal Option 1 | V69: Reneal Option 2
C70: 1.02 | D70: CY1Q1 | E70: CY1Q2 | F70: CY1Q3 | G70: CY1Q4 | H70: Contract Year 1 Total | I70: CY2Q1 | J70: CY2Q2 | K70: CY2Q3 | L70: CY2Q4 | M70: Contract Year 2 Total | N70: Contract Year 3 | O70: Contract Year 4 | P70: Contract Year 5 | Q70: Contract Year 6 | R70: 6 Year Total | S70: Contract Year 7 | T70: Contract Year 8 | U70: 8 Year Total | V70: Contract Year 9 | W70: Contract Year 10 | X70: 10 Year Total
C73: Hardware Service Charge (HSC) - Remote NAS & SAN
C74: Number of servers | G74: 1 | I74: 42 | J74: 42 | K74: 1 | L74: 42 | N74: 35 | O74: 1 | R74: =SUM(D74:Q74) -> 164 | S74: 126 | T74: 35 | V74: 0 | W74: 0
C75: Average cost per server | G75: DMV | I75: =I79/I74 -> 8452.0978 | J75: =J79/J74 -> 8452.0978 | K75: TAX | L75: =L79/L74 -> 8452.0978 | N75: =N79/N74 -> 8452.0978 | O75: VDOT | S75: =S79/S74 -> 8737 | T75: =T79/T74 -> 8737 | V75: 0 | W75: 0
C76: Server hardware | G76: 144552 | H76: =SUM(D76:G76) -> 144552 | I76: 262691.2 | J76: 262691.2 | K76: 144552 | L76: 262691.2 | M76: =SUM(I76:L76) -> 932625.6 | N76: 218909.33 | O76: 144552 | R76: =SUM(N76:Q76)+M76+H76 -> 1440638.9 | S76: 814637.88 | T76: 226288.3 | U76: =R76 -> 1440638.9 | V76: 0 | W76: 0 | X76: =U76 -> 1440638.9
C77: Server hardware maintenance | G77: 45715.369 | H77: =SUM(D77:G77) -> 45715.369 | I77: 92296.908 | J77: 92296.908 | K77: 45715.369 | L77: 92296.908 | M77: =SUM(I77:L77) -> 322606.09 | N77: 76914.09 | O77: 45715.369 | R77: =SUM(N77:Q77)+M77+H77 -> 490950.92 | S77: 286224.12 | T77: 79506.7 | U77: =R77 -> 490950.92 | V77: 0 | W77: 0 | X77: =U77 -> 490950.92
C78: Other | H78: 0 | M78: 0 | R78: 0 | S78: 0 | T78: 0 | U78: 0 | V78: 0 | W78: 0 | X78: 0
C79: Total | H79: =SUM(H76:H78) -> 190267.37 | I79: =SUM(I76:I78) -> 354988.11 | J79: =SUM(J76:J78) -> 354988.11 | K79: =SUM(K76:K78) -> 190267.37 | L79: =SUM(L76:L78) -> 354988.11 | M79: =SUM(M76:M78) -> 1255231.7 | N79: =SUM(N76:N78) -> 295823.42 | O79: =SUM(O76:O78) -> 190267.37 | ... Q79: =SUM(Q76:Q78) -> 0 | R79: =SUM(H79+M79+N79+O79+P79+Q79) -> 1931589.8 | S79: =SUM(S76:S78) -> 1100862 | T79: =SUM(T76:T78) -> 305795 | U79: =R79 -> 1931589.8 | V79: 0 | W79: 0 | X79: =U79 -> 1931589.8
C80: * Unix boxes will be handle on the case by case basis
S82: Renewal Option 1 | V82: Reneal Option 2
C83: 1.02 | D83: CY1Q1 | E83: CY1Q2 | F83: CY1Q3 | G83: CY1Q4 | H83: Contract Year 1 Total | I83: CY2Q1 | J83: CY2Q2 | K83: CY2Q3 | L83: CY2Q4 | M83: Contract Year 2 Total | N83: Contract Year 3 | O83: Contract Year 4 | P83: Contract Year 5 | Q83: Contract Year 6 | R83: 6 Year Total | S83: Contract Year 7 | T83: Contract Year 8 | U83: 8 Year Total | V83: Contract Year 9 | W83: Contract Year 10 | X83: 10 Year Total
C86: Hardware Service Charge (HSC) - Existing Hardware Asset Maintenance
C87: Number of servers | S87: 0 | T87: 0 | V87: 0 | W87: 0
C88: Average cost per server | S88: 0 | T88: 0 | V88: 0 | W88: 0
C89: Server hardware | H89: =SUM(D89:G89) -> 0 | M89: =SUM(I89:L89) -> 0 | R89: =SUM(N89:Q89)+M89+H89 -> 0 | S89: 0 | T89: 0 | U89: =R89 -> 0 | V89: 0 | W89: 0 | X89: =U89 -> 0
C90: Server hardware maintenance | D90: 913043.48 | H90: =SUM(D90:G90) -> 913043.48 | I90: 365217.39 | M90: =SUM(I90:L90) -> 365217.39 | N90: 91304.348 | R90: =SUM(N90:Q90)+M90+H90 -> 1369565.2 | S90: 0 | T90: 0 | U90: =R90 -> 1369565.2 | V90: 0 | W90: 0 | X90: =U90 -> 1369565.2
C91: Other | H91: 0 | M91: 0 | R91: 0 | S91: 0 | T91: 0 | U91: 0 | V91: 0 | W91: 0 | X91: 0
C92: Total | H92: =SUM(H89:H91) -> 913043.48 | I92: =SUM(I89:I91) -> 365217.39 | J92: =SUM(J89:J91) -> 0 | K92: =SUM(K89:K91) -> 0 | L92: =SUM(L89:L91) -> 0 | M92: =SUM(M89:M91) -> 365217.39 | N92: =SUM(N89:N91) -> 91304.348 | O92: =SUM(O89:O91) -> 0 | ... Q92: =SUM(Q89:Q91) -> 0 | R92: =SUM(H92+M92+N92+O92+P92+Q92) -> 1369565.2 | S92: 0 | T92: 0 | U92: =R92 -> 1369565.2 | V92: 0 | W92: 0 | X92: =U92 -> 1369565.2
C93: * Unix boxes will be handle on the case by case basis
D96: Y1 | E96: Y2 | F96: Y3 | G96: Y4 | H96: Y5 | I96: Y6 | J96: Y7 | K96: Y8 | L96: Y9
C97: Storage SAN - Tier 1 - Central Data Centers | D97: =D27/5 -> 20187.156 | E97: =D97 -> 20187.156 | F97: =E97 -> 20187.156 | G97: =F97 -> 20187.156 | H97: =G97 -> 20187.156
C98: Storage SAN - Tier 1 - Central Data Centers | E98: =M27/5 -> 20187.156 | F98: =E98 -> 20187.156 | G98: =F98 -> 20187.156 | H98: =G98 -> 20187.156 | I98: =H98 -> 20187.156
C99: Storage SAN - Tier 1 - Central Data Centers | F99: =N27/5 -> 14681.568 | G99: =F99 -> 14681.568 | H99: =G99 -> 14681.568 | I99: =H99 -> 14681.568 | J99: =I99 -> 14681.568
C100: Storage SAN - Tier 1 - Central Data Centers | G100: =O27/5 -> 14681.568 | H100: =G100 -> 14681.568 | I100: =H100 -> 14681.568 | J100: =I100 -> 14681.568 | K100: =J100 -> 14681.568
C101: Storage SAN - Tier 1 - Central Data Centers | H101: =P27/5 -> 14681.568 | I101: =H101 -> 14681.568 | J101: =I101 -> 14681.568 | K101: =J101 -> 14681.568 | L101: =K101 -> 14681.568
C102: Storage SAN - Tier 1 - Central Data Centers | I102: =Q27/5 -> 14681.568 | J102: =I102 -> 14681.568 | K102: =J102 -> 14681.568 | L102: =K102 -> 14681.568 | M102: =L102 -> 14681.568
C103: Storage SAN - Tier 1 - Central Data Centers | D103: =SUM(D97:D102) -> 20187.156 | E103: =SUM(E97:E102) -> 40374.311 | F103: =SUM(F97:F102) -> 55055.879 | G103: =SUM(G97:G102) -> 69737.446 | H103: =SUM(H97:H102) -> 84419.014 | I103: =SUM(I97:I102) -> 78913.426 | J103: =SUM(J97:J102) -> 58726.271 | K103: =SUM(K97:K102) -> 44044.703 | ... M103: =SUM(M97:M102) -> 14681.568
C106: =C34 -> Hardware Service Charge (HSC) - Host of Unix VM | E106: =M40/5 -> 636036.52 | F106: =E106 -> 636036.52 | G106: =F106 -> 636036.52 | H106: =G106 -> 636036.52 | I106: =H106 -> 636036.52
C108: =C47 -> Hardware Service Charge (HSC) - Physical x86 | D108: =H53/5 -> 628148.48 | E108: =D108 -> 628148.48 | F108: =E108 -> 628148.48 | G108: =F108 -> 628148.48 | H108: =G108 -> 628148.48
C109: =C108 -> Hardware Service Charge (HSC) - Physical x86 | E109: =M53/5 -> 577850.49 | F109: =E109 -> 577850.49 | G109: =F109 -> 577850.49 | H109: =G109 -> 577850.49 | I109: =H109 -> 577850.49
C110: =C109 -> Hardware Service Charge (HSC) - Physical x86 | F110: =N53/5 -> 348674.35 | G110: =F110 -> 348674.35 | H110: =G110 -> 348674.35 | I110: =H110 -> 348674.35 | J110: =I110 -> 348674.35
C111: =C110 -> Hardware Service Charge (HSC) - Physical x86 | G111: =O53/5 -> 317405.49 | H111: =G111 -> 317405.49 | I111: =H111 -> 317405.49 | J111: =I111 -> 317405.49 | K111: =J111 -> 317405.49
C112: =C111 -> Hardware Service Charge (HSC) - Physical x86 | H112: =P53/5 -> 309602.31 | I112: =H112 -> 309602.31 | J112: =I112 -> 309602.31 | K112: =J112 -> 309602.31 | L112: =K112 -> 309602.31
C113: =C112 -> Hardware Service Charge (HSC) - Physical x86 | I113: =Q53/5 -> 276853.21 | J113: =I113 -> 276853.21 | K113: =J113 -> 276853.21 | L113: =K113 -> 276853.21 | M113: =L113 -> 276853.21
C114: =C113 -> Hardware Service Charge (HSC) - Physical x86 | D114: =SUM(D108:D113) -> 628148.48 | E114: =SUM(E108:E113) -> 1205999 | F114: =SUM(F108:F113) -> 1554673.3 | G114: =SUM(G108:G113) -> 1872078.8 | H114: =SUM(H108:H113) -> 2181681.1 | I114: =SUM(I108:I113) -> 1830385.9
C116: =C60 -> Hardware Service Charge (HSC) - Physical Unix Servers | E116: =M66/5 -> 407160.48 | F116: =E116 -> 407160.48 | G116: =F116 -> 407160.48 | H116: =G116 -> 407160.48 | I116: =H116 -> 407160.48
C118: =C73 -> Hardware Service Charge (HSC) - Remote NAS & SAN | D118: =H79/5 -> 38053.473 | E118: =D118 -> 38053.473 | F118: =E118 -> 38053.473 | G118: =F118 -> 38053.473 | H118: =G118 -> 38053.473
C119: =C118 -> Hardware Service Charge (HSC) - Remote NAS & SAN | E119: =M79/5 -> 251046.34 | F119: =E119 -> 251046.34 | G119: =F119 -> 251046.34 | H119: =G119 -> 251046.34 | I119: =H119 -> 251046.34
C120: =C119 -> Hardware Service Charge (HSC) - Remote NAS & SAN | F120: =N79/5 -> 59164.685 | G120: =F120 -> 59164.685 | H120: =G120 -> 59164.685 | I120: =H120 -> 59164.685 | J120: =I120 -> 59164.685
C121: =C120 -> Hardware Service Charge (HSC) - Remote NAS & SAN | G121: =O79/5 -> 38053.473 | H121: =G121 -> 38053.473 | I121: =H121 -> 38053.473 | J121: =I121 -> 38053.473 | K121: =J121 -> 38053.473
C122: =C121 -> Hardware Service Charge (HSC) - Remote NAS & SAN
C123: =C122 -> Hardware Service Charge (HSC) - Remote NAS & SAN | D123: =SUM(D118:D122) -> 38053.473 | E123: =SUM(E118:E122) -> 289099.81 | F123: =SUM(F118:F122) -> 348264.5 | G123: =SUM(G118:G122) -> 386317.97 | H123: =SUM(H118:H122) -> 386317.97 | I123: =SUM(I118:I122) -> 348264.5
C125: Maint | D125: =D90 -> 913043.48 | E125: =I90 -> 365217.39 | F125: =N90 -> 91304.348
D127: =D125+D123+D116+D114+D106+D103 -> 1599432.6 | E127: =E125+E123+E116+E114+E106+E103 -> 2943887.5 | F127: =F125+F123+F116+F114+F106+F103 -> 3092495 | G127: =G125+G123+G116+G114+G106+G103 -> 3371331.2 | H127: =H125+H123+H116+H114+H106+H103 -> 3695615.1 | I127: =I125+I123+I116+I114+I106+I103 -> 3300760.8

Sheet 5 - Pass-Through
B1: VA-180815-UC - FC20241025
B2: Pass-Through Expenses ($) (Estimated)
M6: Renewal Option 1 | Q6: Renewal Option 2
B7: Description | E7: Contract Year 1 | F7: Contract Year 2 | G7: Contract Year 3 | H7: Contract Year 4 | I7: Contract Year 5 | J7: Contract Year 6 | K7: 6 Year Total | M7: Contract Year 7 | N7: Contract Year 8 | O7: 8 Year Total | Q7: Contract Year 9 | R7: Contract Year 10 | S7: 10 Year Total
B8: DATA CENTER MANAGEMENT
C9: Pass-Through Expenses (Estimated)
D10: SOC 2, Type 2 Audit | E10: 275400 | F10: 275400 | G10: 275400 | H10: 275400 | I10: 275400 | J10: 275400 | K10: =SUM(E10:J10) -> 1652400 | M10: =J10 -> 275400 | N10: =M10 -> 275400 | O10: =SUM(K10:N10) -> 2203200 | Q10: =N10 -> 275400 | R10: =Q10 -> 275400 | S10: =SUM(O10:R10) -> 2754000
D11: Public Cloud Consumption: monthly metered (N/A to RU based services) | E11: 0 | F11: 0 | G11: 0 | H11: 0 | I11: 0 | J11: 0 | K11: 0 | M11: TBD | N11: TBD | O11: TBD | Q11: TBD | R11: TBD | S11: TBD
D12: AWS | J12: List -10% | K12: list-10% | M12: TBD | N12: TBD | O12: TBD | Q12: TBD | R12: TBD | S12: TBD
D13: Oracle | J13: List-7% | K13: 0 | M13: TBD | N13: TBD | O13: TBD | Q13: TBD | R13: TBD | S13: TBD
D14: Google | J14: List | K14: 0 | M14: TBD | N14: TBD | O14: TBD | Q14: TBD | R14: TBD | S14: TBD
D15: Azure | J15: List-2% | K15: 0 | M15: TBD | N15: TBD | O15: TBD | Q15: TBD | R15: TBD | S15: TBD
D16: AWS Public Cloud 24x7 Enterprise Support | E16: 0 | F16: 0 | G16: 0 | H16: 0 | I16: 0 | J16: 0 | K16: * | M16: TBD | N16: TBD | O16: TBD | Q16: TBD | R16: TBD | S16: TBD
D17: AWS Resource as needed | J17: AWS Hourly rate | K17: AWS hourly rate
D18: CESC Facilities Management | E18: =241478.05*12 -> 2897736.6 | F18: =241478.05*12 -> 2897736.6 | G18: =241478.05*12 -> 2897736.6 | H18: =241478.05*12 -> 2897736.6 | I18: 0 | J18: 0 | K18: =SUM(E18:J18) -> 11590946 | M18: 0 | N18: 0 | O18: =SUM(K18:N18) -> 11590946 | Q18: 0 | R18: 0 | S18: =SUM(O18:R18) -> 11590946
D19: CESC Power Consumption | E19: 1253731.3 | F19: 1253731.3 | G19: =1253731.34*0.8 -> 1002985.1 | H19: =1253731.34*0.65 -> 814925.37 | I19: 0 | J19: 0 | K19: =SUM(E19:J19) -> 4325373.1 | M19: 0 | N19: 0 | O19: =SUM(K19:N19) -> 4325373.1 | Q19: 0 | R19: 0 | S19: =SUM(O19:R19) -> 4325373.1
D20: Other (insert description) | E20: 0 | F20: 0 | G20: 0 | H20: 0 | I20: 0 | J20: 0 | K20: =SUM(E20:J20) -> 0 | M20: 0 | N20: 0 | O20: =SUM(K20:N20) -> 0 | Q20: 0 | R20: 0 | S20: =SUM(O20:R20) -> 0
D21: Other (insert description) | E21: 0 | F21: 0 | G21: 0 | H21: 0 | I21: 0 | J21: 0 | K21: =SUM(E21:J21) -> 0 | M21: 0 | N21: 0 | O21: =SUM(K21:N21) -> 0 | Q21: 0 | R21: 0 | S21: =SUM(O21:R21) -> 0
D22: Other (insert description) | E22: 0 | F22: 0 | G22: 0 | H22: 0 | I22: 0 | J22: 0 | K22: =SUM(E22:J22) -> 0 | M22: 0 | N22: 0 | O22: =SUM(K22:N22) -> 0 | Q22: 0 | R22: 0 | S22: =SUM(O22:R22) -> 0
D23: Other (insert description) | E23: 0 | F23: 0 | G23: 0 | H23: 0 | I23: 0 | J23: 0 | K23: =SUM(E23:J23) -> 0 | M23: 0 | N23: 0 | O23: =SUM(K23:N23) -> 0 | Q23: 0 | R23: 0 | S23: =SUM(O23:R23) -> 0
D24: Other (insert description) | E24: 0 | F24: 0 | G24: 0 | H24: 0 | I24: 0 | J24: 0 | K24: =SUM(E24:J24) -> 0 | M24: 0 | N24: 0 | O24: =SUM(K24:N24) -> 0 | Q24: 0 | R24: 0 | S24: =SUM(O24:R24) -> 0
D25: Other (insert description) | E25: 0 | F25: 0 | G25: 0 | H25: 0 | I25: 0 | J25: 0 | K25: =SUM(E25:J25) -> 0 | M25: 0 | N25: 0 | O25: =SUM(K25:N25) -> 0 | Q25: 0 | R25: 0 | S25: =SUM(O25:R25) -> 0
D26: Total | E26: =SUM(E11:E25) -> 4151467.9 | F26: =SUM(F11:F25) -> 4151467.9 | G26: =SUM(G11:G25) -> 3900721.7 | H26: =SUM(H11:H25) -> 3712662 | I26: =SUM(I11:I25) -> 0 | J26: =SUM(J11:J25) -> 0 | K26: =SUM(K10:K25) -> 17568720 | M26: =SUM(M11:M25) -> 0 | N26: =SUM(N11:N25) -> 0 | O26: =SUM(O11:O25) -> 15916320 | Q26: =SUM(Q11:Q25) -> 0 | R26: =SUM(R11:R25) -> 0 | S26: =SUM(S11:S25) -> 15916320
D28: *No charge up to $150k of monthly AWS public cloud consumption.
D29: **TBD to allow renegotiations with CSP's as consumption grows and pass additional savings onto the COV if possible.
D30: Note: AWS percentage discount that VITA shall receive will be contingent upon discount Unisys negotiates with AWS.

Sheet 6a - Migration Milestone Chrgs
C1: VA-180815-UC - FC20241025
B2: Milestone Charges
B3: ($)
H4: Milestone Charges - Paid at Completion | O4: Scenario 3: Milestone Charges - Paid over Term
C5: Critical Milestone | D5: Reference Document | E5: Completion Criteria Ref | F5: Completion Date | H5: Contract Year 1 | I5: Contract Year 2 | J5: Contract Year 3 | K5: Contract Year 4 | L5: Contract Year 5 | M5: Contract Year 6 | N5: Total | O5: Contract Year 1 | P5: Contract Year 2 | Q5: Contract Year 3 | R5: Contract Year 4 | S5: Contract Year 5 | T5: Contract Year 6 | U5: Total
C8: Primary Data Center Migration Milestones
C9: Initial Assessment | D9: Exh 2.4.2 tab Migration Milestones | E9: PDC-03 | F9: 43539 | H9: 300000 | N9: =SUM(H9:M9) -> 300000
C10: CESC Migration Strategy and Baseline Migration Plan | D10: Exh 2.4.2 tab Migration Milestones | E10: PDC-04 | F10: 43602 | H10: 200000 | N10: =SUM(H10:M10) -> 200000
C11: Base Migration Infrastructure Deployed | D11: Exh 2.4.2 tab Migration Milestones | E11: PDC-05 | F11: 44012 | I11: 600000 | N11: =SUM(H11:M11) -> 600000 | U11: 188195.21
C12: Migration Commencement Date | D12: Exh 2.4.2 tab Migration Milestones | E12: PDC-06 | F12: 44057
C13: 15% Workload Migrated | D13: Exh 2.4.2 tab Migration Milestones | E13: PDC-07 | F13: 44149 | I13: 626753.51 | N13: =SUM(H13:M13) -> 626753.51
C14: 30% Workload Migrated | D14: Exh 2.4.2 tab Migration Milestones | E14: PDC-08 | F14: 44149 | I14: 626753.51 | N14: =SUM(H14:M14) -> 626753.51 | U14: 188195.21
C15: 50% Workload Migrated | D15: Exh 2.4.2 tab Migration Milestones | E15: PDC-09 | F15: 44241 | J15: 626754 | N15: =SUM(H15:M15) -> 626754
C16: 70% Workload Migrated | D16: Exh 2.4.2 tab Migration Milestones | E16: PDC-10 | F16: 44330 | J16: 890201 | N16: =SUM(H16:M16) -> 890201
C17: 100% Workload Migrated | D17: Exh 2.4.2 tab Migration Milestones | E17: PDC-11 | F17: 44422 | J17: 300912 | N17: =SUM(H17:M17) -> 300912 | U17: 188195.21
C18: RESERVED | D18: Exh 2.4.2 tab Migration Milestones | E18: PDC-12 | N18: =SUM(H18:M18) -> 0 | U18: 188195.21
C19: RESERVED | D19: Exh 2.4.2 tab Migration Milestones | E19: PDC-13 | N19: =SUM(H19:M19) -> 0
C20: RESERVED | D20: Exh 2.4.2 tab Migration Milestones | E20: PDC-14 | N20: =SUM(H20:M20) -> 0
C21: Out of Building | D21: Exh 2.4.2 tab Migration Milestones | E21: PDC-15 | F21: 44514 | J21: 200000 | N21: =SUM(H21:M21) -> 200000
C22: Closing | D22: Exh 2.4.2 tab Migration Milestones | E22: PDC-16 | F22: 44544 | O22: =SUM(O7:O21) -> 0 | P22: =SUM(P7:P21) -> 0 | Q22: =SUM(Q7:Q21) -> 0 | R22: =SUM(R7:R21) -> 0 | S22: =SUM(S7:S21) -> 0 | T22: =SUM(T7:T21) -> 0 | U22: =SUM(U7:U21) -> 752780.83
C24: Total Migration Milestone Charges | H24: =SUM(H9:H21) -> 500000 | I24: =SUM(I9:I21) -> 1853507 | J24: =SUM(J9:J21) -> 2017867 | K24: =SUM(K9:K21) -> 0 | L24: =SUM(L9:L21) -> 0 | M24: =SUM(M9:M21) -> 0 | N24: =SUM(N9:N21) -> 4371374

Sheet 6b - Secondary DC Milestone chg
C1: VA-180815-UC - FC20241025
B2: Exhibit 6(b) Milestone Charges
B3: ($)
C4: 1.02
H5: Milestone Charges - Paid at Completion | O5: Scenario 3: Milestone Charges - Paid over Term
C6: Critical Milestone | D6: Reference Document | E6: Completion Criteria Ref | F6: Completion Date | H6: Contract Year 1 | I6: Contract Year 2 | J6: Contract Year 3 | K6: Contract Year 4 | L6: Contract Year 5 | M6: Contract Year 6 | N6: Total | O6: Contract Year 1 | P6: Contract Year 2 | Q6: Contract Year 3 | R6: Contract Year 4 | S6: Contract Year 5 | T6: Contract Year 6 | U6: Total
C9: Secondary Data Center Milestones
C10: Data Center Base Implementation | D10: Exh 2.4.3 tab Secondary DC Milestones | E10: SDC01 | F10: 44559 | K10: 467197 | N10: =SUM(H10:M10) -> 467197
C11: Network Core Functional | D11: Exh 2.4.3 tab Secondary DC Milestones | E11: SDC02 | F11: 44620 | K11: 1335795 | N11: =SUM(H11:M11) -> 1335795 | U11: 188195.21
C12: SAN Core Functional and SAN Storage is implemented. | D12: Exh 2.4.3 tab Secondary DC Milestones | E12: SDC03 | F12: 44648 | K12: 2085975 | N12: =SUM(H12:M12) -> 2085975
C13: All Private Cloud Operational | D13: Exh 2.4.3 tab Secondary DC Milestones | E13: SDC04 | F13: 44680 | K13: 1285850 | N13: =SUM(H13:M13) -> 1285850
C14: Secondary Data Center build and migration complete. | D14: Exh 2.4.3 tab Secondary DC Milestones | E14: SDC05 | F14: 44742 | K14: 1307384 | N14: =SUM(H14:M14) -> 1307384 | U14: 188195.21
C15: Exit Current DR Site in Manassas | D15: Exh 2.4.3 tab Secondary DC Milestones | E15: SDC06 | F15: 44773 | K15: 599540 | N15: =SUM(H15:M15) -> 599540
C17: Total Migration Milestone Charges | H17: =SUM(H10:H15) -> 0 | I17: =SUM(I10:I15) -> 0 | J17: =SUM(J10:J15) -> 0 | K17: =SUM(K10:K15) -> 7081741 | L17: =SUM(L10:L15) -> 0 | M17: =SUM(M10:M15) -> 0 | N17: =SUM(N10:N15) -> 7081741
C19: The migration milestone payments cover labor, project management and materials to provision required infrastructure to solution the new secondary data center as described in Exhibit 2.3.1, section 3.3.1. Assisting other STS to relocate or provision their solutions in the secondary data center is included but not the cost of other STS hardware, software, materials etc.

Sheet 6Rev- Milestone Charges
C1: VA-180815-UC - FC20241025
B2: Milestone Charges
B3: ($)
H5: Scenario 1: Milestone Charges - Paid at Completion | Q5: Scenario 2: Milestone Charges - Paid over Term (Note 3) | X5: Scenario 3: Milestone Charges - Paid over Term | AF5: Scenario 3: Milestone Charges - Paid in Two Payments
C6: Critical Milestone | D6: Reference Document | E6: Completion Criteria Ref | F6: Completion Date | H6: Year -1 (Note 1) | I6: Contract Year 1 | J6: Contract Year 2 | K6: Contract Year 3 | L6: Contract Year 4 | M6: Contract Year 5 | N6: Contract Year 6 | O6: Total | Q6: Contract Year 1 | R6: Contract Year 2 | S6: Contract Year 3 | T6: Contract Year 4 | U6: Contract Year 5 | V6: Contract Year 6 | W6: Total | X6: Contract Year 1 | Y6: Contract Year 2 | Z6: Contract Year 3 | AA6: Contract Year 4 | AB6: Contract Year 5 | AC6: Contract Year 6 | AD6: Total | AF6: Contract Year 1 | AG6: Contract Year 2 | AH6: Contract Year 3 | AI6: Contract Year 4 | AJ6: Contract Year 5 | AK6: Contract Year 6 | AL6: Total
C9: IMPLEMENTATION MILESTONES CHARGES
C10: Governance Established | D10: Exh 2.4.1 tab Implementation Milestones | E10: M-03 | F10: Effective Date + 2 weeks | H10: 1000000 | O10: =SUM(H10:N10) -> 1000000 | Q10: 186666.67 | R10: =Q10 -> 186666.67 | S10: =R10 -> 186666.67 | T10: =S10 -> 186666.67 | U10: =T10 -> 186666.67 | V10: =U10 -> 186666.67 | W10: =SUM(Q10:V10) -> 1120000 | X10: =(V10*1.12)/6 -> 34844.444 | Y10: =X10 -> 34844.444 | Z10: =Y10 -> 34844.444 | AA10: =Z10 -> 34844.444 | AB10: =AA10 -> 34844.444 | AC10: =AB10 -> 34844.444 | AD10: =SUM(X10:AC10) -> 209066.67 | AF10: 0 | AG10: 1000000 | AH10: 0 | AI10: 0 | AJ10: 0 | AK10: 0 | AL10: =SUM(AF10:AK10) -> 1000000
C11: Services Detailed Implementation Plan (CD 3.1) | D11: Exh 2.4.1 tab Implementation Milestones | E11: M-04 | F11: 43362 | H11: 1000000 | O11: =SUM(H11:N11) -> 1000000 | Q11: 186666.67 | R11: =Q11 -> 186666.67 | S11: =R11 -> 186666.67 | T11: =S11 -> 186666.67 | U11: =T11 -> 186666.67 | V11: =U11 -> 186666.67 | W11: =SUM(Q11:V11) -> 1120000 | X11: =(V11*1.12)/6 -> 34844.444 | Y11: =X11 -> 34844.444 | Z11: =Y11 -> 34844.444 | AA11: =Z11 -> 34844.444 | AB11: =AA11 -> 34844.444 | AC11: =AB11 -> 34844.444 | AD11: =SUM(X11:AC11) -> 209066.67 | AF11: 0 | AG11: 1000000 | AH11: 0 | AI11: 0 | AJ11: 0 | AK11: 0 | AL11: =SUM(AF11:AK11) -> 1000000
C12: SMM Initial Draft Complete (CD 3.3.1) | D12: Exh 2.4.1 tab Implementation Milestones | E12: M-05 | F12: 43388 | H12: 1000000 | O12: =SUM(H12:N12) -> 1000000 | Q12: 186666.67 | R12: =Q12 -> 186666.67 | S12: =R12 -> 186666.67 | T12: =S12 -> 186666.67 | U12: =T12 -> 186666.67 | V12: =U12 -> 186666.67 | W12: =SUM(Q12:V12) -> 1120000 | X12: =(V12*1.12)/6 -> 34844.444 | Y12: =X12 -> 34844.444 | Z12: =Y12 -> 34844.444 | AA12: =Z12 -> 34844.444 | AB12: =AA12 -> 34844.444 | AC12: =AB12 -> 34844.444 | AD12: =SUM(X12:AC12) -> 209066.67 | AF12: 0 | AG12: 1000000 | AH12: 0 | AI12: 0 | AJ12: 0 | AK12: 0 | AL12: =SUM(AF12:AK12) -> 1000000
C13: Technology Infrastructure Readiness for Commencement | D13: Exh 2.4.1 tab Implementation Milestones | E13: M-07 | F13: 43578 | H13: 1000000 | O13: =SUM(H13:N13) -> 1000000 | Q13: 186666.67 | R13: =Q13 -> 186666.67 | S13: =R13 -> 186666.67 | T13: =S13 -> 186666.67 | U13: =T13 -> 186666.67 | V13: =U13 -> 186666.67 | W13: =SUM(Q13:V13) -> 1120000 | X13: =(V13*1.12)/6 -> 34844.444 | Y13: =X13 -> 34844.444 | Z13: =Y13 -> 34844.444 | AA13: =Z13 -> 34844.444 | AB13: =AA13 -> 34844.444 | AC13: =AB13 -> 34844.444 | AD13: =SUM(X13:AC13) -> 209066.67 | AF13: 0 | AG13: 1000000 | AH13: 0 | AI13: 0 | AJ13: 0 | AK13: 0 | AL13: =SUM(AF13:AK13) -> 1000000
C14: Knowledge Transfer Completed | D14: Exh 2.4.1 tab Implementation Milestones | E14: M-08 | F14: Commencement - 1 month | H14: 750000 | O14: =SUM(H14:N14) -> 750000 | Q14: 140000 | R14: =Q14 -> 140000 | S14: =R14 -> 140000 | T14: =S14 -> 140000 | U14: =T14 -> 140000 | V14: =U14 -> 140000 | W14: =SUM(Q14:V14) -> 840000 | X14: =(V14*1.12)/6 -> 26133.333 | Y14: =X14 -> 26133.333 | Z14: =Y14 -> 26133.333 | AA14: =Z14 -> 26133.333 | AB14: =AA14 -> 26133.333 | AC14: =AB14 -> 26133.333 | AD14: =SUM(X14:AC14) -> 156800 | AF14: 0 | AG14: 750000 | AH14: 0 | AI14: 0 | AJ14: 0 | AK14: 0 | AL14: =SUM(AF14:AK14) -> 750000
C15: SMM Final Document (CD 3.3.2) | D15: Exh 2.4.1 tab Implementation Milestones | E15: M-09 | F15: 43525 | H15: 750000 | O15: =SUM(H15:N15) -> 750000 | Q15: 140000 | R15: =Q15 -> 140000 | S15: =R15 -> 140000 | T15: =S15 -> 140000 | U15: =T15 -> 140000 | V15: =U15 -> 140000 | W15: =SUM(Q15:V15) -> 840000 | X15: =(V15*1.12)/6 -> 26133.333 | Y15: =X15 -> 26133.333 | Z15: =Y15 -> 26133.333 | AA15: =Z15 -> 26133.333 | AB15: =AA15 -> 26133.333 | AC15: =AB15 -> 26133.333 | AD15: =SUM(X15:AC15) -> 156800 | AF15: 0 | AG15: 750000 | AH15: 0 | AI15: 0 | AJ15: 0 | AK15: 0 | AL15: =SUM(AF15:AK15) -> 750000
C16: Assumption of current legacy tools and reporting | D16: Exh 2.4.1 tab Implementation Milestones | E16: M-13a | F16: 43449 | H16: 375000 | O16: =SUM(H16:N16) -> 375000 | Q16: =W16/6 -> 70000 | R16: =Q16 -> 70000 | S16: =R16 -> 70000 | T16: =S16 -> 70000 | U16: =T16 -> 70000 | V16: =U16 -> 70000 | W16: 420000 | X16: =(V16*1.12)/6 -> 13066.667 | Y16: =X16 -> 13066.667 | Z16: =Y16 -> 13066.667 | AA16: =Z16 -> 13066.667 | AB16: =AA16 -> 13066.667 | AC16: =AB16 -> 13066.667 | AD16: =SUM(X16:AC16) -> 78400 | AF16: 0 | AG16: 375000 | AH16: 0 | AI16: 0 | AJ16: 0 | AK16: 0 | AL16: =SUM(AF16:AK16) -> 375000
C17: SMS Implementation (CD 3.9) and Service Performance & Reporting (CD 3.4) Completed | D17: Exh 2.4.1 tab Implementation Milestones | E17: M-13b | F17: 43578 | H17: 375000 | O17: =SUM(H17:N17) -> 375000 | Q17: =W17/6 -> 70000 | R17: =Q17 -> 70000 | S17: =R17 -> 70000 | T17: =S17 -> 70000 | U17: =T17 -> 70000 | V17: =U17 -> 70000 | W17: 420000 | X17: =(V17*1.12)/6 -> 13066.667 | Y17: =X17 -> 13066.667 | Z17: =Y17 -> 13066.667 | AA17: =Z17 -> 13066.667 | AB17: =AA17 -> 13066.667 | AC17: =AB17 -> 13066.667 | AD17: =SUM(X17:AC17) -> 78400 | AF17: 0 | AG17: 375000 | AH17: 0 | AI17: 0 | AJ17: 0 | AK17: 0 | AL17: =SUM(AF17:AK17) -> 375000
C18: Services Implementation Readiness Plan Complete (CD 3.2) | D18: Exh 2.4.1 tab Implementation Milestones | E18: M-16a | F18: 43449 | H18: 375000 | O18: =SUM(H18:N18) -> 375000 | Q18: =W18/6 -> 70000 | R18: =Q18 -> 70000 | S18: =R18 -> 70000 | T18: =S18 -> 70000 | U18: =T18 -> 70000 | V18: =U18 -> 70000 | W18: 420000 | X18: =(V18*1.12)/6 -> 13066.667 | Y18: =X18 -> 13066.667 | Z18: =Y18 -> 13066.667 | AA18: =Z18 -> 13066.667 | AB18: =AA18 -> 13066.667 | AC18: =AB18 -> 13066.667 | AD18: =SUM(X18:AC18) -> 78400 | AF18: 0 | AG18: 375000 | AH18: 0 | AI18: 0 | AJ18: 0 | AK18: 0 | AL18: =SUM(AF18:AK18) -> 375000
C19: Updated Services Implementation Readiness Plan Complete (CD 3.2) | D19: Exh 2.4.1 tab Implementation Milestones | E19: M-16b | F19: 43585 | H19: 375000 | O19: =SUM(H19:N19) -> 375000 | Q19: =W19/6 -> 70000 | R19: =Q19 -> 70000 | S19: =R19 -> 70000 | T19: =S19 -> 70000 | U19: =T19 -> 70000 | V19: =U19 -> 70000 | W19: 420000 | X19: =(V19*1.12)/6 -> 13066.667 | Y19: =X19 -> 13066.667 | Z19: =Y19 -> 13066.667 | AA19: =Z19 -> 13066.667 | AB19: =AA19 -> 13066.667 | AC19: =AB19 -> 13066.667 | AD19: =SUM(X19:AC19) -> 78400 | AF19: 0 | AG19: 375000 | AH19: 0 | AI19: 0 | AJ19: 0 | AK19: 0 | AL19: =SUM(AF19:AK19) -> 375000
C20: Commencement | D20: Exh 2.4.1 tab Implementation Milestones | E20: M-18a | F20: Commencement date | H20: 250000 | O20: =SUM(H20:N20) -> 250000 | Q20: =W20/6 -> 46666.667 | R20: =Q20 -> 46666.667 | S20: =R20 -> 46666.667 | T20: =S20 -> 46666.667 | U20: =T20 -> 46666.667 | V20: =U20 -> 46666.667 | W20: 280000 | X20: =(V20*1.12)/6 -> 8711.1111 | Y20: =X20 -> 8711.1111 | Z20: =Y20 -> 8711.1111 | AA20: =Z20 -> 8711.1111 | AB20: =AA20 -> 8711.1111 | AC20: =AB20 -> 8711.1111 | AD20: =SUM(X20:AC20) -> 52266.667 | AF20: 0 | AG20: 250000 | AH20: 0 | AI20: 0 | AJ20: 0 | AK20: 0 | AL20: =SUM(AF20:AK20) -> 250000
C21: Asset Integration Complete | D21: Exh 2.4.1 tab Implementation Milestones | E21: M-18c | F21: 44196 | H21: 250000 | O21: =SUM(H21:N21) -> 250000 | Q21: =W21/6 -> 46666.667 | R21: =Q21 -> 46666.667 | S21: =R21 -> 46666.667 | T21: =S21 -> 46666.667 | U21: =T21 -> 46666.667 | V21: =U21 -> 46666.667 | W21: 280000 | X21: =(V21*1.12)/6 -> 8711.1111 | Y21: =X21 -> 8711.1111 | Z21: =Y21 -> 8711.1111 | AA21: =Z21 -> 8711.1111 | AB21: =AA21 -> 8711.1111 | AC21: =AB21 -> 8711.1111 | AD21: =SUM(X21:AC21) -> 52266.667 | AF21: 0 | AG21: 250000 | AH21: 0 | AI21: 0 | AJ21: 0 | AK21: 0 | AL21: =SUM(AF21:AK21) -> 250000
C22: Enhanced Automation and Reports Completed | D22: Exh 2.4.1 tab Implementation Milestones | E22: M-21 | F22: 43578 | I22: 166000 | O22: =SUM(H22:N22) -> 166000 | Q22: 30986.667 | R22: =Q22 -> 30986.667 | S22: =R22 -> 30986.667 | T22: =S22 -> 30986.667 | U22: =T22 -> 30986.667 | V22: =U22 -> 30986.667 | W22: =SUM(Q22:V22) -> 185920 | X22: =(V22*1.12)/6 -> 5784.1778 | Y22: =X22 -> 5784.1778 | Z22: =Y22 -> 5784.1778 | AA22: =Z22 -> 5784.1778 | AB22: =AA22 -> 5784.1778 | AC22: =AB22 -> 5784.1778 | AD22: =SUM(X22:AC22) -> 34705.067 | AF22: 0 | AG22: 166000 | AH22: 0 | AI22: 0 | AJ22: 0 | AK22: 0 | AL22: =SUM(AF22:AK22) -> 166000
C23: Initial Technology Plan (CD 3.6) | D23: Exh 2.4.1 tab Implementation Milestones | E23: M-23 | F23: 43570 | I23: 166000 | O23: =SUM(H23:N23) -> 166000 | Q23: 30986.667 | R23: =Q23 -> 30986.667 | S23: =R23 -> 30986.667 | T23: =S23 -> 30986.667 | U23: =T23 -> 30986.667 | V23: =U23 -> 30986.667 | W23: =SUM(Q23:V23) -> 185920 | X23: =(V23*1.12)/6 -> 5784.1778 | Y23: =X23 -> 5784.1778 | Z23: =Y23 -> 5784.1778 | AA23: =Z23 -> 5784.1778 | AB23: =AA23 -> 5784.1778 | AC23: =AB23 -> 5784.1778 | AD23: =SUM(X23:AC23) -> 34705.067 | AF23: 0 | AG23: 166000 | AH23: 0 | AI23: 0 | AJ23: 0 | AK23: 0 | AL23: =SUM(AF23:AK23) -> 166000
C24: Prioritized Remediation (based on the Initial Technology Plan) Completed | D24: Exh 2.4.1 tab Implementation Milestones | E24: M-24 | F24: 43602 | I24: 166000 | O24: =SUM(H24:N24) -> 166000 | Q24: 30986.667 | R24: =Q24 -> 30986.667 | S24: =R24 -> 30986.667 | T24: =S24 -> 30986.667 | U24: =T24 -> 30986.667 | V24: =U24 -> 30986.667 | W24: =SUM(Q24:V24) -> 185920 | X24: =(V24*1.12)/6 -> 5784.1778 | Y24: =X24 -> 5784.1778 | Z24: =Y24 -> 5784.1778 | AA24: =Z24 -> 5784.1778 | AB24: =AA24 -> 5784.1778 | AC24: =AB24 -> 5784.1778 | AD24: =SUM(X24:AC24) -> 34705.067 | AF24: 0 | AG24: 166000 | AH24: 0 | AI24: 0 | AJ24: 0 | AK24: 0 | AL24: =SUM(AF24:AK24) -> 166000
C29: Total Implementation Milestone Charges | H29: =SUM(H10:H26) -> 7500000 | I29: =SUM(I10:I26) -> 498000 | J29: =SUM(J10:J26) -> 0 | K29: =SUM(K10:K26) -> 0 | L29: =SUM(L10:L26) -> 0 | M29: =SUM(M10:M26) -> 0 | N29: =SUM(N10:N26) -> 0 | O29: =SUM(O10:O26) -> 7998000 | Q29: =SUM(Q10:Q25) -> 1492960 | R29: =SUM(R10:R25) -> 1492960 | S29: =SUM(S10:S25) -> 1492960 | T29: =SUM(T10:T25) -> 1492960 | U29: =SUM(U10:U25) -> 1492960 | V29: =SUM(V10:V25) -> 1492960 | W29: =SUM(W10:W25) -> 8957760 | X29: =#REF! -> #REF! | Y29: =#REF! -> #REF! | Z29: =#REF! -> #REF! | AA29: =#REF! -> #REF! | AB29: =#REF! -> #REF! | AC29: =#REF! -> #REF! | AD29: =#REF! -> #REF! | AF29: =SUM(AF10:AF25) -> 0 | AG29: =SUM(AG10:AG25) -> 7998000 | AH29: =SUM(AH10:AH25) -> 0 | AI29: =SUM(AI10:AI25) -> 0 | AJ29: =SUM(AJ10:AJ25) -> 0 | AK29: =SUM(AK10:AK25) -> 0 | AL29: =SUM(AL10:AL25) -> 7998000
C32: Notes:
C33: 1) Year -1 means the time after signature and prior to Commencement Date
C34: 2) Under Scenario 2, the yearly amounts are estimates; the Total Milestone Charges will be evenly divided among the remaining months of the Term
C35: 3) Original lump sum payment will be $7,748,000. Upon acceptance of M18c, the final payment will be $250,000.

Sheet 7 - Supplier Investments
B1: VA-180815-UC - FC20241025
B2: Supplier Investments (Annual Amounts in $)
K3: Renewal Option 1 | N3: Renewal Option 2
B4: 1.02 | D4: Contract Year 1 | E4: Contract Year 2 | F4: Contract Year 3 | G4: Contract Year 4 | H4: Contract Year 5 | I4: Contract Year 6 | J4: 6 Year Total | K4: Contract Year 7 | L4: Contract Year 8 | M4: 8 Year Total | N4: Contract Year 9 | O4: Contract Year 10 | P4: 10 Year Total
C6: Server & Storage
C7: Supplier Investments
C8: Hardware - Infrastructure | D8: 0 | E8: 0 | F8: 0 | G8: 0 | H8: 0 | I8: 0 | J8: =SUM(D8:I8) -> 0 | M8: =J8+K8+L8 -> 0 | P8: =M8+N8+O8 -> 0
C9: Hardware - Non-Infrastructure | D9: 12612707 | E9: 3993730 | F9: 6472208.3 | G9: 1590994.1 | H9: 1409915.9 | I9: 1409915.9 | J9: =SUM(D9:I9) -> 27489472 | M9: =J9+K9+L9 -> 27489472 | P9: =M9+N9+O9 -> 27489472
C10: Sofware | D10: 7484501.7 | E10: 3884986.9 | F10: 0 | G10: 0 | H10: 0 | I10: 0 | J10: =SUM(D10:I10) -> 11369489 | M10: =J10+K10+L10 -> 11369489 | P10: =M10+N10+O10 -> 11369489
C11: Other | D11: 0 | E11: 0 | F11: 0 | G11: 0 | H11: 0 | I11: 0 | J11: =SUM(D11:I11) -> 0 | M11: =J11+K11+L11 -> 0 | P11: =M11+N11+O11 -> 0
C12: Total | D12: 20097209 | E12: 7878716.9 | F12: 6472208.3 | G12: 1590994.1 | H12: 1409915.9 | I12: 1409915.9 | J12: =SUM(J8:J11) -> 38858960 | K12: =SUM(K8:K11) -> 0 | L12: =SUM(L8:L11) -> 0 | M12: =SUM(M8:M11) -> 38858960 | N12: =SUM(N8:N11) -> 0 | O12: =SUM(O8:O11) -> 0 | P12: =SUM(P8:P11) -> 38858960
C14: Data Center Management
C15: Supplier Investments
C16: Hardware - Infrastructure | D16: 0 | E16: 0 | F16: 0 | G16: 0 | H16: 0 | I16: 0 | J16: =SUM(D16:I16) -> 0 | M16: =J16+K16+L16 -> 0 | P16: =M16+N16+O16 -> 0
C17: Hardware - Non-Infrastructure | D17: 0 | E17: 0 | F17: 0 | G17: 0 | H17: 0 | I17: 0 | J17: =SUM(D17:I17) -> 0 | M17: =J17+K17+L17 -> 0 | P17: =M17+N17+O17 -> 0
C18: Sofware | D18: 0 | E18: 0 | F18: 0 | G18: 0 | H18: 0 | I18: 0 | J18: =SUM(D18:I18) -> 0 | M18: =J18+K18+L18 -> 0 | P18: =M18+N18+O18 -> 0
C19: Other | D19: 0 | E19: 0 | F19: 0 | G19: 0 | H19: 0 | I19: 0 | J19: =SUM(D19:I19) -> 0 | M19: =J19+K19+L19 -> 0 | P19: =M19+N19+O19 -> 0
C20: Total | D20: 0 | E20: 0 | F20: 0 | G20: 0 | H20: 0 | I20: 0 | J20: =SUM(J16:J19) -> 0 | K20: =SUM(K16:K19) -> 0 | L20: =SUM(L16:L19) -> 0 | M20: =SUM(M16:M19) -> 0 | N20: =SUM(N16:N19) -> 0 | O20: =SUM(O16:O19) -> 0 | P20: =SUM(P16:P19) -> 0
C22: Data Center LAN
C23: Supplier Investments
C24: Hardware - Infrastructure | D24: 0 | E24: 0 | F24: 0 | G24: 0 | H24: 0 | I24: 0 | J24: =SUM(D24:I24) -> 0 | M24: =J24+K24+L24 -> 0 | P24: =M24+N24+O24 -> 0
C25: Hardware - Non-Infrastructure | D25: 662347.53 | E25: 352941.18 | I25: 1287860.6 | J25: =SUM(D25:I25) -> 2303149.3 | M25: =J25+K25+L25 -> 2303149.3 | P25: =M25+N25+O25 -> 2303149.3
C26: Sofware | D26: 0 | E26: 0 | F26: 0 | G26: 0 | H26: 0 | I26: 0 | J26: =SUM(D26:I26) -> 0 | M26: =J26+K26+L26 -> 0 | P26: =M26+N26+O26 -> 0
C27: Other | D27: 0 | E27: 0 | F27: 0 | G27: 0 | H27: 0 | I27: 0 | J27: =SUM(D27:I27) -> 0 | M27: =J27+K27+L27 -> 0 | P27: =M27+N27+O27 -> 0
C28: Total | D28: 662347.53 | E28: 352941.18 | F28: 0 | G28: 0 | H28: 0 | I28: 1287860.6 | J28: =SUM(J24:J27) -> 2303149.3 | K28: =SUM(K24:K27) -> 0 | L28: =SUM(L24:L27) -> 0 | M28: =SUM(M24:M27) -> 2303149.3 | N28: =SUM(N24:N27) -> 0 | O28: =SUM(O24:O27) -> 0 | P28: =SUM(P24:P27) -> 2303149.3
C30: Agency Data Center LAN
C31: Supplier Investments
C32: Hardware - Infrastructure
C33: Hardware - Non-Infrastructure
C34: Sofware
C35: Other
C36: Total
C38: Directory Services
C39: Supplier Investments
C40: Hardware - Infrastructure | D40: 0 | E40: 0 | F40: 0 | G40: 0 | H40: 0 | I40: 0 | J40: =SUM(D40:I40) -> 0 | M40: =J40+K40+L40 -> 0 | P40: =M40+N40+O40 -> 0
C41: Hardware - Non-Infrastructure | D41: 0 | E41: 0 | F41: 0 | G41: 0 | H41: 0 | I41: 0 | J41: =SUM(D41:I41) -> 0 | M41: =J41+K41+L41 -> 0 | P41: =M41+N41+O41 -> 0
C42: Sofware | D42: 0 | E42: 0 | F42: 0 | G42: 0 | H42: 0 | I42: 0 | J42: =SUM(D42:I42) -> 0 | M42: =J42+K42+L42 -> 0 | P42: =M42+N42+O42 -> 0
C43: Other | D43: 0 | E43: 0 | F43: 0 | G43: 0 | H43: 0 | I43: 0 | J43: =SUM(D43:I43) -> 0 | M43: =J43+K43+L43 -> 0 | P43: =M43+N43+O43 -> 0
C44: Total | D44: 0 | E44: 0 | F44: 0 | G44: 0 | H44: 0 | I44: 0 | J44: =SUM(J40:J43) -> 0 | K44: =SUM(K40:K43) -> 0 | L44: =SUM(L40:L43) -> 0 | M44: =SUM(M40:M43) -> 0 | N44: =SUM(N40:N43) -> 0 | O44: =SUM(O40:O43) -> 0 | P44: =SUM(P40:P43) -> 0
C46: TOTAL
C47: Supplier Investments
C48: Hardware | D48: 13275055 | E48: 4346671.2 | F48: 6472208.3 | G48: 1590994.1 | H48: 1409915.9 | I48: 2697776.5 | J48: =SUM(D48:I48) -> 29792621 | K48: =K8+K9+K16+K17+K40+K41+K24+K25 -> 0 | L48: =L8+L9+L16+L17+L40+L41+L24+L25 -> 0 | M48: =J48+K48+L48 -> 29792621 | N48: =N8+N9+N16+N17+N40+N41+N24+N25 -> 0 | O48: =O8+O9+O16+O17+O40+O41+O24+O25 -> 0 | P48: =M48+N48+O48 -> 29792621
C49: Sofware | D49: 7484501.7 | E49: 3884986.9 | F49: 0 | G49: 0 | H49: 0 | I49: 0 | J49: =SUM(D49:I49) -> 11369489 | K49: =K42+K26+K18+K10 -> 0 | L49: =L42+L26+L18+L10 -> 0 | M49: =J49+K49+L49 -> 11369489 | N49: =N42+N26+N18+N10 -> 0 | O49: =O42+O26+O18+O10 -> 0 | P49: =M49+N49+O49 -> 11369489
C50: Other | D50: 0 | E50: 0 | F50: 0 | G50: 0 | H50: 0 | I50: 0 | J50: =SUM(D50:I50) -> 0 | K50: =K43+K27+K19+K11 -> 0 | L50: =L43+L27+L19+L11 -> 0 | M50: =J50+K50+L50 -> 0 | N50: =N43+N27+N19+N11 -> 0 | O50: =O43+O27+O19+O11 -> 0
C51: TOTAL INVESTMENTS | D51: 20759557 | E51: 8231658.1 | F51: 6472208.3 | G51: 1590994.1 | H51: 1409915.9 | I51: 2697776.5 | J51: =J48+J49+J50 -> 41162110 | K51: =K48+K49+K50 -> 0 | L51: =L48+L49+L50 -> 0 | M51: =M48+M49+M50 -> 41162110 | N51: =N48+N49+N50 -> 0 | O51: =O48+O49+O50 -> 0 | P51: =P48+P49+P50 -> 41162110

Sheet 8 - Termination
C1: VA-180815-UC - FC20241025
B2: Caps on Termination Charges (Amounts in $)
F3: (cells left blank indicate no charge would be due)
K5: Renewal Option 1 | M5: Renewal Option 2
E6: Contract Year 1 | F6: Contract Year 2 | G6: Contract Year 3 | H6: Contract Year 4 | I6: Contract Year 5 | J6: Contract Year 6 | K6: Contract Year 7 | L6: Contract Year 8 | M6: Contract Year 9 | N6: Contract Year 10
D9: CROSS FUNCTIONAL
D10: Unrecovered Milestone Charges
D11: Employee Severance | E11: 267998.92 | F11: 238919.46 | G11: 227768.88 | H11: 225089.13 | I11: 223632.24 | J11: 222903.8
D12: Supplier Equipment
D13: Third Party Contracts (Software Licenses) | E13: 143491.36 | F13: 153043.36 | G13: 155675.55 | H13: 151787.64 | I13: 151787.64 | J13: 151787.64
D14: Third Party Contracts (Other) | E14: 0
D15: Total CROSS FUNCTIONAL | E15: 411490.28 | F15: 391962.82 | G15: 383444.44 | H15: 376876.77 | I15: 375419.88 | J15: 374691.44 | K15: 0 | L15: 0 | M15: 0 | N15: 0
D17: SERVER & STORAGE
D18: Unrecovered Implementation Charges | E18: =SUM('6Rev- Milestone Charges'!W9:W24)+SUM('6a - Migration Milestone Chrgs'!H9:H11) -> 9457760 | F18: =SUM('6Rev- Milestone Charges'!R10:V24)+SUM('6a - Migration Milestone Chrgs'!I12:I15) -> 8718307 | G18: =SUM('6Rev- Milestone Charges'!S9:V26)+SUM('6a - Migration Milestone Chrgs'!J16:J20) -> 7162953 | H18: =SUM('6Rev- Milestone Charges'!T9:V25) -> 4478880 | I18: =SUM('6Rev- Milestone Charges'!U10:V24) -> 2985920 | J18: =SUM('6Rev- Milestone Charges'!V10:V24) -> 1492960
D19: Employee Severance | E19: 719913.19 | F19: 678800.68 | G19: 645195.85 | H19: 618768.12 | I19: 624897.87 | J19: 641190.51
D20: Supplier Equipment | E20: 10065700 | F20: 11689478 | G20: 12066701 | H20: 12542277 | I20: 13592065 | J20: 13987275
D21: Third Party Contracts (Software Licenses)
D22: Third Party Contracts (Other)
D23: Total SERVER & STORAGE | E23: 20843373 | F23: 22026716 | G23: 19761473 | H23: 17639926 | I23: 17202883 | J23: 16121426 | K23: 0 | L23: 0 | M23: 0 | N23: 0
D26: DATA CENTER MANAGEMENT
D27: Unrecovered Milestone Charges
D28: Employee Severance | E28: 6360.9615 | F28: 6360.9615 | G28: 6360.9615 | H28: 6360.9615 | I28: 6360.9615 | J28: 6360.9615
D29: Supplier Equipment
D30: Third Party Contracts (Software Licenses)
D31: Third Party Contracts (Other) | E31: 1163300 | F31: 1167032 | G31: 1482776 | H31: 2040322.9 | I31: 2504329.3 | J31: 2600842.6
D32: Total DATA CENTER MANAGEMENT | E32: 1169661 | F32: 1173393 | G32: 1489137 | H32: 2046683.8 | I32: 2510690.2 | J32: 2607203.6 | K32: 0 | L32: 0 | M32: 0 | N32: 0
D35: DATA CENTER LAN
D36: Unrecovered Implementation Charges
D37: Employee Severance
D38: Supplier Equipment
D39: Third Party Contracts (Software Licenses)
D40: Third Party Contracts (Other)
D41: Total DATA CENTER LAN Termination for Convinience | K41: 0 | L41: 0 | M41: 0 | N41: 0
D44: AGENCY DATA CENTER LAN
D45: Unrecovered Implementation Charges
D46: Employee Severance
D47: Supplier Equipment
D48: Third Party Contracts (Software Licenses)
D49: Third Party Contracts (Other)
D50: Total AGENCY DATA CENTER LAN Termination for Convinience | K50: 0 | L50: 0 | M50: 0 | N50: 0
D52: DATA CENTER LAN
D53: Unrecovered Milestone Charges
D54: Employee Severance | E54: 92822.281 | F54: 99423.708 | G54: 99234.218 | H54: 99234.218 | I54: 47675.963 | J54: 47675.963
D55: Supplier Equipment | E55: 591031.67 | F55: 649773.71 | G55: 648535.32 | H55: 649773.71 | I55: 649773.71 | J55: 649773.71
D56: Third Party Contracts (Software Licenses)
D57: Third Party Contracts (Other/NW)
D58: Total DATA CENTER LAN | E58: 683853.95 | F58: 749197.42 | G58: 747769.54 | H58: 749007.93 | I58: 697449.67 | J58: 697449.67 | K58: 0 | L58: 0 | M58: 0 | N58: 0
D61: DIRECTORY SERVICES
D62: Unrecovered Milestone Charges
D63: Employee Severance
D64: Supplier Equipment
D65: Third Party Contracts (Software Licenses) | E65: 687777.24 | F65: 687777.24 | G65: 687777.24 | H65: 687777.24 | I65: 687777.24 | J65: 687777.24
D66: Third Party Contracts (Other) | E66: 2477102.5 | F66: 2477102.5 | G66: 2477102.5 | H66: 2477102.5 | I66: 2477102.5 | J66: 2477102.5
D67: Total DIRECTORY SERVICES | E67: 3164879.8 | F67: 3164879.8 | G67: 3164879.8 | H67: 3164879.8 | I67: 3164879.8 | J67: 3164879.8 | K67: 0 | L67: 0 | M67: 0 | N67: 0
C70: TOTAL | E70: 26273258 | F70: 27506149 | G70: 25546704 | H70: 23977374 | I70: 23951323 | J70: 22965650 | K70: 0 | L70: 0 | M70: 0 | N70: 0

Sheet 9 - Inflation Sensitivity
B1: VA-180815-UC - FC20241025
B2: Inflation Sensitivity (%)
F4: Contract Year 1 | M4: Renewal Option 1 | P4: Renewal Option 2
B5: Resource Description | F5: Contract Year 1 | G5: Contract Year 2 | H5: Contract Year 3 | I5: Contract Year 4 | J5: Contract Year 5 | K5: Contract Year 6 | M5: Contract Year 7 | N5: Contract Year 8 | P5: Contract Year 9 | Q5: Contract Year 10
B6: CROSS FUNCTIONAL
C7: Cross Functional Services
D8: Account Management | F8: N/A | G8: 0.9 | H8: 0.9 | I8: 0.9 | J8: 0.9 | K8: 0.9 | M8: =K8 -> 0.9 | N8: =M8 -> 0.9 | P8: =N8 -> 0.9 | Q8: =N8 -> 0.9
B11: SERVER & STORAGE
C12: Hardware Charge
C13: Hardware Services Charge
D14: Hardware Service Charge (HSC) - Host of Remote VM (Linux or Windows) | E14: Dollars | F14: N/A | G14: 0 | H14: 0 | I14: 0 | J14: 0 | K14: 0 | M14: 0 | N14: 0 | P14: 0 | Q14: 0
D15: Hardware Service Charge (HSC) - Host of Unix VM | E15: Dollars | F15: N/A | G15: 0 | H15: 0 | I15: 0 | J15: 0 | K15: 0 | M15: 0 | N15: 0 | P15: 0 | Q15: 0
D16: Hardware Service Charge (HSC) - Physical x86 | E16: Dollars | F16: N/A | G16: 0 | H16: 0 | I16: 0 | J16: 0 | K16: 0 | M16: 0 | N16: 0 | P16: 0 | Q16: 0
D17: Hardware Service Charge (HSC) - Physical Unix Servers | E17: Dollars | F17: N/A | G17: 0 | H17: 0 | I17: 0 | J17: 0 | K17: 0 | M17: 0 | N17: 0 | P17: 0 | Q17: 0
D18: Hardware Service Charge (HSC) - Remote NAS & SAN | E18: Dollars | F18: N/A | G18: 0 | H18: 0 | I18: 0 | J18: 0 | K18: 0 | M18: 0 | N18: 0 | P18: 0 | Q18: 0
D19: Hardware Service Charge (HSC) - Existing Hardware Asset Maintenance | E19: Dollars | F19: N/A | G19: 0 | H19: 0 | I19: 0 | J19: 0 | K19: 0 | M19: 0 | N19: 0 | P19: 0 | Q19: 0
C23: Private Cloud Hardware Allocation (Primary DC)
D24: Virtual Cores | E24: Core | F24: N/A | G24: 0 | H24: 0 | I24: 0 | J24: 0 | K24: 0 | M24: 0 | N24: 0 | P24: 0 | Q24: 0
D25: Virtual Memory | E25: GB | F25: N/A | G25: 0 | H25: 0 | I25: 0 | J25: 0 | K25: 0 | M25: 0 | N25: 0 | P25: 0 | Q25: 0
C28: Software Charges
C29: Software Services Charge
D30: Linux | E30: Dollars | F30: N/A | G30: 0 | H30: 0 | I30: 0 | J30: 0 | K30: 0 | M30: 0 | N30: 0 | P30: 0 | Q30: 0
D31: Windows | E31: Dollars | F31: N/A | G31: 0 | H31: 0 | I31: 0 | J31: 0 | K31: 0 | M31: 0 | N31: 0 | P31: 0 | Q31: 0
D32: AIX | E32: Dollars | F32: N/A | G32: 0 | H32: 0 | I32: 0 | J32: 0 | K32: 0 | M32: 0 | N32: 0 | P32: 0 | Q32: 0
D33: HP-UX | E33: Dollars | F33: N/A | G33: 0 | H33: 0 | I33: 0 | J33: 0 | K33: 0 | M33: 0 | N33: 0 | P33: 0 | Q33: 0
D34: Solaris | E34: Dollars | F34: N/A | G34: 0 | H34: 0 | I34: 0 | J34: 0 | K34: 0 | M34: 0 | N34: 0 | P34: 0 | Q34: 0
C37: Server Support Charges
C38: Server Support Services - Physical (Primary DC)
D39: Windows Server – Tier 1 | E39: Server | F39: N/A | G39: 0.9 | H39: 0.9 | I39: 0.9 | J39: 0.9 | K39: 0.9 | M39: =K39 -> 0.9 | N39: =M39 -> 0.9 | P39: =N39 -> 0.9 | Q39: =N39 -> 0.9
D40: Windows Server – Tier 1 Cluster | E40: Server | F40: N/A | G40: 0.9 | H40: 0.9 | I40: 0.9 | J40: 0.9 | K40: 0.9 | M40: =K40 -> 0.9 | N40: =M40 -> 0.9 | P40: =N40 -> 0.9 | Q40: =N40 -> 0.9
D41: Windows Server – Tier 2 | E41: Server | F41: N/A | G41: 0.9 | H41: 0.9 | I41: 0.9 | J41: 0.9 | K41: 0.9 | M41: =K41 -> 0.9 | N41: =M41 -> 0.9 | P41: =N41 -> 0.9 | Q41: =N41 -> 0.9
D42: Windows Server – Tier 3 | E42: Server | F42: N/A | G42: 0.9 | H42: 0.9 | I42: 0.9 | J42: 0.9 | K42: 0.9 | M42: =K42 -> 0.9 | N42: =M42 -> 0.9 | P42: =N42 -> 0.9 | Q42: =N42 -> 0.9
D43: Linux Server – Tier 1 | E43: Server | F43: N/A | G43: 0.9 | H43: 0.9 | I43: 0.9 | J43: 0.9 | K43: 0.9 | M43: =K43 -> 0.9 | N43: =M43 -> 0.9 | P43: =N43 -> 0.9 | Q43: =N43 -> 0.9
D44: Linux Server – Tier 1 Cluster | E44: Server | F44: N/A | G44: 0.9 | H44: 0.9 | I44: 0.9 | J44: 0.9 | K44: 0.9 | M44: =K44 -> 0.9 | N44: =M44 -> 0.9 | P44: =N44 -> 0.9 | Q44: =N44 -> 0.9
D45: Linux Server – Tier 2 | E45: Server | F45: N/A | G45: 0.9 | H45: 0.9 | I45: 0.9 | J45: 0.9 | K45: 0.9 | M45: =K45 -> 0.9 | N45: =M45 -> 0.9 | P45: =N45 -> 0.9 | Q45: =N45 -> 0.9
D46: Linux Server – Tier 3 | E46: Server | F46: N/A | G46: 0.9 | H46: 0.9 | I46: 0.9 | J46: 0.9 | K46: 0.9 | M46: =K46 -> 0.9 | N46: =M46 -> 0.9 | P46: =N46 -> 0.9 | Q46: =N46 -> 0.9
D47: UNIX | E47: Server | F47: N/A | G47: 0.9 | H47: 0.9 | I47: 0.9 | J47: 0.9 | K47: 0.9 | M47: =K47 -> 0.9 | N47: =M47 -> 0.9 | P47: =N47 -> 0.9 | Q47: =N47 -> 0.9
D48: Appliance – Tier 1 | E48: Server | F48: N/A | G48: 0.9 | H48: 0.9 | I48: 0.9 | J48: 0.9 | K48: 0.9 | M48: =K48 -> 0.9 | N48: =M48 -> 0.9 | P48: =N48 -> 0.9 | Q48: =N48 -> 0.9
D49: Appliance – Tier 3 | E49: Server | F49: N/A | G49: 0.9 | H49: 0.9 | I49: 0.9 | J49: 0.9 | K49: 0.9 | M49: =K49 -> 0.9 | N49: =M49 -> 0.9 | P49: =N49 -> 0.9 | Q49: =N49 -> 0.9
C51: Server Support Services - Virtual (Primary DC)
D52: Windows Server – Tier 1 | E52: Instance | F52: N/A | G52: 0.9 | H52: 0.9 | I52: 0.9 | J52: 0.9 | K52: 0.9 | M52: =K52 -> 0.9 | N52: =M52 -> 0.9 | P52: =N52 -> 0.9 | Q52: =N52 -> 0.9
D53: Windows Server – Tier 2 | E53: Instance | F53: N/A | G53: 0.9 | H53: 0.9 | I53: 0.9 | J53: 0.9 | K53: 0.9 | M53: =K53 -> 0.9 | N53: =M53 -> 0.9 | P53: =N53 -> 0.9 | Q53: =N53 -> 0.9
D54: Linux Server – Tier 1 | E54: Instance | F54: N/A | G54: 0.9 | H54: 0.9 | I54: 0.9 | J54: 0.9 | K54: 0.9 | M54: =K54 -> 0.9 | N54: =M54 -> 0.9 | P54: =N54 -> 0.9 | Q54: =N54 -> 0.9
D55: Linux Server – Tier 2 | E55: Instance | F55: N/A | G55: 0.9 | H55: 0.9 | I55: 0.9 | J55: 0.9 | K55: 0.9 | M55: =K55 -> 0.9 | N55: =M55 -> 0.9 | P55: =N55 -> 0.9 | Q55: =N55 -> 0.9
D56: UNIX | E56: Instance | F56: N/A | G56: 0.9 | H56: 0.9 | I56: 0.9 | J56: 0.9 | K56: 0.9 | M56: =K56 -> 0.9 | N56: =M56 -> 0.9 | P56: =N56 -> 0.9 | Q56: =N56 -> 0.9
D57: Appliance – Tier 1 | E57: Instance | F57: N/A | G57: 0.9 | H57: 0.9 | I57: 0.9 | J57: 0.9 | K57: 0.9 | M57: =K57 -> 0.9 | N57: =M57 -> 0.9 | P57: =N57 -> 0.9 | Q57: =N57 -> 0.9
D58: Appliance – Tier 2 | E58: Instance | F58: N/A | G58: 0.9 | H58: 0.9 | I58: 0.9 | J58: 0.9 | K58: 0.9 | M58: =K58 -> 0.9 | N58: =M58 -> 0.9 | P58: =N58 -> 0.9 | Q58: =N58 -> 0.9
C60: Server Support Services - Physical (Agency)
D61: Windows Server – Tier 2 | E61: Server | F61: N/A | G61: 0.9 | H61: 0.9 | I61: 0.9 | J61: 0.9 | K61: 0.9 | M61: =K61 -> 0.9 | N61: =M61 -> 0.9 | P61: =N61 -> 0.9 | Q61: =N61 -> 0.9
D62: Windows Server – Tier 3 | E62: Server | F62: N/A | G62: 0.9 | H62: 0.9 | I62: 0.9 | J62: 0.9 | K62: 0.9 | M62: =K62 -> 0.9 | N62: =M62 -> 0.9 | P62: =N62 -> 0.9 | Q62: =N62 -> 0.9
D63: Linux Server – Tier 2 | E63: Server | F63: N/A | G63: 0.9 | H63: 0.9 | I63: 0.9 | J63: 0.9 | K63: 0.9 | M63: =K63 -> 0.9 | N63: =M63 -> 0.9 | P63: =N63 -> 0.9 | Q63: =N63 -> 0.9
D64: Linux Server – Tier 3 | E64: Server | F64: N/A | G64: 0.9 | H64: 0.9 | I64: 0.9 | J64: 0.9 | K64: 0.9 | M64: =K64 -> 0.9 | N64: =M64 -> 0.9 | P64: =N64 -> 0.9 | Q64: =N64 -> 0.9
D65: UNIX | E65: Server | F65: N/A | G65: 0.9 | H65: 0.9 | I65: 0.9 | J65: 0.9 | K65: 0.9 | M65: =K65 -> 0.9 | N65: =M65 -> 0.9 | P65: =N65 -> 0.9 | Q65: =N65 -> 0.9
D66: Appliance – Tier 3 | E66: Server | F66: N/A | G66: 0.9 | H66: 0.9 | I66: 0.9 | J66: 0.9 | K66: 0.9 | M66: =K66 -> 0.9 | N66: =M66 -> 0.9 | P66: =N66 -> 0.9 | Q66: =N66 -> 0.9
C68: Server Support Services - Virtual (Agency)
D69: Windows Server – Tier 2 | E69: Instance | F69: N/A | G69: 0.9 | H69: 0.9 | I69: 0.9 | J69: 0.9 | K69: 0.9 | M69: =K69 -> 0.9 | N69: =M69 -> 0.9 | P69: =N69 -> 0.9 | Q69: =N69 -> 0.9
D70: Windows Server – Tier 3 | E70: Instance | F70: N/A | G70: 0.9 | H70: 0.9 | I70: 0.9 | J70: 0.9 | K70: 0.9 | M70: =K70 -> 0.9 | N70: =M70 -> 0.9 | P70: =N70 -> 0.9 | Q70: =N70 -> 0.9
D71: Linux Server – Tier 2 | E71: Instance | F71: N/A | G71: 0.9 | H71: 0.9 | I71: 0.9 | J71: 0.9 | K71: 0.9 | M71: =K71 -> 0.9 | N71: =M71 -> 0.9 | P71: =N71 -> 0.9 | Q71: =N71 -> 0.9
D72: Linux Server – Tier 3 | E72: Instance | F72: N/A | G72: 0.9 | H72: 0.9 | I72: 0.9 | J72: 0.9 | K72: 0.9 | M72: =K72 -> 0.9 | N72: =M72 -> 0.9 | P72: =N72 -> 0.9 | Q72: =N72 -> 0.9
D73: UNIX | E73: Instance | F73: N/A | G73: 0.9 | H73: 0.9 | I73: 0.9 | J73: 0.9 | K73: 0.9 | M73: =K73 -> 0.9 | N73: =M73 -> 0.9 | P73: =N73 -> 0.9 | Q73: =N73 -> 0.9
D74: Appliance – Tier 2 | E74: Instance | F74: N/A | G74: 0.9 | H74: 0.9 | I74: 0.9 | J74: 0.9 | K74: 0.9 | M74: =K74 -> 0.9 | N74: =M74 -> 0.9 | P74: =N74 -> 0.9 | Q74: =N74 -> 0.9
D75: Appliance – Tier 3 | E75: Instance | F75: N/A | G75: 0.9 | H75: 0.9 | I75: 0.9 | J75: 0.9 | K75: 0.9 | M75: =K75 -> 0.9 | N75: =M75 -> 0.9 | P75: =N75 -> 0.9 | Q75: =N75 -> 0.9
C78: Server Support Services (Misc)
D79: Application / Web Server - Monitoring | E79: Instance | F79: N/A | G79: 0.9 | H79: 0.9 | I79: 0.9 | J79: 0.9 | K79: 0.9 | M79: =K79 -> 0.9 | N79: =M79 -> 0.9 | P79: =N79 -> 0.9 | Q79: =N79 -> 0.9
C82: Virtual Application and Utility Applications
D83: EAPS Instance | E83: Instance | F83: N/A | G83: 0.9 | H83: 0.9 | I83: 0.9 | J83: 0.9 | K83: 0.9 | M83: =K83 -> 0.9 | N83: =M83 -> 0.9 | P83: =N83 -> 0.9 | Q83: =N83 -> 0.9
D84: EAPS End-User | E84: per User | F84: N/A | G84: 0.9 | H84: 0.9 | I84: 0.9 | J84: 0.9 | K84: 0.9 | M84: =K84 -> 0.9 | N84: =M84 -> 0.9 | P84: =N84 -> 0.9 | Q84: =N84 -> 0.9
D85: Citrix License | E85: per User | F85: N/A | G85: 0 | H85: 0 | I85: 0 | J85: 0 | K85: 0 | M85: =K85 -> 0 | N85: =M85 -> 0 | P85: =N85 -> 0 | Q85: =N85 -> 0
O86: 0
C88: Storage Services
C89: Storage Services (Central)
D90: Storage SAN - Tier 1 - Central Data Centers | E90: Per GB | F90: N/A | G90: 0.35 | H90: 0.35 | I90: 0.35 | J90: 0.35 | K90: 0.35 | M90: =K90 -> 0.35 | N90: =M90 -> 0.35 | P90: =N90 -> 0.35 | Q90: =N90 -> 0.35
D91: Storage SAN - Tier 2 - Central Data Centers | E91: Per GB | F91: N/A | G91: 0.35 | H91: 0.35 | I91: 0.35 | J91: 0.35 | K91: 0.35 | M91: =K91 -> 0.35 | N91: =M91 -> 0.35 | P91: =N91 -> 0.35 | Q91: =N91 -> 0.35
D92: Storage SAN - Tier 3 - Central Data Centers | E92: Per GB | F92: N/A | G92: 0.35 | H92: 0.35 | I92: 0.35 | J92: 0.35 | K92: 0.35 | M92: =K92 -> 0.35 | N92: =M92 -> 0.35 | P92: =N92 -> 0.35 | Q92: =N92 -> 0.35
D93: Backup of Local Attached Storage - Per GB Protected | E93: Per GB | F93: N/A | G93: 0.35 | H93: 0.35 | I93: 0.35 | J93: 0.35 | K93: 0.35 | M93: =K93 -> 0.35 | N93: =M93 -> 0.35 | P93: =N93 -> 0.35 | Q93: =N93 -> 0.35
D94: Storage SAN/NAS - Tier 2 - Agency Data Centers | E94: Per GB | F94: N/A | G94: 0.35 | H94: 0.35 | I94: 0.35 | J94: 0.35 | K94: 0.35 | M94: =K94 -> 0.35 | N94: =M94 -> 0.35 | P94: =N94 -> 0.35 | Q94: =N94 -> 0.35
C97: Database Services
C98: MS SQL Database Services
D99: Monitoring | E99: Per Instance | F99: N/A | G99: 0.6 | H99: 0.6 | I99: 0.6 | J99: 0.6 | K99: 0.6 | M99: =K99 -> 0.6 | N99: =M99 -> 0.6 | P99: =N99 -> 0.6 | Q99: =N99 -> 0.6
D100: Physical Administration - Single Node | E100: Per Instance | F100: N/A | G100: 0.9 | H100: 0.9 | I100: 0.9 | J100: 0.9 | K100: 0.9 | M100: =K100 -> 0.9 | N100: =M100 -> 0.9 | P100: =N100 -> 0.9 | Q100: =N100 -> 0.9
D101: EDS Service | E101: Per Instance | F101: N/A | G101: 0.9 | H101: 0.9 | I101: 0.9 | J101: 0.9 | K101: 0.9 | M101: =K101 -> 0.9 | N101: =M101 -> 0.9 | P101: =N101 -> 0.9 | Q101: =N101 -> 0.9
D102: Logical Administration | E102: Hourly | F102: N/A | G102: 1 | H102: 1 | I102: 1 | J102: 1 | K102: 1 | M102: =K102 -> 1 | N102: =M102 -> 1 | P102: =N102 -> 1 | Q102: =N102 -> 1
C103: Oracle Database Services
D104: Monitoring | E104: Per Instance | F104: N/A | G104: 0.6 | H104: 0.6 | I104: 0.6 | J104: 0.6 | K104: 0.6 | M104: =K104 -> 0.6 | N104: =M104 -> 0.6 | P104: =N104 -> 0.6 | Q104: =N104 -> 0.6
D105: Physical Administration - Single Node | E105: Per Instance | F105: N/A | G105: 0.9 | H105: 0.9 | I105: 0.9 | J105: 0.9 | K105: 0.9 | M105: =K105 -> 0.9 | N105: =M105 -> 0.9 | P105: =N105 -> 0.9 | Q105: =N105 -> 0.9
D106: Physical Administration - Clustered | E106: Per Instance | F106: N/A | G106: 0.9 | H106: 0.9 | I106: 0.9 | J106: 0.9 | K106: 0.9 | M106: =K106 -> 0.9 | N106: =M106 -> 0.9 | P106: =N106 -> 0.9 | Q106: =N106 -> 0.9
D107: EDS Service | E107: Per Instance | F107: N/A | G107: 0.9 | H107: 0.9 | I107: 0.9 | J107: 0.9 | K107: 0.9 | M107: =K107 -> 0.9 | N107: =M107 -> 0.9 | P107: =N107 -> 0.9 | Q107: =N107 -> 0.9
D108: Logical Administration | E108: Hourly | F108: N/A | G108: 1 | H108: 1 | I108: 1 | J108: 1 | K108: 1 | M108: =K108 -> 1 | N108: =M108 -> 1 | P108: =N108 -> 1 | Q108: =N108 -> 1
C111: Disaster Recovery Services
C112: Disaster Recovery Services
D113: Base Fee | E113: Fixed | F113: N/A | G113: 0.9 | H113: 0.9 | I113: 0.9 | J113: 0.9 | K113: 0.9 | M113: =K113 -> 0.9 | N113: =M113 -> 0.9 | P113: =N113 -> 0.9 | Q113: =N113 -> 0.9
D114: Tier 1 - RTO< 4 hours | E114: Per Instance | F114: N/A | G114: 0.9 | H114: 0.9 | I114: 0.9 | J114: 0.9 | K114: 0.9 | M114: =K114 -> 0.9 | N114: =M114 -> 0.9 | P114: =N114 -> 0.9 | Q114: =N114 -> 0.9
D115: Tier 2 - RTO 4-24 hours | E115: Per Instance | F115: N/A | G115: 0.9 | H115: 0.9 | I115: 0.9 | J115: 0.9 | K115: 0.9 | M115: =K115 -> 0.9 | N115: =M115 -> 0.9 | P115: =N115 -> 0.9 | Q115: =N115 -> 0.9
D116: Tier 3 - RTO 25-48 hours | E116: Per Instance | F116: N/A | G116: 0.9 | H116: 0.9 | I116: 0.9 | J116: 0.9 | K116: 0.9 | M116: =K116 -> 0.9 | N116: =M116 -> 0.9 | P116: =N116 -> 0.9 | Q116: =N116 -> 0.9
D117: Tier 4 - RTO 49-72 hours | E117: Per Instance | F117: N/A | G117: 0.9 | H117: 0.9 | I117: 0.9 | J117: 0.9 | K117: 0.9 | M117: =K117 -> 0.9 | N117: =M117 -> 0.9 | P117: =N117 -> 0.9 | Q117: =N117 -> 0.9
B122: DATA CENTER MANAGEMENT
C123: Supplier Data Centers | D123: 0 | E123: 0 | F123: 0 | G123: 0 | H123: 0 | I123: 0 | J123: 0
D124: Rack Unit | E124: Per KWH | F124: N/A | G124: 0 | H124: 0 | I124: 0 | J124: 0 | K124: 0 | M124: =K124 -> 0 | N124: =M124 -> 0 | P124: =N124 -> 0 | Q124: =N124 -> 0
D125: Secured Cage | E125: Per KWH | F125: N/A | G125: 0 | H125: 0 | I125: 0 | J125: 0 | K125: 0 | M125: =K125 -> 0 | N125: =M125 -> 0 | P125: =N125 -> 0 | Q125: =N125 -> 0
C126: Manassas Secondary Data Center | D126: 0 | E126: 0 | F126: 0 | G126: 0 | H126: 0 | I126: 0 | J126: 0
...

Sheet 10 - Rate Card
A1: VA-180815-UC - FC20241025
F2: Rate Card
F3: ($) | L3: Renewal Option 1 | N3: Renewal Option 2
B4: Resource Type | C4: Units | D4: Annual Productive Hours | F4: Contract Year 1 | G4: Contract Year 2 | H4: Contract Year 3 | I4: Contract Year 4 | J4: Contract Year 5 | K4: Contract Year 6 through 11/24 | L4: Contract Year 7 | M4: Contract Year 8 | N4: Contract Year 9 | O4: Contract Year 10
B5: Cloud Principal Architect​ | C5: Hours | D5: 1920 | K5: 329 | L5: =SUM(K5*3%)+K5 -> 338.87 | M5: =SUM(L5*3%)+L5 -> 349.0361 | N5: =SUM(M5*3%)+M5 -> 359.50718 | O5: =SUM(N5*3%)+N5 -> 370.2924
B6: Cloud Service Delivery Manager ​ | C6: Hours | D6: 1920 | K6: 294 | L6: =SUM(K6*3%)+K6 -> 302.82 | M6: =SUM(L6*3%)+L6 -> 311.9046 | N6: =SUM(M6*3%)+M6 -> 321.26174 | O6: =SUM(N6*3%)+N6 -> 330.89959
B7: Cloud Security Architect | C7: Hours | D7: 1920 | K7: 335 | L7: =SUM(K7*3%)+K7 -> 345.05 | M7: =SUM(L7*3%)+L7 -> 355.4015 | N7: =SUM(M7*3%)+M7 -> 366.06354 | O7: =SUM(N7*3%)+N7 -> 377.04545
B8: Sr. Cloud Engineer | C8: Hours | D8: 1920 | K8: 250 | L8: =SUM(K8*3%)+K8 -> 257.5 | M8: =SUM(L8*3%)+L8 -> 265.225 | N8: =SUM(M8*3%)+M8 -> 273.18175 | O8: =SUM(N8*3%)+N8 -> 281.3772
B9: Security Analyst | C9: Hours | D9: 1920 | K9: 182 | L9: =SUM(K9*3%)+K9 -> 187.46 | M9: =SUM(L9*3%)+L9 -> 193.0838 | N9: =SUM(M9*3%)+M9 -> 198.87631 | O9: =SUM(N9*3%)+N9 -> 204.8426
B10: Sr. Business Analyst | C10: Hours | D10: 1920 | K10: 134 | L10: =SUM(K10*3%)+K10 -> 138.02 | M10: =SUM(L10*3%)+L10 -> 142.1606 | N10: =SUM(M10*3%)+M10 -> 146.42542 | O10: =SUM(N10*3%)+N10 -> 150.81818
B11: Site Reliability Engineer | C11: Hours | D11: 1920 | K11: 315 | L11: =SUM(K11*3%)+K11 -> 324.45 | M11: =SUM(L11*3%)+L11 -> 334.1835 | N11: =SUM(M11*3%)+M11 -> 344.209 | O11: =SUM(N11*3%)+N11 -> 354.53528
B12: DevOps Engineer | C12: Hours | D12: 1920 | K12: 224 | L12: =SUM(K12*3%)+K12 -> 230.72 | M12: =SUM(L12*3%)+L12 -> 237.6416 | N12: =SUM(M12*3%)+M12 -> 244.77085 | O12: =SUM(N12*3%)+N12 -> 252.11397
B13: FinOps Engineer | C13: Hours | D13: 1920 | K13: 207 | L13: =SUM(K13*3%)+K13 -> 213.21 | M13: =SUM(L13*3%)+L13 -> 219.6063 | N13: =SUM(M13*3%)+M13 -> 226.19449 | O13: =SUM(N13*3%)+N13 -> 232.98032
B14: Rate Card
B15: ($)
L17: Renewal Option 1 | N17: Renewal Option 2
B18: Resource Type | C18: Units | D18: Annual Productive Hours | F18: Contract Year 1 | G18: Contract Year 2 | H18: Contract Year 3 | I18: Contract Year 4 | J18: Contract Year 5 | K18: Contract Year 6 | L18: Contract Year 7 | M18: Contract Year 8 | N18: Contract Year 9 | O18: Contract Year 10
B19: Principal Architect | C19: Hours | D19: 1920 | F19: 255 | G19: 267.62746 | H19: 270.5295 | I19: 278.64539 | J19: 287.00475 | K19: 295.61489 | L19: 0 | M19: 0 | N19: 0 | O19: 0
B20: Program Manager | C20: Hours | D20: 1920 | F20: 207.06 | G20: 217.3135 | H20: 219.66995 | I20: 226.26005 | J20: 233.04785 | K20: 240.03929 | L20: 0 | M20: 0 | N20: 0 | O20: 0
B21: Sr. Consultant | C21: Hours | D21: 1920 | F21: 156.06 | G21: 163.788 | H21: 165.56405 | I21: 170.53098 | J21: 175.6469 | K21: 180.91631 | L21: 0 | M21: 0 | N21: 0 | O21: 0
B22: Consultant | C22: Hours | D22: 1920 | F22: 133.62 | G22: 140.23679 | H22: 141.75746 | I22: 146.01018 | J22: 150.39049 | K22: 154.9022 | L22: 0 | M22: 0 | N22: 0 | O22: 0
B23: Senior Engineer | C23: Hours | D23: 1920 | F23: 122.808 | G23: 128.88938 | H23: 130.28701 | I23: 134.19562 | J23: 138.22149 | K23: 142.36813 | L23: 0 | M23: 0 | N23: 0 | O23: 0
B24: Project Manager II | C24: Hours | D24: 1920 | F24: 156.06 | G24: 163.788 | H24: 165.56405 | I24: 170.53098 | J24: 175.6469 | K24: 180.91631 | L24: 0 | M24: 0 | N24: 0 | O24: 0
B25: Software Developer | C25: Hours | D25: 1920 | F25: 140.76 | G25: 147.73036 | H25: 149.33228 | I25: 153.81225 | J25: 158.42662 | K25: 163.17942 | L25: 0 | M25: 0 | N25: 0 | O25: 0
B26: Network Engineer | C26: Hours | D26: 1920 | F26: 124.44 | G26: 130.6022 | H26: 132.0184 | I26: 135.97895 | J26: 140.05832 | K26: 144.26007 | L26: 0 | M26: 0 | N26: 0 | O26: 0
B27: Bsuiness Manager | C27: Hours | D27: 1920 | F27: 109.14 | G27: 114.54455 | H27: 115.78663 | I27: 119.26022 | J27: 122.83803 | K27: 126.52317 | L27: 0 | M27: 0 | N27: 0 | O27: 0
B28: Database Analyst Programmer | C28: Hours | D28: 1920 | F28: 107.1 | G28: 112.40353 | H28: 113.62239 | I28: 117.03106 | J28: 120.54199 | K28: 124.15825 | L28: 0 | M28: 0 | N28: 0 | O28: 0
B29: Database Analyst Programmer-Logical Adminstration RU | C29: Hours | D29: 1920 | F29: 107.1 | G29: 112.4 | H29: 117.20684 | I29: 117.03106 | J29: N/A | K29: N/A | L29: 0 | M29: 0 | N29: 0 | O29: 0
B30: Project Manager I | C30: Hours | D30: 1920 | F30: 135.66 | G30: 142.37781 | H30: 143.92169 | I30: 148.23934 | J30: 152.68653 | K30: 157.26712 | L30: 0 | M30: 0 | N30: 0 | O30: 0
B31: Engineer | C31: Hours | D31: 1920 | F31: 99.96 | G31: 104.90996 | H31: 106.04756 | I31: 109.22899 | J31: 112.50586 | K31: 115.88104 | L31: 0 | M31: 0 | N31: 0 | O31: 0
C32: Hours | D32: 1920 | F32: 0 | G32: 0 | H32: 0 | I32: 0 | J32: 0 | K32: 0 | L32: 0 | M32: 0 | N32: 0
C33: Hours | D33: 1920 | F33: 0 | G33: 0 | H33: 0 | I33: 0 | J33: 0 | K33: 0 | L33: 0 | M33: 0 | N33: 0
C34: Hours | D34: 1920 | F34: 0 | G34: 0 | H34: 0 | I34: 0 | J34: 0 | K34: 0 | L34: 0 | M34: 0 | N34: 0
C35: Hours | D35: 1920 | F35: 0 | G35: 0 | H35: 0 | I35: 0 | J35: 0 | K35: 0 | L35: 0 | M35: 0 | N35: 0
C36: Hours | D36: 1920 | F36: 0 | G36: 0 | H36: 0 | I36: 0 | J36: 0 | K36: 0 | L36: 0 | M36: 0 | N36: 0
C37: Hours | D37: 1920 | F37: 0 | G37: 0 | H37: 0 | I37: 0 | J37: 0 | K37: 0 | L37: 0 | M37: 0 | N37: 0
C38: Hours | D38: 1920 | F38: 0 | G38: 0 | H38: 0 | I38: 0 | J38: 0 | K38: 0 | L38: 0 | M38: 0 | N38: 0
C39: Hours | D39: 1920 | F39: 0 | G39: 0 | H39: 0 | I39: 0 | J39: 0 | K39: 0 | L39: 0 | M39: 0 | N39: 0
B40: Smart Hands | C40: Hours | D40: 1920 | F40: 124.44 | G40: 130.6022 | H40: 132.0184 | I40: 135.97895 | J40: 140.05832 | K40: 144.26007 | L40: 0 | M40: 0 | N40: 0 | O40: 0
B45: Resource Type | C45: Minimum Yrs Exp in Role | D45: Total Experience | F45: Role Description | J45: Qualification
B47: Principal Architect | C47: Minimum of 10 years of relevant IT experience. | E47: i. | F47: Acts as a primary architectural resource to account teams and clients. Leads the design and integration of IT Outsourcing Solutions for large (>$20M USD or 25 project team members) or medium (>$10M USD or 15 project team members) client projects. Works with the account teams to expand the GMS client base. Interfaces with GMS Solution Architects to design a solution that is tailored to the client's requirements. Offering Responsibilities Fills the senior architect client-facing role to advise clients and support the implementation of solutions based on GMS offerings. Specific responsibilities include: • Analyzing client requirements to support tailoring client solutions. • Leading the development of the solution architecture for large or medium engagements with possible support from the GMS Solution Architect team. • Leading or supporting the development of Portfolio solution work plans, estimates, package definition and the infrastructure architecture. • Leading or supporting the implementation of the solution work plan including stakeholder status communication and technical problem resolution. • Supporting the development of cost elements and resource estimates as well as solution models. • Implementing client solutions using appropriate SDF processes, architectural artifact requirements and the GITOS End-to-End Service Model • Applying knowledge of IT Service offerings and service agreements to support architectural aspects of new business opportunities. • Acting as the single point of contact for large or medium client engagements architectural areas related to the implementation of the solution. • Providing authoritative guidance to clients on IT infrastructure and asset management. • Coordinating architect resources that are contributing to the development of the solution architecture. • Presenting the solution to internal and client stakeholders at a level appropriate to the audience. Client Facing Responsibilities Contributes to GMS business goals and delivery engagements by: • Working with client stakeholders to evaluate the solution requirements • Acting as a highly skilled resource on GMS Offerings for client activities • Communicating solution architectural design and service specifics to client stakeholders • Educating client personnel on Unisys solution architecture and future strategy • Working with client technical staff during service definition and transition to resolve issues • Presenting solution design to client's IT staff • Assuming accountability for the overall solution design and the successful implementation of the architectural areas of the solution. Portfolio Responsibilities Acts as a Subject Matter Expert (SME) or Delivery Ready (DR) resource on one or more portfolio offerings. Fully knowledgeable on the offerings, supporting technologies and tools and architectural concepts. Is able to advise client and on-site Unisys personnel on design and implementation issues. Must have an in-depth understanding of at least one of the following offerings: • Converged Remote Infrastructure Mgmt (cRIM) • End-User Productivity Services (EUPS) • Unisys Secure Cloud (USC) | G47: Acts as a primary architectural resource to account teams and clients. Leads the design and integration of IT Outsourcing Solutions for large (>$20M USD or 25 project team members) or medium (>$10M USD or 15 project team members) client projects. Works with the account teams to expand the GMS client base. Interfaces with GMS Solution Architects to design a solution that is tailored to the client's requirements. Offering Responsibilities Fills the senior architect client-facing role to advise clients and support the implementation of solutions based on GMS offerings. Specific responsibilities include: • Analyzing client requirements to support tailoring client solutions. • Leading the development of the solution architecture for large or medium engagements with possible support from the GMS Solution Architect team. • Leading or supporting the development of Portfolio solution work plans, estimates, package definition and the infrastructure architecture. • Leading or supporting the implementation of the solution work plan including stakeholder status communication and technical problem resolution. • Supporting the development of cost elements and resource estimates as well as solution models. • Implementing client solutions using appropriate SDF processes, architectural artifact requirements and the GITOS End-to-End Service Model • Applying knowledge of IT Service offerings and service agreements to support architectural aspects of new business opportunities. • Acting as the single point of contact for large or medium client engagements architectural areas related to the implementation of the solution. • Providing authoritative guidance to clients on IT infrastructure and asset management. • Coordinating architect resources that are contributing to the development of the solution architecture. • Presenting the solution to internal and client stakeholders at a level appropriate to the audience. Client Facing Responsibilities Contributes to GMS business goals and delivery engagements by: • Working with client stakeholders to evaluate the solution requirements • Acting as a highly skilled resource on GMS Offerings for client activities • Communicating solution architectural design and service specifics to client stakeholders • Educating client personnel on Unisys solution architecture and future strategy • Working with client technical staff during service definition and transition to resolve issues • Presenting solution design to client's IT staff • Assuming accountability for the overall solution design and the successful implementation of the architectural areas of the solution. Portfolio Responsibilities Acts as a Subject Matter Expert (SME) or Delivery Ready (DR) resource on one or more portfolio offerings. Fully knowledgeable on the offerings, supporting technologies and tools and architectural concepts. Is able to advise client and on-site Unisys personnel on design and implementation issues. Must have an in-depth understanding of at least one of the following offerings: • Converged Remote Infrastructure Mgmt (cRIM) • End-User Productivity Services (EUPS) • Unisys Secure Cloud (USC) | H47: Acts as a primary architectural resource to account teams and clients. Leads the design and integration of IT Outsourcing Solutions for large (>$20M USD or 25 project team members) or medium (>$10M USD or 15 project team members) client projects. Works with the account teams to expand the GMS client base. Interfaces with GMS Solution Architects to design a solution that is tailored to the client's requirements. Offering Responsibilities Fills the senior architect client-facing role to advise clients and support the implementation of solutions based on GMS offerings. Specific responsibilities include: • Analyzing client requirements to support tailoring client solutions. • Leading the development of the solution architecture for large or medium engagements with possible support from the GMS Solution Architect team. • Leading or supporting the development of Portfolio solution work plans, estimates, package definition and the infrastructure architecture. • Leading or supporting the implementation of the solution work plan including stakeholder status communication and technical problem resolution. • Supporting the development of cost elements and resource estimates as well as solution models. • Implementing client solutions using appropriate SDF processes, architectural artifact requirements and the GITOS End-to-End Service Model • Applying knowledge of IT Service offerings and service agreements to support architectural aspects of new business opportunities. • Acting as the single point of contact for large or medium client engagements architectural areas related to the implementation of the solution. • Providing authoritative guidance to clients on IT infrastructure and asset management. • Coordinating architect resources that are contributing to the development of the solution architecture. • Presenting the solution to internal and client stakeholders at a level appropriate to the audience. Client Facing Responsibilities Contributes to GMS business goals and delivery engagements by: • Working with client stakeholders to evaluate the solution requirements • Acting as a highly skilled resource on GMS Offerings for client activities • Communicating solution architectural design and service specifics to client stakeholders • Educating client personnel on Unisys solution architecture and future strategy • Working with client technical staff during service definition and transition to resolve issues • Presenting solution design to client's IT staff • Assuming accountability for the overall solution design and the successful implementation of the architectural areas of the solution. Portfolio Responsibilities Acts as a Subject Matter Expert (SME) or Delivery Ready (DR) resource on one or more portfolio offerings. Fully knowledgeable on the offerings, supporting technologies and tools and architectural concepts. Is able to advise client and on-site Unisys personnel on design and implementation issues. Must have an in-depth understanding of at least one of the following offerings: • Converged Remote Infrastructure Mgmt (cRIM) • End-User Productivity Services (EUPS) • Unisys Secure Cloud (USC) | I47: Acts as a primary architectural resource to account teams and clients. Leads the design and integration of IT Outsourcing Solutions for large (>$20M USD or 25 project team members) or medium (>$10M USD or 15 project team members) client projects. Works with the account teams to expand the GMS client base. Interfaces with GMS Solution Architects to design a solution that is tailored to the client's requirements. Offering Responsibilities Fills the senior architect client-facing role to advise clients and support the implementation of solutions based on GMS offerings. Specific responsibilities include: • Analyzing client requirements to support tailoring client solutions. • Leading the development of the solution architecture for large or medium engagements with possible support from the GMS Solution Architect team. • Leading or supporting the development of Portfolio solution work plans, estimates, package definition and the infrastructure architecture. • Leading or supporting the implementation of the solution work plan including stakeholder status communication and technical problem resolution. • Supporting the development of cost elements and resource estimates as well as solution models. • Implementing client solutions using appropriate SDF processes, architectural artifact requirements and the GITOS End-to-End Service Model • Applying knowledge of IT Service offerings and service agreements to support architectural aspects of new business opportunities. • Acting as the single point of contact for large or medium client engagements architectural areas related to the implementation of the solution. • Providing authoritative guidance to clients on IT infrastructure and asset management. • Coordinating architect resources that are contributing to the development of the solution architecture. • Presenting the solution to internal and client stakeholders at a level appropriate to the audience. Client Facing Responsibilities Contributes to GMS business goals and delivery engagements by: • Working with client stakeholders to evaluate the solution requirements • Acting as a highly skilled resource on GMS Offerings for client activities • Communicating solution architectural design and service specifics to client stakeholders • Educating client personnel on Unisys solution architecture and future strategy • Working with client technical staff during service definition and transition to resolve issues • Presenting solution design to client's IT staff • Assuming accountability for the overall solution design and the successful implementation of the architectural areas of the solution. Portfolio Responsibilities Acts as a Subject Matter Expert (SME) or Delivery Ready (DR) resource on one or more portfolio offerings. Fully knowledgeable on the offerings, supporting technologies and tools and architectural concepts. Is able to advise client and on-site Unisys personnel on design and implementation issues. Must have an in-depth understanding of at least one of the following offerings: • Converged Remote Infrastructure Mgmt (cRIM) • End-User Productivity Services (EUPS) • Unisys Secure Cloud (USC) | J47: Masters Degree or equivalent experience IT infrastructure planning or Enterprise Architecture Experience on large or medium projects Experience in at least two of the following specific technology areas: servers (Linux, Microsoft Windows Server, Oracle Weblogic, or others), database (SQL Server, Oracle DB RAC or others), networks (LANs, WANs or others) and/or security (Network and Internet Security, Biometric and Credentialing Vendors, System Integration - Facility Security or others). IT Outsourcing Experience TOGAF, ITIL, Security or other related certification | K47: Masters Degree or equivalent experience IT infrastructure planning or Enterprise Architecture Experience on large or medium projects Experience in at least two of the following specific technology areas: servers (Linux, Microsoft Windows Server, Oracle Weblogic, or others), database (SQL Server, Oracle DB RAC or others), networks (LANs, WANs or others) and/or security (Network and Internet Security, Biometric and Credentialing Vendors, System Integration - Facility Security or others). IT Outsourcing Experience TOGAF, ITIL, Security or other related certification | L47: Masters Degree or equivalent experience IT infrastructure planning or Enterprise Architecture Experience on large or medium projects Experience in at least two of the following specific technology areas: servers (Linux, Microsoft Windows Server, Oracle Weblogic, or others), database (SQL Server, Oracle DB RAC or others), networks (LANs, WANs or others) and/or security (Network and Internet Security, Biometric and Credentialing Vendors, System Integration - Facility Security or others). IT Outsourcing Experience TOGAF, ITIL, Security or other related certification | M47: Masters Degree or equivalent experience IT infrastructure planning or Enterprise Architecture Experience on large or medium projects Experience in at least two of the following specific technology areas: servers (Linux, Microsoft Windows Server, Oracle Weblogic, or others), database (SQL Server, Oracle DB RAC or others), networks (LANs, WANs or others) and/or security (Network and Internet Security, Biometric and Credentialing Vendors, System Integration - Facility Security or others). IT Outsourcing Experience TOGAF, ITIL, Security or other related certification | N47: Masters Degree or equivalent experience IT infrastructure planning or Enterprise Architecture Experience on large or medium projects Experience in at least two of the following specific technology areas: servers (Linux, Microsoft Windows Server, Oracle Weblogic, or others), database (SQL Server, Oracle DB RAC or others), networks (LANs, WANs or others) and/or security (Network and Internet Security, Biometric and Credentialing Vendors, System Integration - Facility Security or others). IT Outsourcing Experience TOGAF, ITIL, Security or other related certification
E48: ii.
E49: iii.
E50: iv.
B51: Program Manager | C51: Minimum of 10 years of relevant managerial experience. | E51: i. | F51: Develops, defines and executes project plans, schedules, budgets and deliverables on large engagements and projects. Identifies needed resources for projects, defines and assigns major project roles. Monitors the product/program/project from initiation through delivery, interfacing with external customers or field-based employees on technical matters, as needed. Assigns and monitors work of project/program management staff, providing technical support and direction Leadership: Builds and maintains high team morale, positively cascades all organizational communications. Builds strong relationships with all team members and management structures. Strives to develop a cohesive and motivated team who adhere to the behavioral expectations, even in the face of adversity. Ensure team leaders take responsibility for self development and promote knowledge and skills development in support of internal career development. Builds and maintains high team leadership morale. Facilitates groups to establish appropriate goals and encourages movement towards project outcomes. Regularly solicits and promotes team participation and involvement in project plans, activities, and decisions. Deals effectively with different kinds of clients including highly aggressive and/or reactionary clients. Optimizes team strengths and minimizes weaknesses by appropriately matching the right skills, experience and competencies to the project allowing them to contribute successfully to the project. Manage Change: Positively promotes and facilitates change. Manages changes to the project scope, schedule, and costs using appropriate verification techniques to keep the project plan accurate, updated, and reflective of authorized project changes as defined in the change management plan; facilitates client acceptance of the scope change. Manages the ambiguity associated with change initiatives by continually identifying and addressing evolving implications and documenting the agreements to the requirements. Risk Management: Creates an environment where risks are communicated as challenges and opportunities. Documents risks, assumptions, and constraints using historical data and expert judgment in order to understand project limitations. Implements actions required to avoid or mitigate project risks to minimize the impact of the risks on the project. Balances and analyses risks associated with highly complex decision Monitor and Control Project Work: Measures project performance using appropriate tools and techniques to monitor the progress of the project, indentify and quantify any variances, perform any required corrective actions, and communicate to all stakeholders. Understands the businesses into which they are delivering, including cross-functional business domains. Understands the interdependence of various project components and plans accordingly to meet milestones. Establishes effective structures, systems and work processes to achieve high levels of efficiency and effectiveness. Forecasts and tracks costs and revenue to meet project objectives and effectively utilize resources. Thinks in a system-wide, cross-boundary terms before defining a problem-solving initiative. Communications: Ensures a common understanding by setting expectations using the Project Plan to align the stakeholders and team members. Communicates effectively and confidently with senior management within Unisys and the client to ensure key stakeholder buy-in. Explains the strategic benefits of decisions to team members. Ensures the client understands what they are receiving by articulating how project objectives relate to business outcomes. | G51: Develops, defines and executes project plans, schedules, budgets and deliverables on large engagements and projects. Identifies needed resources for projects, defines and assigns major project roles. Monitors the product/program/project from initiation through delivery, interfacing with external customers or field-based employees on technical matters, as needed. Assigns and monitors work of project/program management staff, providing technical support and direction Leadership: Builds and maintains high team morale, positively cascades all organizational communications. Builds strong relationships with all team members and management structures. Strives to develop a cohesive and motivated team who adhere to the behavioral expectations, even in the face of adversity. Ensure team leaders take responsibility for self development and promote knowledge and skills development in support of internal career development. Builds and maintains high team leadership morale. Facilitates groups to establish appropriate goals and encourages movement towards project outcomes. Regularly solicits and promotes team participation and involvement in project plans, activities, and decisions. Deals effectively with different kinds of clients including highly aggressive and/or reactionary clients. Optimizes team strengths and minimizes weaknesses by appropriately matching the right skills, experience and competencies to the project allowing them to contribute successfully to the project. Manage Change: Positively promotes and facilitates change. Manages changes to the project scope, schedule, and costs using appropriate verification techniques to keep the project plan accurate, updated, and reflective of authorized project changes as defined in the change management plan; facilitates client acceptance of the scope change. Manages the ambiguity associated with change initiatives by continually identifying and addressing evolving implications and documenting the agreements to the requirements. Risk Management: Creates an environment where risks are communicated as challenges and opportunities. Documents risks, assumptions, and constraints using historical data and expert judgment in order to understand project limitations. Implements actions required to avoid or mitigate project risks to minimize the impact of the risks on the project. Balances and analyses risks associated with highly complex decision Monitor and Control Project Work: Measures project performance using appropriate tools and techniques to monitor the progress of the project, indentify and quantify any variances, perform any required corrective actions, and communicate to all stakeholders. Understands the businesses into which they are delivering, including cross-functional business domains. Understands the interdependence of various project components and plans accordingly to meet milestones. Establishes effective structures, systems and work processes to achieve high levels of efficiency and effectiveness. Forecasts and tracks costs and revenue to meet project objectives and effectively utilize resources. Thinks in a system-wide, cross-boundary terms before defining a problem-solving initiative. Communications: Ensures a common understanding by setting expectations using the Project Plan to align the stakeholders and team members. Communicates effectively and confidently with senior management within Unisys and the client to ensure key stakeholder buy-in. Explains the strategic benefits of decisions to team members. Ensures the client understands what they are receiving by articulating how project objectives relate to business outcomes. | H51: Develops, defines and executes project plans, schedules, budgets and deliverables on large engagements and projects. Identifies needed resources for projects, defines and assigns major project roles. Monitors the product/program/project from initiation through delivery, interfacing with external customers or field-based employees on technical matters, as needed. Assigns and monitors work of project/program management staff, providing technical support and direction Leadership: Builds and maintains high team morale, positively cascades all organizational communications. Builds strong relationships with all team members and management structures. Strives to develop a cohesive and motivated team who adhere to the behavioral expectations, even in the face of adversity. Ensure team leaders take responsibility for self development and promote knowledge and skills development in support of internal career development. Builds and maintains high team leadership morale. Facilitates groups to establish appropriate goals and encourages movement towards project outcomes. Regularly solicits and promotes team participation and involvement in project plans, activities, and decisions. Deals effectively with different kinds of clients including highly aggressive and/or reactionary clients. Optimizes team strengths and minimizes weaknesses by appropriately matching the right skills, experience and competencies to the project allowing them to contribute successfully to the project. Manage Change: Positively promotes and facilitates change. Manages changes to the project scope, schedule, and costs using appropriate verification techniques to keep the project plan accurate, updated, and reflective of authorized project changes as defined in the change management plan; facilitates client acceptance of the scope change. Manages the ambiguity associated with change initiatives by continually identifying and addressing evolving implications and documenting the agreements to the requirements. Risk Management: Creates an environment where risks are communicated as challenges and opportunities. Documents risks, assumptions, and constraints using historical data and expert judgment in order to understand project limitations. Implements actions required to avoid or mitigate project risks to minimize the impact of the risks on the project. Balances and analyses risks associated with highly complex decision Monitor and Control Project Work: Measures project performance using appropriate tools and techniques to monitor the progress of the project, indentify and quantify any variances, perform any required corrective actions, and communicate to all stakeholders. Understands the businesses into which they are delivering, including cross-functional business domains. Understands the interdependence of various project components and plans accordingly to meet milestones. Establishes effective structures, systems and work processes to achieve high levels of efficiency and effectiveness. Forecasts and tracks costs and revenue to meet project objectives and effectively utilize resources. Thinks in a system-wide, cross-boundary terms before defining a problem-solving initiative. Communications: Ensures a common understanding by setting expectations using the Project Plan to align the stakeholders and team members. Communicates effectively and confidently with senior management within Unisys and the client to ensure key stakeholder buy-in. Explains the strategic benefits of decisions to team members. Ensures the client understands what they are receiving by articulating how project objectives relate to business outcomes. | I51: Develops, defines and executes project plans, schedules, budgets and deliverables on large engagements and projects. Identifies needed resources for projects, defines and assigns major project roles. Monitors the product/program/project from initiation through delivery, interfacing with external customers or field-based employees on technical matters, as needed. Assigns and monitors work of project/program management staff, providing technical support and direction Leadership: Builds and maintains high team morale, positively cascades all organizational communications. Builds strong relationships with all team members and management structures. Strives to develop a cohesive and motivated team who adhere to the behavioral expectations, even in the face of adversity. Ensure team leaders take responsibility for self development and promote knowledge and skills development in support of internal career development. Builds and maintains high team leadership morale. Facilitates groups to establish appropriate goals and encourages movement towards project outcomes. Regularly solicits and promotes team participation and involvement in project plans, activities, and decisions. Deals effectively with different kinds of clients including highly aggressive and/or reactionary clients. Optimizes team strengths and minimizes weaknesses by appropriately matching the right skills, experience and competencies to the project allowing them to contribute successfully to the project. Manage Change: Positively promotes and facilitates change. Manages changes to the project scope, schedule, and costs using appropriate verification techniques to keep the project plan accurate, updated, and reflective of authorized project changes as defined in the change management plan; facilitates client acceptance of the scope change. Manages the ambiguity associated with change initiatives by continually identifying and addressing evolving implications and documenting the agreements to the requirements. Risk Management: Creates an environment where risks are communicated as challenges and opportunities. Documents risks, assumptions, and constraints using historical data and expert judgment in order to understand project limitations. Implements actions required to avoid or mitigate project risks to minimize the impact of the risks on the project. Balances and analyses risks associated with highly complex decision Monitor and Control Project Work: Measures project performance using appropriate tools and techniques to monitor the progress of the project, indentify and quantify any variances, perform any required corrective actions, and communicate to all stakeholders. Understands the businesses into which they are delivering, including cross-functional business domains. Understands the interdependence of various project components and plans accordingly to meet milestones. Establishes effective structures, systems and work processes to achieve high levels of efficiency and effectiveness. Forecasts and tracks costs and revenue to meet project objectives and effectively utilize resources. Thinks in a system-wide, cross-boundary terms before defining a problem-solving initiative. Communications: Ensures a common understanding by setting expectations using the Project Plan to align the stakeholders and team members. Communicates effectively and confidently with senior management within Unisys and the client to ensure key stakeholder buy-in. Explains the strategic benefits of decisions to team members. Ensures the client understands what they are receiving by articulating how project objectives relate to business outcomes. | J51: A Bachelor’s degree in Computer Science, Information Systems, Engineering, Business or other related scientific or technical discipline. More than ten years experience managing medium complexity projects or equivalent combination of education and experience. • Good verbal and written communication skills. • Ability to train and develop staff and the ability to work in a time sensitive environment.
E52: ii.
E53: iii.
E54: iv.
B55: Sr. Consultant | C55: 8 years | E55: i. | F55: Sr. Consultants work on billable engagements to design, develop, and implement solutions by using standard methods, techniques and tools applicable to the area in which they are working. Senior consultants provide support, advice and guidance on the correct application of a solution or technique. Their assignments range in complexity from basic analysis and problem solving to developing recommendations for complete business solutions or technical applications. Consultants achieve the productivity metrics associated with their position. • Using Unisys project management techniques, leads a team on small projects (services value of up to $2M annually) or portions of larger projects. • Develops proficiency in project management concepts -- resource utilization, risk mitigation, financials, performance management, fulfilling appropriate project control requirements, etc. • Functions as the technical lead on small projects or portions of larger projects. • Is recognized as an extremely knowledgeable resource in several technical domains. • Is capable of designing quality control and test procedures. • Applies technical expertise to support the development of the technology architecture and the total system solution. • Reviews, for accuracy, the technical content of proposals prepared by junior consultants. • Performs competitive analyses (e.g., performs technical research in order to compare Unisys to competitor products and solutions). • Leads the technical portion of demonstrations, internally and externally. • Designs total system solutions for smaller projects or for portions of larger projects. • Widely applies theories, concepts and systems integration operating principles. • Develops client support plans for complex systems and/or major projects. • Builds client relationships by interfacing with the client organization on the solution design. • Identifies follow-on business in client accounts and communicates these opportunities to the project manager. • Builds strong working relationships inside and outside of Unisys. • Develops further depth and expertise in their area of specialization (e.g., solutions specialization, project management, architectural design, etc.) | G55: Sr. Consultants work on billable engagements to design, develop, and implement solutions by using standard methods, techniques and tools applicable to the area in which they are working. Senior consultants provide support, advice and guidance on the correct application of a solution or technique. Their assignments range in complexity from basic analysis and problem solving to developing recommendations for complete business solutions or technical applications. Consultants achieve the productivity metrics associated with their position. • Using Unisys project management techniques, leads a team on small projects (services value of up to $2M annually) or portions of larger projects. • Develops proficiency in project management concepts -- resource utilization, risk mitigation, financials, performance management, fulfilling appropriate project control requirements, etc. • Functions as the technical lead on small projects or portions of larger projects. • Is recognized as an extremely knowledgeable resource in several technical domains. • Is capable of designing quality control and test procedures. • Applies technical expertise to support the development of the technology architecture and the total system solution. • Reviews, for accuracy, the technical content of proposals prepared by junior consultants. • Performs competitive analyses (e.g., performs technical research in order to compare Unisys to competitor products and solutions). • Leads the technical portion of demonstrations, internally and externally. • Designs total system solutions for smaller projects or for portions of larger projects. • Widely applies theories, concepts and systems integration operating principles. • Develops client support plans for complex systems and/or major projects. • Builds client relationships by interfacing with the client organization on the solution design. • Identifies follow-on business in client accounts and communicates these opportunities to the project manager. • Builds strong working relationships inside and outside of Unisys. • Develops further depth and expertise in their area of specialization (e.g., solutions specialization, project management, architectural design, etc.) | H55: Sr. Consultants work on billable engagements to design, develop, and implement solutions by using standard methods, techniques and tools applicable to the area in which they are working. Senior consultants provide support, advice and guidance on the correct application of a solution or technique. Their assignments range in complexity from basic analysis and problem solving to developing recommendations for complete business solutions or technical applications. Consultants achieve the productivity metrics associated with their position. • Using Unisys project management techniques, leads a team on small projects (services value of up to $2M annually) or portions of larger projects. • Develops proficiency in project management concepts -- resource utilization, risk mitigation, financials, performance management, fulfilling appropriate project control requirements, etc. • Functions as the technical lead on small projects or portions of larger projects. • Is recognized as an extremely knowledgeable resource in several technical domains. • Is capable of designing quality control and test procedures. • Applies technical expertise to support the development of the technology architecture and the total system solution. • Reviews, for accuracy, the technical content of proposals prepared by junior consultants. • Performs competitive analyses (e.g., performs technical research in order to compare Unisys to competitor products and solutions). • Leads the technical portion of demonstrations, internally and externally. • Designs total system solutions for smaller projects or for portions of larger projects. • Widely applies theories, concepts and systems integration operating principles. • Develops client support plans for complex systems and/or major projects. • Builds client relationships by interfacing with the client organization on the solution design. • Identifies follow-on business in client accounts and communicates these opportunities to the project manager. • Builds strong working relationships inside and outside of Unisys. • Develops further depth and expertise in their area of specialization (e.g., solutions specialization, project management, architectural design, etc.) | I55: Sr. Consultants work on billable engagements to design, develop, and implement solutions by using standard methods, techniques and tools applicable to the area in which they are working. Senior consultants provide support, advice and guidance on the correct application of a solution or technique. Their assignments range in complexity from basic analysis and problem solving to developing recommendations for complete business solutions or technical applications. Consultants achieve the productivity metrics associated with their position. • Using Unisys project management techniques, leads a team on small projects (services value of up to $2M annually) or portions of larger projects. • Develops proficiency in project management concepts -- resource utilization, risk mitigation, financials, performance management, fulfilling appropriate project control requirements, etc. • Functions as the technical lead on small projects or portions of larger projects. • Is recognized as an extremely knowledgeable resource in several technical domains. • Is capable of designing quality control and test procedures. • Applies technical expertise to support the development of the technology architecture and the total system solution. • Reviews, for accuracy, the technical content of proposals prepared by junior consultants. • Performs competitive analyses (e.g., performs technical research in order to compare Unisys to competitor products and solutions). • Leads the technical portion of demonstrations, internally and externally. • Designs total system solutions for smaller projects or for portions of larger projects. • Widely applies theories, concepts and systems integration operating principles. • Develops client support plans for complex systems and/or major projects. • Builds client relationships by interfacing with the client organization on the solution design. • Identifies follow-on business in client accounts and communicates these opportunities to the project manager. • Builds strong working relationships inside and outside of Unisys. • Develops further depth and expertise in their area of specialization (e.g., solutions specialization, project management, architectural design, etc.) | J55: A minimum of eight years successful professional experience plus a bachelor's degree or equivalent experience and technical certifications as appropriate. Prior work experience should include: • Leading teams of junior consultants on small projects. • Interfacing with a variety of clients on the solution. • Proposing opportunities for follow-on business that resulted in new business. Successfully qualified for PMI Examination or passed IPMA Examination or other relevant project management certification, as appropriate for the local geography.
E56: ii.
E57: iii.
E58: iv.
B59: Consultant | C59: 5 years | E59: i. | F59: Consultants work on billable engagements to design, develop, and implement solutions by using standard methods, techniques and tools applicable to the area in which they are working. Senior consultants provide support, advice and guidance on the correct application of a solution or technique. Assignments range in complexity from basic analysis and problem solving to developing recommendations for complete business solutions or technical applications. Consultants achieve the productivity metrics associated with their position. • Working with minimal supervision of managers, leads and assists junior consultants in resolving routine problems, and is capable of resolving non-routine problems. • Selects an area of focus in which to specialize (e.g., solutions specialization, architectural design, project management, etc.). • Installs non-standard software updates. • Investigates, analyzes and resolves routine problems in selected functional areas. • Assess, gather, and evaluate client capabilities and needs. • Performs benchmark needs analysis and requirements definitions in selected functional areas. • Functions as the technical lead on small projects or portions of larger projects. • Assists with architecture design. • Performs systems design and installation. • Coordinates work with specialists, solutions engineers and clients, as required. • Is capable of designing quality control and test procedures. • Applies technical expertise to support the development of the technology architecture and the total system solution. • Builds client relationships by interfacing with the client organization on the solution design. • Supports clients by designing, customizing and delivering solutions training and technical presentations. • Reviews, for accuracy, the technical content of proposals prepared by junior consultants. • Performs competitive analyses (e.g., performs technical research in order to compare Unisys to competitor products and solutions). • Leads the technical portion of demonstrations, internally and externally. • Provides sales support – answers technical questions, completes portions of proposals (including hardware/software configurations), prepares packaged presentations, and conducts demonstrations. • Suggests components of the sales strategy for basic systems integration products and services in selected functional areas. • Proposes opportunities to develop follow-on business in client accounts and communicates ideas to the project manager. Builds strong working relationships inside and outside of Unisys. | G59: Consultants work on billable engagements to design, develop, and implement solutions by using standard methods, techniques and tools applicable to the area in which they are working. Senior consultants provide support, advice and guidance on the correct application of a solution or technique. Assignments range in complexity from basic analysis and problem solving to developing recommendations for complete business solutions or technical applications. Consultants achieve the productivity metrics associated with their position. • Working with minimal supervision of managers, leads and assists junior consultants in resolving routine problems, and is capable of resolving non-routine problems. • Selects an area of focus in which to specialize (e.g., solutions specialization, architectural design, project management, etc.). • Installs non-standard software updates. • Investigates, analyzes and resolves routine problems in selected functional areas. • Assess, gather, and evaluate client capabilities and needs. • Performs benchmark needs analysis and requirements definitions in selected functional areas. • Functions as the technical lead on small projects or portions of larger projects. • Assists with architecture design. • Performs systems design and installation. • Coordinates work with specialists, solutions engineers and clients, as required. • Is capable of designing quality control and test procedures. • Applies technical expertise to support the development of the technology architecture and the total system solution. • Builds client relationships by interfacing with the client organization on the solution design. • Supports clients by designing, customizing and delivering solutions training and technical presentations. • Reviews, for accuracy, the technical content of proposals prepared by junior consultants. • Performs competitive analyses (e.g., performs technical research in order to compare Unisys to competitor products and solutions). • Leads the technical portion of demonstrations, internally and externally. • Provides sales support – answers technical questions, completes portions of proposals (including hardware/software configurations), prepares packaged presentations, and conducts demonstrations. • Suggests components of the sales strategy for basic systems integration products and services in selected functional areas. • Proposes opportunities to develop follow-on business in client accounts and communicates ideas to the project manager. Builds strong working relationships inside and outside of Unisys. | H59: Consultants work on billable engagements to design, develop, and implement solutions by using standard methods, techniques and tools applicable to the area in which they are working. Senior consultants provide support, advice and guidance on the correct application of a solution or technique. Assignments range in complexity from basic analysis and problem solving to developing recommendations for complete business solutions or technical applications. Consultants achieve the productivity metrics associated with their position. • Working with minimal supervision of managers, leads and assists junior consultants in resolving routine problems, and is capable of resolving non-routine problems. • Selects an area of focus in which to specialize (e.g., solutions specialization, architectural design, project management, etc.). • Installs non-standard software updates. • Investigates, analyzes and resolves routine problems in selected functional areas. • Assess, gather, and evaluate client capabilities and needs. • Performs benchmark needs analysis and requirements definitions in selected functional areas. • Functions as the technical lead on small projects or portions of larger projects. • Assists with architecture design. • Performs systems design and installation. • Coordinates work with specialists, solutions engineers and clients, as required. • Is capable of designing quality control and test procedures. • Applies technical expertise to support the development of the technology architecture and the total system solution. • Builds client relationships by interfacing with the client organization on the solution design. • Supports clients by designing, customizing and delivering solutions training and technical presentations. • Reviews, for accuracy, the technical content of proposals prepared by junior consultants. • Performs competitive analyses (e.g., performs technical research in order to compare Unisys to competitor products and solutions). • Leads the technical portion of demonstrations, internally and externally. • Provides sales support – answers technical questions, completes portions of proposals (including hardware/software configurations), prepares packaged presentations, and conducts demonstrations. • Suggests components of the sales strategy for basic systems integration products and services in selected functional areas. • Proposes opportunities to develop follow-on business in client accounts and communicates ideas to the project manager. Builds strong working relationships inside and outside of Unisys. | I59: Consultants work on billable engagements to design, develop, and implement solutions by using standard methods, techniques and tools applicable to the area in which they are working. Senior consultants provide support, advice and guidance on the correct application of a solution or technique. Assignments range in complexity from basic analysis and problem solving to developing recommendations for complete business solutions or technical applications. Consultants achieve the productivity metrics associated with their position. • Working with minimal supervision of managers, leads and assists junior consultants in resolving routine problems, and is capable of resolving non-routine problems. • Selects an area of focus in which to specialize (e.g., solutions specialization, architectural design, project management, etc.). • Installs non-standard software updates. • Investigates, analyzes and resolves routine problems in selected functional areas. • Assess, gather, and evaluate client capabilities and needs. • Performs benchmark needs analysis and requirements definitions in selected functional areas. • Functions as the technical lead on small projects or portions of larger projects. • Assists with architecture design. • Performs systems design and installation. • Coordinates work with specialists, solutions engineers and clients, as required. • Is capable of designing quality control and test procedures. • Applies technical expertise to support the development of the technology architecture and the total system solution. • Builds client relationships by interfacing with the client organization on the solution design. • Supports clients by designing, customizing and delivering solutions training and technical presentations. • Reviews, for accuracy, the technical content of proposals prepared by junior consultants. • Performs competitive analyses (e.g., performs technical research in order to compare Unisys to competitor products and solutions). • Leads the technical portion of demonstrations, internally and externally. • Provides sales support – answers technical questions, completes portions of proposals (including hardware/software configurations), prepares packaged presentations, and conducts demonstrations. • Suggests components of the sales strategy for basic systems integration products and services in selected functional areas. • Proposes opportunities to develop follow-on business in client accounts and communicates ideas to the project manager. Builds strong working relationships inside and outside of Unisys. | J59: A minimum of five to six years successful professional experience plus a bachelor's degree or equivalent experience and technical certifications as appropriate. Prior work experience should include: • Independently performing benchmark needs assessment, requirements definition and the Design, development and installation of solutions for a variety of client engagements. • Completing portions of proposals, presentations and demonstrations. • Conducting technical presentations and solutions training. | K59: A minimum of five to six years successful professional experience plus a bachelor's degree or equivalent experience and technical certifications as appropriate. Prior work experience should include: • Independently performing benchmark needs assessment, requirements definition and the Design, development and installation of solutions for a variety of client engagements. • Completing portions of proposals, presentations and demonstrations. • Conducting technical presentations and solutions training. | L59: A minimum of five to six years successful professional experience plus a bachelor's degree or equivalent experience and technical certifications as appropriate. Prior work experience should include: • Independently performing benchmark needs assessment, requirements definition and the Design, development and installation of solutions for a variety of client engagements. • Completing portions of proposals, presentations and demonstrations. • Conducting technical presentations and solutions training. | M59: A minimum of five to six years successful professional experience plus a bachelor's degree or equivalent experience and technical certifications as appropriate. Prior work experience should include: • Independently performing benchmark needs assessment, requirements definition and the Design, development and installation of solutions for a variety of client engagements. • Completing portions of proposals, presentations and demonstrations. • Conducting technical presentations and solutions training. | N59: A minimum of five to six years successful professional experience plus a bachelor's degree or equivalent experience and technical certifications as appropriate. Prior work experience should include: • Independently performing benchmark needs assessment, requirements definition and the Design, development and installation of solutions for a variety of client engagements. • Completing portions of proposals, presentations and demonstrations. • Conducting technical presentations and solutions training.
E60: ii.
E61: iii.
E62: iv.
